Workbook

Sheet INFO
B3: Age category calulator
B4: Current date | C4: =TODAY() -> 46286
B5: Race date | C5: 46284
B6: Year/month match? | C6: =IF(AND(YEAR(C5)=YEAR(C4),MONTH(C5)=MONTH(C4)),"Correct","CHECK DATE") -> Correct
B7: Category | C7: Born before | D7: Age by end of year | E7: Max distance
B8: U6 | C8: =DATE(YEAR(C5)-4,12,31) -> 44926 | D8: 3, 4, 5 | E8: -
B9: U8 | C9: =DATE(YEAR(C5)-6,12,31) -> 44196 | D9: 6, 7 | E9: -
B10: U10 | C10: =DATE(YEAR(C5)-8,12,31) -> 43465 | D10: 8, 9 | E10: 1.5km
B11: U12 | C11: =DATE(YEAR(C5)-10,12,31) -> 42735 | D11: 10, 11 | E11: 3km
B12: U14 | C12: =DATE(YEAR(C5)-12,12,31) -> 42004 | D12: 12, 13 | E12: 5km
B13: U16 | C13: =DATE(YEAR(C5)-14,12,31) -> 41274 | D13: 14, 15 | E13: 6km
B14: U18 | C14: =DATE(YEAR(C5)-16,12,31) -> 40543 | D14: 16, 17 | E14: 8km
B15: U20 | C15: =DATE(YEAR(C5)-18,12,31) -> 39813 | D15: 18, 19 | E15: 10km
B16: U23 | C16: =DATE(YEAR(C5)-20,12,31) -> 39082 | D16: 20, 21, 22 | E16: n/a
B17: SEN | C17: =DATE(YEAR(C5)-23,12,31) -> 37986
B18: V40 | C18: =DATE(YEAR(C5)-40,MONTH(C5),DAY(C5)) -> 31674
B19: V50 | C19: =DATE(YEAR(C5)-50,MONTH(C5),DAY(C5)) -> 28022
B20: V60 | C20: =DATE(YEAR(C5)-60,MONTH(C5),DAY(C5)) -> 24369
B21: V70 | C21: =DATE(YEAR(C5)-70,MONTH(C5),DAY(C5)) -> 20717
B22: V80 | C22: =DATE(YEAR(C5)-80,MONTH(C5),DAY(C5)) -> 17064
B24: Minimum age
B25: If minimum is (age, e.g. 16 or cat, e.g. U15) | C25: U18
B26: then must be born before | C26: {=IF(LEFT(C25,1)="U",_xlfn.XLOOKUP(C25,LEFT(B8:B16,3),C8:C16),DATE(YEAR(C5)-C25,MONTH(C5),DAY(C5)))} -> 40543

Sheet Competitor
A1: Forename | B1: Surname | C1: Club | D1: DOB | E1: ="Gender (M/F)" -> Gender (M/F) | F1: Category (Auto) | G1: Name (Auto)
A2: Ben | B2: Abdelnoor | C2: Ambleside AC | D2: 29448 | E2: M | F2: =IF(E2="","",_xlfn.CONCAT(E2,_xlfn.XLOOKUP(D2,INFO!$C$8:$C$22,INFO!$B$8:$B$22,"ERROR",1,-1))) -> MV40 | G2: =_xlfn.CONCAT(A2," ",B2) -> Ben Abdelnoor | H2: =IF(A2="","",COUNTIF($G$2:G2,G2)) -> 1 | I2: Correct? (manual highlight, e.g. spelling)
A3: Elizabeth | B3: Adams | C3: Derwent AC | D3: 29868 | E3: F | F3: =IF(E3="","",_xlfn.CONCAT(E3,_xlfn.XLOOKUP(D3,INFO!$C$8:$C$22,INFO!$B$8:$B$22,"ERROR",1,-1))) -> FV40 | G3: =_xlfn.CONCAT(A3," ",B3) -> Elizabeth Adams | H3: =IF(A3="","",COUNTIF($G$2:G3,G3)) -> 1 | I3: Duplicate (highlights name in last column)
A4: Jos | B4: Addison | C4: Helm Hill Runners | D4: 33941 | E4: M | F4: =IF(E4="","",_xlfn.CONCAT(E4,_xlfn.XLOOKUP(D4,INFO!$C$8:$C$22,INFO!$B$8:$B$22,"ERROR",1,-1))) -> MSEN | G4: =_xlfn.CONCAT(A4," ",B4) -> Jos Addison | H4: =IF(A4="","",COUNTIF($G$2:G4,G4)) -> 1 | I4: Too young (highlights DOB in red)
A5: Jacob | B5: Adkin | C5: Moorfoot Runners | D5: 35203 | E5: M | F5: =IF(E5="","",_xlfn.CONCAT(E5,_xlfn.XLOOKUP(D5,INFO!$C$8:$C$22,INFO!$B$8:$B$22,"ERROR",1,-1))) -> MSEN | G5: =_xlfn.CONCAT(A5," ",B5) -> Jacob Adkin | H5: =IF(A5="","",COUNTIF($G$2:G5,G5)) -> 1 | I5: U17, check age (where min often is)
A6: Scout | B6: Adkin | C6: HOKA EU | D6: 34197 | E6: F | F6: =IF(E6="","",_xlfn.CONCAT(E6,_xlfn.XLOOKUP(D6,INFO!$C$8:$C$22,INFO!$B$8:$B$22,"ERROR",1,-1))) -> FSEN | G6: =_xlfn.CONCAT(A6," ",B6) -> Scout Adkin | H6: =IF(A6="","",COUNTIF($G$2:G6,G6)) -> 1
A7: Jack | B7: Agnew | C7: Mercia Fell Runners | D7: 34960 | E7: M | F7: =IF(E7="","",_xlfn.CONCAT(E7,_xlfn.XLOOKUP(D7,INFO!$C$8:$C$22,INFO!$B$8:$B$22,"ERROR",1,-1))) -> MSEN | G7: =_xlfn.CONCAT(A7," ",B7) -> Jack Agnew | H7: =IF(A7="","",COUNTIF($G$2:G7,G7)) -> 1
A8: Keith | B8: Ainslie | C8: Dumfries Harriers | D8: 23230 | E8: M | F8: =IF(E8="","",_xlfn.CONCAT(E8,_xlfn.XLOOKUP(D8,INFO!$C$8:$C$22,INFO!$B$8:$B$22,"ERROR",1,-1))) -> MV60 | G8: =_xlfn.CONCAT(A8," ",B8) -> Keith Ainslie | H8: =IF(A8="","",COUNTIF($G$2:G8,G8)) -> 1
A9: Maddie | B9: Ainsworth | C9: Unattached | D9: 35688 | E9: F | F9: =IF(E9="","",_xlfn.CONCAT(E9,_xlfn.XLOOKUP(D9,INFO!$C$8:$C$22,INFO!$B$8:$B$22,"ERROR",1,-1))) -> FSEN | G9: =_xlfn.CONCAT(A9," ",B9) -> Maddie Ainsworth | H9: =IF(A9="","",COUNTIF($G$2:G9,G9)) -> 1
A10: Neil | B10: Ainsworth | C10: Unattached | D10: 24294 | E10: M | F10: =IF(E10="","",_xlfn.CONCAT(E10,_xlfn.XLOOKUP(D10,INFO!$C$8:$C$22,INFO!$B$8:$B$22,"ERROR",1,-1))) -> MV60 | G10: =_xlfn.CONCAT(A10," ",B10) -> Neil Ainsworth | H10: =IF(A10="","",COUNTIF($G$2:G10,G10)) -> 1
A11: Paul | B11: Aitken | C11: Helm Hill Runners | D11: 29241 | E11: M | F11: =IF(E11="","",_xlfn.CONCAT(E11,_xlfn.XLOOKUP(D11,INFO!$C$8:$C$22,INFO!$B$8:$B$22,"ERROR",1,-1))) -> MV40 | G11: =_xlfn.CONCAT(A11," ",B11) -> Paul Aitken | H11: =IF(A11="","",COUNTIF($G$2:G11,G11)) -> 1
A12: Isa | B12: Alam | C12: Unattached | D12: 37372 | E12: M | F12: =IF(E12="","",_xlfn.CONCAT(E12,_xlfn.XLOOKUP(D12,INFO!$C$8:$C$22,INFO!$B$8:$B$22,"ERROR",1,-1))) -> MSEN | G12: =_xlfn.CONCAT(A12," ",B12) -> Isa Alam | H12: =IF(A12="","",COUNTIF($G$2:G12,G12)) -> 1
A13: Sam | B13: Alexander | C13: Westerlands CCC | D13: 33018 | E13: M | F13: =IF(E13="","",_xlfn.CONCAT(E13,_xlfn.XLOOKUP(D13,INFO!$C$8:$C$22,INFO!$B$8:$B$22,"ERROR",1,-1))) -> MSEN | G13: =_xlfn.CONCAT(A13," ",B13) -> Sam Alexander | H13: =IF(A13="","",COUNTIF($G$2:G13,G13)) -> 1
A14: Carl | B14: Algeo | C14: Northern Fells Running Club | D14: 33735 | E14: M | F14: =IF(E14="","",_xlfn.CONCAT(E14,_xlfn.XLOOKUP(D14,INFO!$C$8:$C$22,INFO!$B$8:$B$22,"ERROR",1,-1))) -> MSEN | G14: =_xlfn.CONCAT(A14," ",B14) -> Carl Algeo | H14: =IF(A14="","",COUNTIF($G$2:G14,G14)) -> 1
A15: Jason | B15: Allard | C15: Derwent AC | D15: 27228 | E15: M | F15: =IF(E15="","",_xlfn.CONCAT(E15,_xlfn.XLOOKUP(D15,INFO!$C$8:$C$22,INFO!$B$8:$B$22,"ERROR",1,-1))) -> MV50 | G15: =_xlfn.CONCAT(A15," ",B15) -> Jason Allard | H15: =IF(A15="","",COUNTIF($G$2:G15,G15)) -> 1
A16: Sophie | B16: Allen | C16: Ambleside AC | D16: 34586 | E16: F | F16: =IF(E16="","",_xlfn.CONCAT(E16,_xlfn.XLOOKUP(D16,INFO!$C$8:$C$22,INFO!$B$8:$B$22,"ERROR",1,-1))) -> FSEN | G16: =_xlfn.CONCAT(A16," ",B16) -> Sophie Allen | H16: =IF(A16="","",COUNTIF($G$2:G16,G16)) -> 1
A17: Clive | B17: Allen | C17: Helm Hill Runners | D17: 23150 | E17: M | F17: =IF(E17="","",_xlfn.CONCAT(E17,_xlfn.XLOOKUP(D17,INFO!$C$8:$C$22,INFO!$B$8:$B$22,"ERROR",1,-1))) -> MV60 | G17: =_xlfn.CONCAT(A17," ",B17) -> Clive Allen | H17: =IF(A17="","",COUNTIF($G$2:G17,G17)) -> 1
... A1807: Joe | B1807: bloggs | C1807: Keswick AC | D1807: 36526 | E1807: M | F1807: =IF(E1807="","",_xlfn.CONCAT(E1807,_xlfn.XLOOKUP(D1807,INFO!$C$8:$C$22,INFO!$B$8:$B$22,"ERROR",1,-1))) -> MSEN | G1807: =_xlfn.CONCAT(A1807," ",B1807) -> Joe bloggs | H1807: =IF(A1807="","",COUNTIF($G$2:G1807,G1807)) -> 1
A1808: Jo | B1808: Armistead | C1808: Settle Harriers | E1808: F | F1808: FV40 | G1808: =_xlfn.CONCAT(A1808," ",B1808) -> Jo Armistead | H1808: =IF(A1808="","",COUNTIF($G$2:G1808,G1808)) -> 1
A1809: Dominique | B1809: Ashford | C1809: Settle Harriers | D1809: 26375 | E1809: F | F1809: FV50 | G1809: =_xlfn.CONCAT(A1809," ",B1809) -> Dominique Ashford | H1809: =IF(A1809="","",COUNTIF($G$2:G1809,G1809)) -> 1
A1810: Bryony | B1810: Boutell | C1810: Garstang Running Club | D1810: 31321 | E1810: F | F1810: FV40 | G1810: =_xlfn.CONCAT(A1810," ",B1810) -> Bryony Boutell | H1810: =IF(A1810="","",COUNTIF($G$2:G1810,G1810)) -> 1
A1811: Caroline | B1811: Cattini-Dow | C1811: Keswick AC | E1811: F | F1811: FV50 | G1811: =_xlfn.CONCAT(A1811," ",B1811) -> Caroline Cattini-Dow | H1811: =IF(A1811="","",COUNTIF($G$2:G1811,G1811)) -> 1
A1812: Nick | B1812: Cheek | C1812: Settle Harriers | E1812: M | F1812: MV40 | G1812: =_xlfn.CONCAT(A1812," ",B1812) -> Nick Cheek | H1812: =IF(A1812="","",COUNTIF($G$2:G1812,G1812)) -> 1
A1813: Steven | B1813: Gibson | C1813: Red Rose Road Runners | E1813: M | F1813: MV40 | G1813: =_xlfn.CONCAT(A1813," ",B1813) -> Steven Gibson | H1813: =IF(A1813="","",COUNTIF($G$2:G1813,G1813)) -> 1
A1814: James | B1814: Hall | C1814: Wharfedale Harriers | D1814: 35148 | E1814: M | F1814: MSEN | G1814: =_xlfn.CONCAT(A1814," ",B1814) -> James Hall | H1814: =IF(A1814="","",COUNTIF($G$2:G1814,G1814)) -> 1
A1815: Nick | B1815: Harris | C1815: Rossendale Harriers | E1815: M | F1815: MV70 | G1815: =_xlfn.CONCAT(A1815," ",B1815) -> Nick Harris | H1815: =IF(A1815="","",COUNTIF($G$2:G1815,G1815)) -> 1
A1816: Glen | B1816: Johnson | C1816: Tadcaster Harriers | D1816: 24036 | E1816: M | F1816: MV60 | G1816: =_xlfn.CONCAT(A1816," ",B1816) -> Glen Johnson | H1816: =IF(A1816="","",COUNTIF($G$2:G1816,G1816)) -> 1
A1817: Joseph | B1817: Law | C1817: Unattached | D1817: 36417 | E1817: M | F1817: MSEN | G1817: =_xlfn.CONCAT(A1817," ",B1817) -> Joseph Law | H1817: =IF(A1817="","",COUNTIF($G$2:G1817,G1817)) -> 1
A1818: Daniel | B1818: Marshall | C1818: Unattached | D1818: 34892 | E1818: M | F1818: MSEN | G1818: =_xlfn.CONCAT(A1818," ",B1818) -> Daniel Marshall | H1818: =IF(A1818="","",COUNTIF($G$2:G1818,G1818)) -> 1
A1819: Cath | B1819: Musetti | C1819: Ambleside AC | D1819: 23382 | E1819: F | F1819: FV60 | G1819: =_xlfn.CONCAT(A1819," ",B1819) -> Cath Musetti | H1819: =IF(A1819="","",COUNTIF($G$2:G1819,G1819)) -> 1
A1820: Jane | B1820: Reedy | C1820: Ambleside AC | D1820: 27765 | E1820: F | F1820: FV50 | G1820: =_xlfn.CONCAT(A1820," ",B1820) -> Jane Reedy | H1820: =IF(A1820="","",COUNTIF($G$2:G1820,G1820)) -> 1
A1821: Andy | B1821: Shinn | C1821: Ilkley Harriers AC | D1821: 27761 | E1821: M | F1821: MV50 | G1821: =_xlfn.CONCAT(A1821," ",B1821) -> Andy Shinn | H1821: =IF(A1821="","",COUNTIF($G$2:G1821,G1821)) -> 1
A1822: Kirsty | B1822: Struthers | C1822: North York Moors AC | D1822: 31602 | E1822: F | F1822: FV40 | G1822: =_xlfn.CONCAT(A1822," ",B1822) -> Kirsty Struthers | H1822: =IF(A1822="","",COUNTIF($G$2:G1822,G1822)) -> 1
A1823: Helen | B1823: Ilsley | C1823: Homfirth Harriers | D1823: 28034 | E1823: F | F1823: FV40 | G1823: =_xlfn.CONCAT(A1823," ",B1823) -> Helen Ilsley | H1823: =IF(A1823="","",COUNTIF($G$2:G1823,G1823)) -> 1
A1824: Sarah | B1824: Jones-Morris | C1824: Helm Hill Runners | D1824: 26852 | E1824: F | F1824: FV50 | G1824: =_xlfn.CONCAT(A1824," ",B1824) -> Sarah Jones-Morris | H1824: =IF(A1824="","",COUNTIF($G$2:G1824,G1824)) -> 1
A1825: Anastasiia | B1825: Koidan | C1825: Unattched | D1825: 37419 | E1825: F | F1825: FSEN | G1825: =_xlfn.CONCAT(A1825," ",B1825) -> Anastasiia Koidan | H1825: =IF(A1825="","",COUNTIF($G$2:G1825,G1825)) -> 1
A1826: Catherine | B1826: Bonn | C1826: Northumberland fell Runners | D1826: 34451 | E1826: F | F1826: FSEN | G1826: =_xlfn.CONCAT(A1826," ",B1826) -> Catherine Bonn | H1826: =IF(A1826="","",COUNTIF($G$2:G1826,G1826)) -> 1
A1827: Owen | B1827: Williams | C1827: Northumberland fell Runners | D1827: 33892 | E1827: M | F1827: MSEN | G1827: =_xlfn.CONCAT(A1827," ",B1827) -> Owen Williams | H1827: =IF(A1827="","",COUNTIF($G$2:G1827,G1827)) -> 1
A1828: Jessica | B1828: Ivin | C1828: Lochaber AC | D1828: 36692 | E1828: F | F1828: FSEN | G1828: =_xlfn.CONCAT(A1828," ",B1828) -> Jessica Ivin | H1828: =IF(A1828="","",COUNTIF($G$2:G1828,G1828)) -> 1
F1829: =IF(E1829="","",_xlfn.CONCAT(E1829,_xlfn.XLOOKUP(D1829,INFO!$C$8:$C$22,INFO!$B$8:$B$22,"ERROR",1,-1))) | G1829: =_xlfn.CONCAT(A1829," ",B1829) | H1829: =IF(A1829="","",COUNTIF($G$2:G1829,G1829))
F1830: =IF(E1830="","",_xlfn.CONCAT(E1830,_xlfn.XLOOKUP(D1830,INFO!$C$8:$C$22,INFO!$B$8:$B$22,"ERROR",1,-1))) | G1830: =_xlfn.CONCAT(A1830," ",B1830) | H1830: =IF(A1830="","",COUNTIF($G$2:G1830,G1830))
F1831: =IF(E1831="","",_xlfn.CONCAT(E1831,_xlfn.XLOOKUP(D1831,INFO!$C$8:$C$22,INFO!$B$8:$B$22,"ERROR",1,-1))) | G1831: =_xlfn.CONCAT(A1831," ",B1831) | H1831: =IF(A1831="","",COUNTIF($G$2:G1831,G1831))
F1832: =IF(E1832="","",_xlfn.CONCAT(E1832,_xlfn.XLOOKUP(D1832,INFO!$C$8:$C$22,INFO!$B$8:$B$22,"ERROR",1,-1))) | G1832: =_xlfn.CONCAT(A1832," ",B1832) | H1832: =IF(A1832="","",COUNTIF($G$2:G1832,G1832))
F1833: =IF(E1833="","",_xlfn.CONCAT(E1833,_xlfn.XLOOKUP(D1833,INFO!$C$8:$C$22,INFO!$B$8:$B$22,"ERROR",1,-1))) | G1833: =_xlfn.CONCAT(A1833," ",B1833) | H1833: =IF(A1833="","",COUNTIF($G$2:G1833,G1833))
F1834: =IF(E1834="","",_xlfn.CONCAT(E1834,_xlfn.XLOOKUP(D1834,INFO!$C$8:$C$22,INFO!$B$8:$B$22,"ERROR",1,-1))) | G1834: =_xlfn.CONCAT(A1834," ",B1834) | H1834: =IF(A1834="","",COUNTIF($G$2:G1834,G1834))
F1835: =IF(E1835="","",_xlfn.CONCAT(E1835,_xlfn.XLOOKUP(D1835,INFO!$C$8:$C$22,INFO!$B$8:$B$22,"ERROR",1,-1))) | G1835: =_xlfn.CONCAT(A1835," ",B1835) | H1835: =IF(A1835="","",COUNTIF($G$2:G1835,G1835))
F1836: =IF(E1836="","",_xlfn.CONCAT(E1836,_xlfn.XLOOKUP(D1836,INFO!$C$8:$C$22,INFO!$B$8:$B$22,"ERROR",1,-1))) | G1836: =_xlfn.CONCAT(A1836," ",B1836) | H1836: =IF(A1836="","",COUNTIF($G$2:G1836,G1836))
F1837: =IF(E1837="","",_xlfn.CONCAT(E1837,_xlfn.XLOOKUP(D1837,INFO!$C$8:$C$22,INFO!$B$8:$B$22,"ERROR",1,-1))) | G1837: =_xlfn.CONCAT(A1837," ",B1837) | H1837: =IF(A1837="","",COUNTIF($G$2:G1837,G1837))
F1838: =IF(E1838="","",_xlfn.CONCAT(E1838,_xlfn.XLOOKUP(D1838,INFO!$C$8:$C$22,INFO!$B$8:$B$22,"ERROR",1,-1))) | G1838: =_xlfn.CONCAT(A1838," ",B1838) | H1838: =IF(A1838="","",COUNTIF($G$2:G1838,G1838))
F1839: =IF(E1839="","",_xlfn.CONCAT(E1839,_xlfn.XLOOKUP(D1839,INFO!$C$8:$C$22,INFO!$B$8:$B$22,"ERROR",1,-1))) | G1839: =_xlfn.CONCAT(A1839," ",B1839) | H1839: =IF(A1839="","",COUNTIF($G$2:G1839,G1839))
F1840: =IF(E1840="","",_xlfn.CONCAT(E1840,_xlfn.XLOOKUP(D1840,INFO!$C$8:$C$22,INFO!$B$8:$B$22,"ERROR",1,-1))) | G1840: =_xlfn.CONCAT(A1840," ",B1840) | H1840: =IF(A1840="","",COUNTIF($G$2:G1840,G1840))
... F1959: =IF(E1959="","",_xlfn.CONCAT(E1959,_xlfn.XLOOKUP(D1959,INFO!$C$8:$C$22,INFO!$B$8:$B$22,"ERROR",1,-1))) | G1959: =_xlfn.CONCAT(A1959," ",B1959) | H1959: =IF(A1959="","",COUNTIF($G$2:G1959,G1959))

Sheet STARTLIST
A1: Race No. | B1: Name (use full name) | C1: Club | D1: Category | F1: Finished
A2: 1 | B2: Helen Ilsley | C2: Holmfirth Harriers | D2: =IF(B2="","",_xlfn.XLOOKUP(B2,Competitor!G$2:G$9888,Competitor!F$2:F$9888,"NEW COMPETITOR",0,-1)) -> FV40 | F2: =_xlfn.XLOOKUP(A2,INPUT!$G$3:$G$202,INPUT!$H$3:$H$202,"Error") -> yes
A3: 2 | B3: Jack Ilsley | C3: Holmfirth Harriers | D3: MU23 | F3: =_xlfn.XLOOKUP(A3,INPUT!$G$3:$G$202,INPUT!$H$3:$H$202,"Error") -> yes
A4: 3 | B4: Bryony Boutell | C4: Garstang Running Club | D4: FV40 | F4: =_xlfn.XLOOKUP(A4,INPUT!$G$3:$G$202,INPUT!$H$3:$H$202,"Error") -> yes
A5: 4 | B5: Andrew Bromley | C5: =IF(B5="","",_xlfn.XLOOKUP(B5,Competitor!G$2:G$9888,Competitor!C$2:C$9888,"NEW COMPETITOR",0)) -> Netherhall AC | D5: =IF(B5="","",_xlfn.XLOOKUP(B5,Competitor!G$2:G$9888,Competitor!F$2:F$9888,"NEW COMPETITOR",0,-1)) -> MV40 | F5: =_xlfn.XLOOKUP(A5,INPUT!$G$3:$G$202,INPUT!$H$3:$H$202,"Error") -> yes
A6: 5 | B6: Tim Campbell | C6: Eden runners | D6: MV50 | F6: =_xlfn.XLOOKUP(A6,INPUT!$G$3:$G$202,INPUT!$H$3:$H$202,"Error") -> yes
D7: =IF(B7="","",_xlfn.XLOOKUP(B7,Competitor!G$2:G$9888,Competitor!F$2:F$9888,"NEW COMPETITOR",0,-1)) | F7: =_xlfn.XLOOKUP(A7,INPUT!$G$3:$G$202,INPUT!$H$3:$H$202,"Error")
A8: 7 | B8: Carol Cervenak | C8: =IF(B8="","",_xlfn.XLOOKUP(B8,Competitor!G$2:G$9888,Competitor!C$2:C$9888,"NEW COMPETITOR",0)) -> Unattached | D8: =IF(B8="","",_xlfn.XLOOKUP(B8,Competitor!G$2:G$9888,Competitor!F$2:F$9888,"NEW COMPETITOR",0,-1)) -> FV60 | F8: =_xlfn.XLOOKUP(A8,INPUT!$G$3:$G$202,INPUT!$H$3:$H$202,"Error") -> yes
A9: 8 | B9: Sarah Jones-Morris | C9: Helm Hill | D9: FV50 | F9: =_xlfn.XLOOKUP(A9,INPUT!$G$3:$G$202,INPUT!$H$3:$H$202,"Error") -> yes
C10: =IF(B10="","",_xlfn.XLOOKUP(B10,Competitor!G$2:G$9888,Competitor!C$2:C$9888,"NEW COMPETITOR",0)) | D10: =IF(B10="","",_xlfn.XLOOKUP(B10,Competitor!G$2:G$9888,Competitor!F$2:F$9888,"NEW COMPETITOR",0,-1)) | F10: =_xlfn.XLOOKUP(A10,INPUT!$G$3:$G$202,INPUT!$H$3:$H$202,"Error")
A11: 10 | B11: Joseph Fell | C11: =IF(B11="","",_xlfn.XLOOKUP(B11,Competitor!G$2:G$9888,Competitor!C$2:C$9888,"NEW COMPETITOR",0)) -> Eden Runners | D11: =IF(B11="","",_xlfn.XLOOKUP(B11,Competitor!G$2:G$9888,Competitor!F$2:F$9888,"NEW COMPETITOR",0,-1)) -> MSEN | F11: =_xlfn.XLOOKUP(A11,INPUT!$G$3:$G$202,INPUT!$H$3:$H$202,"Error") -> yes
D12: =IF(B12="","",_xlfn.XLOOKUP(B12,Competitor!G$2:G$9888,Competitor!F$2:F$9888,"NEW COMPETITOR",0,-1)) | F12: =_xlfn.XLOOKUP(A12,INPUT!$G$3:$G$202,INPUT!$H$3:$H$202,"Error")
A13: 12 | B13: Ed Gamble | C13: =IF(B13="","",_xlfn.XLOOKUP(B13,Competitor!G$2:G$9888,Competitor!C$2:C$9888,"NEW COMPETITOR",0)) -> Keswick AC | D13: =IF(B13="","",_xlfn.XLOOKUP(B13,Competitor!G$2:G$9888,Competitor!F$2:F$9888,"NEW COMPETITOR",0,-1)) -> MV60 | F13: =_xlfn.XLOOKUP(A13,INPUT!$G$3:$G$202,INPUT!$H$3:$H$202,"Error") -> yes
F14: =_xlfn.XLOOKUP(A14,INPUT!$G$3:$G$202,INPUT!$H$3:$H$202,"Error")
A15: 14 | B15: James Hall | C15: =IF(B15="","",_xlfn.XLOOKUP(B15,Competitor!G$2:G$9888,Competitor!C$2:C$9888,"NEW COMPETITOR",0)) -> Wharfedale Harriers | D15: =IF(B15="","",_xlfn.XLOOKUP(B15,Competitor!G$2:G$9888,Competitor!F$2:F$9888,"NEW COMPETITOR",0,-1)) -> MSEN | F15: =_xlfn.XLOOKUP(A15,INPUT!$G$3:$G$202,INPUT!$H$3:$H$202,"Error") -> yes
C16: =IF(B16="","",_xlfn.XLOOKUP(B16,Competitor!G$2:G$9888,Competitor!C$2:C$9888,"NEW COMPETITOR",0)) | D16: =IF(B16="","",_xlfn.XLOOKUP(B16,Competitor!G$2:G$9888,Competitor!F$2:F$9888,"NEW COMPETITOR",0,-1)) | F16: =_xlfn.XLOOKUP(A16,INPUT!$G$3:$G$202,INPUT!$H$3:$H$202,"Error")
A17: 16 | B17: Tim Hooper | C17: =IF(B17="","",_xlfn.XLOOKUP(B17,Competitor!G$2:G$9888,Competitor!C$2:C$9888,"NEW COMPETITOR",0)) -> Unattached | D17: =IF(B17="","",_xlfn.XLOOKUP(B17,Competitor!G$2:G$9888,Competitor!F$2:F$9888,"NEW COMPETITOR",0,-1)) -> MV60 | F17: =_xlfn.XLOOKUP(A17,INPUT!$G$3:$G$202,INPUT!$H$3:$H$202,"Error") -> yes
A18: 17 | B18: Glen Johnson | C18: =IF(B18="","",_xlfn.XLOOKUP(B18,Competitor!G$2:G$9888,Competitor!C$2:C$9888,"NEW COMPETITOR",0)) -> Tadcaster Harriers | D18: =IF(B18="","",_xlfn.XLOOKUP(B18,Competitor!G$2:G$9888,Competitor!F$2:F$9888,"NEW COMPETITOR",0,-1)) -> MV60 | F18: =_xlfn.XLOOKUP(A18,INPUT!$G$3:$G$202,INPUT!$H$3:$H$202,"Error") -> yes
A19: 18 | B19: Joseph Law | C19: Tyne Bridge Harriers | D19: =IF(B19="","",_xlfn.XLOOKUP(B19,Competitor!G$2:G$9888,Competitor!F$2:F$9888,"NEW COMPETITOR",0,-1)) -> MSEN | F19: =_xlfn.XLOOKUP(A19,INPUT!$G$3:$G$202,INPUT!$H$3:$H$202,"Error") -> yes
A20: 19 | B20: Jill Libby | C20: =IF(B20="","",_xlfn.XLOOKUP(B20,Competitor!G$2:G$9888,Competitor!C$2:C$9888,"NEW COMPETITOR",0)) -> Eden Runners | D20: =IF(B20="","",_xlfn.XLOOKUP(B20,Competitor!G$2:G$9888,Competitor!F$2:F$9888,"NEW COMPETITOR",0,-1)) -> FV60 | F20: =_xlfn.XLOOKUP(A20,INPUT!$G$3:$G$202,INPUT!$H$3:$H$202,"Error") -> yes
A21: 20 | B21: Stephen Libby | C21: =IF(B21="","",_xlfn.XLOOKUP(B21,Competitor!G$2:G$9888,Competitor!C$2:C$9888,"NEW COMPETITOR",0)) -> Eden Runners | D21: =IF(B21="","",_xlfn.XLOOKUP(B21,Competitor!G$2:G$9888,Competitor!F$2:F$9888,"NEW COMPETITOR",0,-1)) -> MV60 | F21: =_xlfn.XLOOKUP(A21,INPUT!$G$3:$G$202,INPUT!$H$3:$H$202,"Error") -> yes
A22: 21 | B22: Ralph Liddell | C22: =IF(B22="","",_xlfn.XLOOKUP(B22,Competitor!G$2:G$9888,Competitor!C$2:C$9888,"NEW COMPETITOR",0)) -> Eden Runners | D22: =IF(B22="","",_xlfn.XLOOKUP(B22,Competitor!G$2:G$9888,Competitor!F$2:F$9888,"NEW COMPETITOR",0,-1)) -> MV70 | F22: =_xlfn.XLOOKUP(A22,INPUT!$G$3:$G$202,INPUT!$H$3:$H$202,"Error") -> yes
A23: 22 | B23: Daniel Marshall | C23: Unattached | D23: MSEN | F23: =_xlfn.XLOOKUP(A23,INPUT!$G$3:$G$202,INPUT!$H$3:$H$202,"Error") -> yes
A24: 23 | B24: David McCabe | C24: =IF(B24="","",_xlfn.XLOOKUP(B24,Competitor!G$2:G$9888,Competitor!C$2:C$9888,"NEW COMPETITOR",0)) -> Trawden Athletic | D24: =IF(B24="","",_xlfn.XLOOKUP(B24,Competitor!G$2:G$9888,Competitor!F$2:F$9888,"NEW COMPETITOR",0,-1)) -> MV50 | F24: =_xlfn.XLOOKUP(A24,INPUT!$G$3:$G$202,INPUT!$H$3:$H$202,"Error") -> yes
A25: 24 | B25: Cath Musetti | C25: =IF(B25="","",_xlfn.XLOOKUP(B25,Competitor!G$2:G$9888,Competitor!C$2:C$9888,"NEW COMPETITOR",0)) -> Ambleside AC | D25: =IF(B25="","",_xlfn.XLOOKUP(B25,Competitor!G$2:G$9888,Competitor!F$2:F$9888,"NEW COMPETITOR",0,-1)) -> FV60 | F25: =_xlfn.XLOOKUP(A25,INPUT!$G$3:$G$202,INPUT!$H$3:$H$202,"Error") -> yes
A26: 25 | B26: Jane Reedy | C26: Ambleside AC | D26: FV50 | F26: =_xlfn.XLOOKUP(A26,INPUT!$G$3:$G$202,INPUT!$H$3:$H$202,"Error") -> yes
A27: 26 | B27: Andy Shinn | C27: =IF(B27="","",_xlfn.XLOOKUP(B27,Competitor!G$2:G$9888,Competitor!C$2:C$9888,"NEW COMPETITOR",0)) -> Ilkley Harriers AC | D27: =IF(B27="","",_xlfn.XLOOKUP(B27,Competitor!G$2:G$9888,Competitor!F$2:F$9888,"NEW COMPETITOR",0,-1)) -> MV50 | F27: =_xlfn.XLOOKUP(A27,INPUT!$G$3:$G$202,INPUT!$H$3:$H$202,"Error") -> yes
A28: 27 | B28: Kirsty Struthers | C28: North York Moors AC | D28: =IF(B28="","",_xlfn.XLOOKUP(B28,Competitor!G$2:G$9888,Competitor!F$2:F$9888,"NEW COMPETITOR",0,-1)) -> FV40 | F28: =_xlfn.XLOOKUP(A28,INPUT!$G$3:$G$202,INPUT!$H$3:$H$202,"Error") -> yes
A29: 28 | B29: Jonathan Tombs | C29: =IF(B29="","",_xlfn.XLOOKUP(B29,Competitor!G$2:G$9888,Competitor!C$2:C$9888,"NEW COMPETITOR",0)) -> Eden Runners | D29: =IF(B29="","",_xlfn.XLOOKUP(B29,Competitor!G$2:G$9888,Competitor!F$2:F$9888,"NEW COMPETITOR",0,-1)) -> MV50 | F29: =_xlfn.XLOOKUP(A29,INPUT!$G$3:$G$202,INPUT!$H$3:$H$202,"Error") -> yes
A30: 29 | B30: Colin Valentine | C30: =IF(B30="","",_xlfn.XLOOKUP(B30,Competitor!G$2:G$9888,Competitor!C$2:C$9888,"NEW COMPETITOR",0)) -> Keswick AC | D30: =IF(B30="","",_xlfn.XLOOKUP(B30,Competitor!G$2:G$9888,Competitor!F$2:F$9888,"NEW COMPETITOR",0,-1)) -> MV60 | F30: =_xlfn.XLOOKUP(A30,INPUT!$G$3:$G$202,INPUT!$H$3:$H$202,"Error") -> yes
A31: 30 | B31: Kester Webb | C31: =IF(B31="","",_xlfn.XLOOKUP(B31,Competitor!G$2:G$9888,Competitor!C$2:C$9888,"NEW COMPETITOR",0)) -> Keswick AC | D31: =IF(B31="","",_xlfn.XLOOKUP(B31,Competitor!G$2:G$9888,Competitor!F$2:F$9888,"NEW COMPETITOR",0,-1)) -> MSEN | F31: =_xlfn.XLOOKUP(A31,INPUT!$G$3:$G$202,INPUT!$H$3:$H$202,"Error") -> yes
A32: 31 | B32: Emma Wilkins | C32: =IF(B32="","",_xlfn.XLOOKUP(B32,Competitor!G$2:G$9888,Competitor!C$2:C$9888,"NEW COMPETITOR",0)) -> Cumberland Fell Runners | D32: =IF(B32="","",_xlfn.XLOOKUP(B32,Competitor!G$2:G$9888,Competitor!F$2:F$9888,"NEW COMPETITOR",0,-1)) -> FSEN | F32: =_xlfn.XLOOKUP(A32,INPUT!$G$3:$G$202,INPUT!$H$3:$H$202,"Error") -> yes
C33: =IF(B33="","",_xlfn.XLOOKUP(B33,Competitor!G$2:G$9888,Competitor!C$2:C$9888,"NEW COMPETITOR",0)) | D33: =IF(B33="","",_xlfn.XLOOKUP(B33,Competitor!G$2:G$9888,Competitor!F$2:F$9888,"NEW COMPETITOR",0,-1)) | F33: =_xlfn.XLOOKUP(A33,INPUT!$G$3:$G$202,INPUT!$H$3:$H$202,"Error")
A34: 33 | B34: Dominique Ashford | C34: Settle Harriers | D34: FV50 | F34: =_xlfn.XLOOKUP(A34,INPUT!$G$3:$G$202,INPUT!$H$3:$H$202,"Error") -> yes
A35: 34 | B35: Anastasiia Koidan | C35: =IF(B35="","",_xlfn.XLOOKUP(B35,Competitor!G$2:G$9888,Competitor!C$2:C$9888,"NEW COMPETITOR",0)) -> Unattched | D35: =IF(B35="","",_xlfn.XLOOKUP(B35,Competitor!G$2:G$9888,Competitor!F$2:F$9888,"NEW COMPETITOR",0,-1)) -> FSEN | F35: =_xlfn.XLOOKUP(A35,INPUT!$G$3:$G$202,INPUT!$H$3:$H$202,"Error") -> yes
A36: 35 | B36: Tom Finch | C36: =IF(B36="","",_xlfn.XLOOKUP(B36,Competitor!G$2:G$9888,Competitor!C$2:C$9888,"NEW COMPETITOR",0)) -> Westerlands CCC | D36: =IF(B36="","",_xlfn.XLOOKUP(B36,Competitor!G$2:G$9888,Competitor!F$2:F$9888,"NEW COMPETITOR",0,-1)) -> MSEN | F36: =_xlfn.XLOOKUP(A36,INPUT!$G$3:$G$202,INPUT!$H$3:$H$202,"Error") -> yes
A37: 36 | B37: Neil Weightman | C37: =IF(B37="","",_xlfn.XLOOKUP(B37,Competitor!G$2:G$9888,Competitor!C$2:C$9888,"NEW COMPETITOR",0)) -> Eden Runners | D37: =IF(B37="","",_xlfn.XLOOKUP(B37,Competitor!G$2:G$9888,Competitor!F$2:F$9888,"NEW COMPETITOR",0,-1)) -> MV60 | F37: =_xlfn.XLOOKUP(A37,INPUT!$G$3:$G$202,INPUT!$H$3:$H$202,"Error") -> yes
A38: 37 | B38: John Duff | C38: =IF(B38="","",_xlfn.XLOOKUP(B38,Competitor!G$2:G$9888,Competitor!C$2:C$9888,"NEW COMPETITOR",0)) -> Keswick AC | D38: =IF(B38="","",_xlfn.XLOOKUP(B38,Competitor!G$2:G$9888,Competitor!F$2:F$9888,"NEW COMPETITOR",0,-1)) -> MV50 | F38: =_xlfn.XLOOKUP(A38,INPUT!$G$3:$G$202,INPUT!$H$3:$H$202,"Error") -> yes
A39: 38 | B39: Catherine Bonn | C39: =IF(B39="","",_xlfn.XLOOKUP(B39,Competitor!G$2:G$9888,Competitor!C$2:C$9888,"NEW COMPETITOR",0)) -> Northumberland fell Runners | D39: =IF(B39="","",_xlfn.XLOOKUP(B39,Competitor!G$2:G$9888,Competitor!F$2:F$9888,"NEW COMPETITOR",0,-1)) -> FSEN | F39: =_xlfn.XLOOKUP(A39,INPUT!$G$3:$G$202,INPUT!$H$3:$H$202,"Error") -> yes
A40: 39 | B40: Owen Williams | C40: Northumberland Fell Runners | D40: MSEN | F40: =_xlfn.XLOOKUP(A40,INPUT!$G$3:$G$202,INPUT!$H$3:$H$202,"Error") -> yes
A41: 40 | B41: Mike Rudd | C41: =IF(B41="","",_xlfn.XLOOKUP(B41,Competitor!G$2:G$9888,Competitor!C$2:C$9888,"NEW COMPETITOR",0)) -> Northern Fells Running Club | D41: =IF(B41="","",_xlfn.XLOOKUP(B41,Competitor!G$2:G$9888,Competitor!F$2:F$9888,"NEW COMPETITOR",0,-1)) -> MV50 | F41: =_xlfn.XLOOKUP(A41,INPUT!$G$3:$G$202,INPUT!$H$3:$H$202,"Error") -> yes
A42: 41 | B42: Steve Hebblethwaite | C42: =IF(B42="","",_xlfn.XLOOKUP(B42,Competitor!G$2:G$9888,Competitor!C$2:C$9888,"NEW COMPETITOR",0)) -> Keswick AC | D42: =IF(B42="","",_xlfn.XLOOKUP(B42,Competitor!G$2:G$9888,Competitor!F$2:F$9888,"NEW COMPETITOR",0,-1)) -> MV40 | F42: =_xlfn.XLOOKUP(A42,INPUT!$G$3:$G$202,INPUT!$H$3:$H$202,"Error") -> yes
A43: 42 | B43: Ethan Furness | C43: =IF(B43="","",_xlfn.XLOOKUP(B43,Competitor!G$2:G$9888,Competitor!C$2:C$9888,"NEW COMPETITOR",0)) -> Black Combe Runners | D43: =IF(B43="","",_xlfn.XLOOKUP(B43,Competitor!G$2:G$9888,Competitor!F$2:F$9888,"NEW COMPETITOR",0,-1)) -> MSEN | F43: =_xlfn.XLOOKUP(A43,INPUT!$G$3:$G$202,INPUT!$H$3:$H$202,"Error") -> yes
A44: 43 | B44: Jonny Howe | C44: =IF(B44="","",_xlfn.XLOOKUP(B44,Competitor!G$2:G$9888,Competitor!C$2:C$9888,"NEW COMPETITOR",0)) -> Eden Runners | D44: =IF(B44="","",_xlfn.XLOOKUP(B44,Competitor!G$2:G$9888,Competitor!F$2:F$9888,"NEW COMPETITOR",0,-1)) -> MSEN | F44: =_xlfn.XLOOKUP(A44,INPUT!$G$3:$G$202,INPUT!$H$3:$H$202,"Error") -> yes
A45: 44 | B45: Jessica Ivin | C45: =IF(B45="","",_xlfn.XLOOKUP(B45,Competitor!G$2:G$9888,Competitor!C$2:C$9888,"NEW COMPETITOR",0)) -> Lochaber AC | D45: =IF(B45="","",_xlfn.XLOOKUP(B45,Competitor!G$2:G$9888,Competitor!F$2:F$9888,"NEW COMPETITOR",0,-1)) -> FSEN | F45: =_xlfn.XLOOKUP(A45,INPUT!$G$3:$G$202,INPUT!$H$3:$H$202,"Error") -> yes
A46: 45 | B46: James Turnbull | C46: =IF(B46="","",_xlfn.XLOOKUP(B46,Competitor!G$2:G$9888,Competitor!C$2:C$9888,"NEW COMPETITOR",0)) -> Keswick AC | D46: =IF(B46="","",_xlfn.XLOOKUP(B46,Competitor!G$2:G$9888,Competitor!F$2:F$9888,"NEW COMPETITOR",0,-1)) -> MSEN | F46: =_xlfn.XLOOKUP(A46,INPUT!$G$3:$G$202,INPUT!$H$3:$H$202,"Error") -> yes
A47: 46 | C47: =IF(B47="","",_xlfn.XLOOKUP(B47,Competitor!G$2:G$9888,Competitor!C$2:C$9888,"NEW COMPETITOR",0)) | D47: =IF(B47="","",_xlfn.XLOOKUP(B47,Competitor!G$2:G$9888,Competitor!F$2:F$9888,"NEW COMPETITOR",0,-1)) | F47: =_xlfn.XLOOKUP(A47,INPUT!$G$3:$G$202,INPUT!$H$3:$H$202,"Error") -> no
A48: 47 | C48: =IF(B48="","",_xlfn.XLOOKUP(B48,Competitor!G$2:G$9888,Competitor!C$2:C$9888,"NEW COMPETITOR",0)) | D48: =IF(B48="","",_xlfn.XLOOKUP(B48,Competitor!G$2:G$9888,Competitor!F$2:F$9888,"NEW COMPETITOR",0,-1)) | F48: =_xlfn.XLOOKUP(A48,INPUT!$G$3:$G$202,INPUT!$H$3:$H$202,"Error") -> no
A49: 48 | C49: =IF(B49="","",_xlfn.XLOOKUP(B49,Competitor!G$2:G$9888,Competitor!C$2:C$9888,"NEW COMPETITOR",0)) | D49: =IF(B49="","",_xlfn.XLOOKUP(B49,Competitor!G$2:G$9888,Competitor!F$2:F$9888,"NEW COMPETITOR",0,-1)) | F49: =_xlfn.XLOOKUP(A49,INPUT!$G$3:$G$202,INPUT!$H$3:$H$202,"Error") -> no
A50: 49 | C50: =IF(B50="","",_xlfn.XLOOKUP(B50,Competitor!G$2:G$9888,Competitor!C$2:C$9888,"NEW COMPETITOR",0)) | D50: =IF(B50="","",_xlfn.XLOOKUP(B50,Competitor!G$2:G$9888,Competitor!F$2:F$9888,"NEW COMPETITOR",0,-1)) | F50: =_xlfn.XLOOKUP(A50,INPUT!$G$3:$G$202,INPUT!$H$3:$H$202,"Error") -> no
A51: 50 | C51: =IF(B51="","",_xlfn.XLOOKUP(B51,Competitor!G$2:G$9888,Competitor!C$2:C$9888,"NEW COMPETITOR",0)) | D51: =IF(B51="","",_xlfn.XLOOKUP(B51,Competitor!G$2:G$9888,Competitor!F$2:F$9888,"NEW COMPETITOR",0,-1)) | F51: =_xlfn.XLOOKUP(A51,INPUT!$G$3:$G$202,INPUT!$H$3:$H$202,"Error") -> no
A52: 51 | C52: =IF(B52="","",_xlfn.XLOOKUP(B52,Competitor!G$2:G$9888,Competitor!C$2:C$9888,"NEW COMPETITOR",0)) | D52: =IF(B52="","",_xlfn.XLOOKUP(B52,Competitor!G$2:G$9888,Competitor!F$2:F$9888,"NEW COMPETITOR",0,-1)) | F52: =_xlfn.XLOOKUP(A52,INPUT!$G$3:$G$202,INPUT!$H$3:$H$202,"Error") -> no
A53: 52 | C53: =IF(B53="","",_xlfn.XLOOKUP(B53,Competitor!G$2:G$9888,Competitor!C$2:C$9888,"NEW COMPETITOR",0)) | D53: =IF(B53="","",_xlfn.XLOOKUP(B53,Competitor!G$2:G$9888,Competitor!F$2:F$9888,"NEW COMPETITOR",0,-1)) | F53: =_xlfn.XLOOKUP(A53,INPUT!$G$3:$G$202,INPUT!$H$3:$H$202,"Error") -> no
A54: 53 | C54: =IF(B54="","",_xlfn.XLOOKUP(B54,Competitor!G$2:G$9888,Competitor!C$2:C$9888,"NEW COMPETITOR",0)) | D54: =IF(B54="","",_xlfn.XLOOKUP(B54,Competitor!G$2:G$9888,Competitor!F$2:F$9888,"NEW COMPETITOR",0,-1)) | F54: =_xlfn.XLOOKUP(A54,INPUT!$G$3:$G$202,INPUT!$H$3:$H$202,"Error") -> no
A55: 54 | C55: =IF(B55="","",_xlfn.XLOOKUP(B55,Competitor!G$2:G$9888,Competitor!C$2:C$9888,"NEW COMPETITOR",0)) | D55: =IF(B55="","",_xlfn.XLOOKUP(B55,Competitor!G$2:G$9888,Competitor!F$2:F$9888,"NEW COMPETITOR",0,-1)) | F55: =_xlfn.XLOOKUP(A55,INPUT!$G$3:$G$202,INPUT!$H$3:$H$202,"Error") -> no
A56: 55 | C56: =IF(B56="","",_xlfn.XLOOKUP(B56,Competitor!G$2:G$9888,Competitor!C$2:C$9888,"NEW COMPETITOR",0)) | D56: =IF(B56="","",_xlfn.XLOOKUP(B56,Competitor!G$2:G$9888,Competitor!F$2:F$9888,"NEW COMPETITOR",0,-1)) | F56: =_xlfn.XLOOKUP(A56,INPUT!$G$3:$G$202,INPUT!$H$3:$H$202,"Error") -> no
A57: 56 | C57: =IF(B57="","",_xlfn.XLOOKUP(B57,Competitor!G$2:G$9888,Competitor!C$2:C$9888,"NEW COMPETITOR",0)) | D57: =IF(B57="","",_xlfn.XLOOKUP(B57,Competitor!G$2:G$9888,Competitor!F$2:F$9888,"NEW COMPETITOR",0,-1)) | F57: =_xlfn.XLOOKUP(A57,INPUT!$G$3:$G$202,INPUT!$H$3:$H$202,"Error") -> no
A58: 57 | C58: =IF(B58="","",_xlfn.XLOOKUP(B58,Competitor!G$2:G$9888,Competitor!C$2:C$9888,"NEW COMPETITOR",0)) | D58: =IF(B58="","",_xlfn.XLOOKUP(B58,Competitor!G$2:G$9888,Competitor!F$2:F$9888,"NEW COMPETITOR",0,-1)) | F58: =_xlfn.XLOOKUP(A58,INPUT!$G$3:$G$202,INPUT!$H$3:$H$202,"Error") -> no
... A104: 103 | C104: =IF(B104="","",_xlfn.XLOOKUP(B104,Competitor!G$2:G$9888,Competitor!C$2:C$9888,"NEW COMPETITOR",0)) | D104: =IF(B104="","",_xlfn.XLOOKUP(B104,Competitor!G$2:G$9888,Competitor!F$2:F$9888,"NEW COMPETITOR",0,-1)) | F104: =_xlfn.XLOOKUP(A104,INPUT!$G$3:$G$202,INPUT!$H$3:$H$202,"Error") -> no
C105: =IF(B105="","",_xlfn.XLOOKUP(B105,Competitor!G$2:G$9888,Competitor!C$2:C$9888,"NEW COMPETITOR",0)) | D105: =IF(B105="","",_xlfn.XLOOKUP(B105,Competitor!G$2:G$9888,Competitor!F$2:F$9888,"NEW COMPETITOR",0,-1)) | F105: =_xlfn.XLOOKUP(A105,INPUT!$G$3:$G$202,INPUT!$H$3:$H$202,"Error")
C106: =IF(B106="","",_xlfn.XLOOKUP(B106,Competitor!G$2:G$9888,Competitor!C$2:C$9888,"NEW COMPETITOR",0)) | D106: =IF(B106="","",_xlfn.XLOOKUP(B106,Competitor!G$2:G$9888,Competitor!F$2:F$9888,"NEW COMPETITOR",0,-1)) | F106: =_xlfn.XLOOKUP(A106,INPUT!$G$3:$G$202,INPUT!$H$3:$H$202,"Error")
C107: =IF(B107="","",_xlfn.XLOOKUP(B107,Competitor!G$2:G$9888,Competitor!C$2:C$9888,"NEW COMPETITOR",0)) | D107: =IF(B107="","",_xlfn.XLOOKUP(B107,Competitor!G$2:G$9888,Competitor!F$2:F$9888,"NEW COMPETITOR",0,-1)) | F107: =_xlfn.XLOOKUP(A107,INPUT!$G$3:$G$202,INPUT!$H$3:$H$202,"Error")
C108: =IF(B108="","",_xlfn.XLOOKUP(B108,Competitor!G$2:G$9888,Competitor!C$2:C$9888,"NEW COMPETITOR",0)) | D108: =IF(B108="","",_xlfn.XLOOKUP(B108,Competitor!G$2:G$9888,Competitor!F$2:F$9888,"NEW COMPETITOR",0,-1)) | F108: =_xlfn.XLOOKUP(A108,INPUT!$G$3:$G$202,INPUT!$H$3:$H$202,"Error")
C109: =IF(B109="","",_xlfn.XLOOKUP(B109,Competitor!G$2:G$9888,Competitor!C$2:C$9888,"NEW COMPETITOR",0)) | D109: =IF(B109="","",_xlfn.XLOOKUP(B109,Competitor!G$2:G$9888,Competitor!F$2:F$9888,"NEW COMPETITOR",0,-1)) | F109: =_xlfn.XLOOKUP(A109,INPUT!$G$3:$G$202,INPUT!$H$3:$H$202,"Error")
C110: =IF(B110="","",_xlfn.XLOOKUP(B110,Competitor!G$2:G$9888,Competitor!C$2:C$9888,"NEW COMPETITOR",0)) | D110: =IF(B110="","",_xlfn.XLOOKUP(B110,Competitor!G$2:G$9888,Competitor!F$2:F$9888,"NEW COMPETITOR",0,-1)) | F110: =_xlfn.XLOOKUP(A110,INPUT!$G$3:$G$202,INPUT!$H$3:$H$202,"Error")
C111: =IF(B111="","",_xlfn.XLOOKUP(B111,Competitor!G$2:G$9888,Competitor!C$2:C$9888,"NEW COMPETITOR",0)) | D111: =IF(B111="","",_xlfn.XLOOKUP(B111,Competitor!G$2:G$9888,Competitor!F$2:F$9888,"NEW COMPETITOR",0,-1)) | F111: =_xlfn.XLOOKUP(A111,INPUT!$G$3:$G$202,INPUT!$H$3:$H$202,"Error")
C112: =IF(B112="","",_xlfn.XLOOKUP(B112,Competitor!G$2:G$9888,Competitor!C$2:C$9888,"NEW COMPETITOR",0)) | D112: =IF(B112="","",_xlfn.XLOOKUP(B112,Competitor!G$2:G$9888,Competitor!F$2:F$9888,"NEW COMPETITOR",0,-1)) | F112: =_xlfn.XLOOKUP(A112,INPUT!$G$3:$G$202,INPUT!$H$3:$H$202,"Error")
C113: =IF(B113="","",_xlfn.XLOOKUP(B113,Competitor!G$2:G$9888,Competitor!C$2:C$9888,"NEW COMPETITOR",0)) | D113: =IF(B113="","",_xlfn.XLOOKUP(B113,Competitor!G$2:G$9888,Competitor!F$2:F$9888,"NEW COMPETITOR",0,-1)) | F113: =_xlfn.XLOOKUP(A113,INPUT!$G$3:$G$202,INPUT!$H$3:$H$202,"Error")
C114: =IF(B114="","",_xlfn.XLOOKUP(B114,Competitor!G$2:G$9888,Competitor!C$2:C$9888,"NEW COMPETITOR",0)) | D114: =IF(B114="","",_xlfn.XLOOKUP(B114,Competitor!G$2:G$9888,Competitor!F$2:F$9888,"NEW COMPETITOR",0,-1)) | F114: =_xlfn.XLOOKUP(A114,INPUT!$G$3:$G$202,INPUT!$H$3:$H$202,"Error")
C115: =IF(B115="","",_xlfn.XLOOKUP(B115,Competitor!G$2:G$9888,Competitor!C$2:C$9888,"NEW COMPETITOR",0)) | D115: =IF(B115="","",_xlfn.XLOOKUP(B115,Competitor!G$2:G$9888,Competitor!F$2:F$9888,"NEW COMPETITOR",0,-1)) | F115: =_xlfn.XLOOKUP(A115,INPUT!$G$3:$G$202,INPUT!$H$3:$H$202,"Error")
C116: =IF(B116="","",_xlfn.XLOOKUP(B116,Competitor!G$2:G$9888,Competitor!C$2:C$9888,"NEW COMPETITOR",0)) | D116: =IF(B116="","",_xlfn.XLOOKUP(B116,Competitor!G$2:G$9888,Competitor!F$2:F$9888,"NEW COMPETITOR",0,-1)) | F116: =_xlfn.XLOOKUP(A116,INPUT!$G$3:$G$202,INPUT!$H$3:$H$202,"Error")
... C165: =IF(B165="","",_xlfn.XLOOKUP(B165,Competitor!G$2:G$9888,Competitor!C$2:C$9888,"NEW COMPETITOR",0)) | D165: =IF(B165="","",_xlfn.XLOOKUP(B165,Competitor!G$2:G$9888,Competitor!F$2:F$9888,"NEW COMPETITOR",0,-1)) | F165: =_xlfn.XLOOKUP(A165,INPUT!$G$3:$G$202,INPUT!$H$3:$H$202,"Error")
C166: =IF(B166="","",_xlfn.XLOOKUP(B166,Competitor!G$2:G$9888,Competitor!C$2:C$9888,"NEW COMPETITOR",0)) | D166: =IF(B166="","",_xlfn.XLOOKUP(B166,Competitor!G$2:G$9888,Competitor!F$2:F$9888,"NEW COMPETITOR",0,-1))
C168: =IF(B168="","",_xlfn.XLOOKUP(B168,Competitor!G$2:G$9888,Competitor!C$2:C$9888,"NEW COMPETITOR",0)) | D168: =IF(B168="","",_xlfn.XLOOKUP(B168,Competitor!G$2:G$9888,Competitor!F$2:F$9888,"NEW COMPETITOR",0,-1))
C169: =IF(B169="","",_xlfn.XLOOKUP(B169,Competitor!G$2:G$9888,Competitor!C$2:C$9888,"NEW COMPETITOR",0)) | D169: =IF(B169="","",_xlfn.XLOOKUP(B169,Competitor!G$2:G$9888,Competitor!F$2:F$9888,"NEW COMPETITOR",0,-1))
C170: =IF(B170="","",_xlfn.XLOOKUP(B170,Competitor!G$2:G$9888,Competitor!C$2:C$9888,"NEW COMPETITOR",0)) | D170: =IF(B170="","",_xlfn.XLOOKUP(B170,Competitor!G$2:G$9888,Competitor!F$2:F$9888,"NEW COMPETITOR",0,-1)) | F170: =_xlfn.XLOOKUP(A170,INPUT!$G$3:$G$202,INPUT!$H$3:$H$202,"Error")
C171: =IF(B171="","",_xlfn.XLOOKUP(B171,Competitor!G$2:G$9888,Competitor!C$2:C$9888,"NEW COMPETITOR",0)) | D171: =IF(B171="","",_xlfn.XLOOKUP(B171,Competitor!G$2:G$9888,Competitor!F$2:F$9888,"NEW COMPETITOR",0,-1)) | F171: =_xlfn.XLOOKUP(A171,INPUT!$G$3:$G$202,INPUT!$H$3:$H$202,"Error")
C172: =IF(B172="","",_xlfn.XLOOKUP(B172,Competitor!G$2:G$9888,Competitor!C$2:C$9888,"NEW COMPETITOR",0)) | D172: =IF(B172="","",_xlfn.XLOOKUP(B172,Competitor!G$2:G$9888,Competitor!F$2:F$9888,"NEW COMPETITOR",0,-1)) | F172: =_xlfn.XLOOKUP(A172,INPUT!$G$3:$G$202,INPUT!$H$3:$H$202,"Error")
C174: =IF(B174="","",_xlfn.XLOOKUP(B174,Competitor!G$2:G$9888,Competitor!C$2:C$9888,"NEW COMPETITOR",0)) | D174: =IF(B174="","",_xlfn.XLOOKUP(B174,Competitor!G$2:G$9888,Competitor!F$2:F$9888,"NEW COMPETITOR",0,-1)) | F174: =_xlfn.XLOOKUP(A174,INPUT!$G$3:$G$202,INPUT!$H$3:$H$202,"Error")
C175: =IF(B175="","",_xlfn.XLOOKUP(B175,Competitor!G$2:G$9888,Competitor!C$2:C$9888,"NEW COMPETITOR",0)) | D175: =IF(B175="","",_xlfn.XLOOKUP(B175,Competitor!G$2:G$9888,Competitor!F$2:F$9888,"NEW COMPETITOR",0,-1)) | F175: =_xlfn.XLOOKUP(A175,INPUT!$G$3:$G$202,INPUT!$H$3:$H$202,"Error")
C176: =IF(B176="","",_xlfn.XLOOKUP(B176,Competitor!G$2:G$9888,Competitor!C$2:C$9888,"NEW COMPETITOR",0)) | D176: =IF(B176="","",_xlfn.XLOOKUP(B176,Competitor!G$2:G$9888,Competitor!F$2:F$9888,"NEW COMPETITOR",0,-1)) | F176: =_xlfn.XLOOKUP(A176,INPUT!$G$3:$G$202,INPUT!$H$3:$H$202,"Error")
C177: =IF(B177="","",_xlfn.XLOOKUP(B177,Competitor!G$2:G$9888,Competitor!C$2:C$9888,"NEW COMPETITOR",0)) | D177: =IF(B177="","",_xlfn.XLOOKUP(B177,Competitor!G$2:G$9888,Competitor!F$2:F$9888,"NEW COMPETITOR",0,-1))
C178: =IF(B178="","",_xlfn.XLOOKUP(B178,Competitor!G$2:G$9888,Competitor!C$2:C$9888,"NEW COMPETITOR",0)) | D178: =IF(B178="","",_xlfn.XLOOKUP(B178,Competitor!G$2:G$9888,Competitor!F$2:F$9888,"NEW COMPETITOR",0,-1)) | F178: =_xlfn.XLOOKUP(A178,INPUT!$G$3:$G$202,INPUT!$H$3:$H$202,"Error")
C179: =IF(B179="","",_xlfn.XLOOKUP(B179,Competitor!G$2:G$9888,Competitor!C$2:C$9888,"NEW COMPETITOR",0)) | D179: =IF(B179="","",_xlfn.XLOOKUP(B179,Competitor!G$2:G$9888,Competitor!F$2:F$9888,"NEW COMPETITOR",0,-1)) | F179: =_xlfn.XLOOKUP(A179,INPUT!$G$3:$G$202,INPUT!$H$3:$H$202,"Error")
C180: =IF(B180="","",_xlfn.XLOOKUP(B180,Competitor!G$2:G$9888,Competitor!C$2:C$9888,"NEW COMPETITOR",0)) | D180: =IF(B180="","",_xlfn.XLOOKUP(B180,Competitor!G$2:G$9888,Competitor!F$2:F$9888,"NEW COMPETITOR",0,-1)) | F180: =_xlfn.XLOOKUP(A180,INPUT!$G$3:$G$202,INPUT!$H$3:$H$202,"Error")
C181: =IF(B181="","",_xlfn.XLOOKUP(B181,Competitor!G$2:G$9888,Competitor!C$2:C$9888,"NEW COMPETITOR",0)) | D181: =IF(B181="","",_xlfn.XLOOKUP(B181,Competitor!G$2:G$9888,Competitor!F$2:F$9888,"NEW COMPETITOR",0,-1)) | F181: =_xlfn.XLOOKUP(A181,INPUT!$G$3:$G$202,INPUT!$H$3:$H$202,"Error")
C183: =IF(B183="","",_xlfn.XLOOKUP(B183,Competitor!G$2:G$9888,Competitor!C$2:C$9888,"NEW COMPETITOR",0)) | D183: =IF(B183="","",_xlfn.XLOOKUP(B183,Competitor!G$2:G$9888,Competitor!F$2:F$9888,"NEW COMPETITOR",0,-1)) | F183: =_xlfn.XLOOKUP(A183,INPUT!$G$3:$G$202,INPUT!$H$3:$H$202,"Error")
C184: =IF(B184="","",_xlfn.XLOOKUP(B184,Competitor!G$2:G$9888,Competitor!C$2:C$9888,"NEW COMPETITOR",0)) | D184: =IF(B184="","",_xlfn.XLOOKUP(B184,Competitor!G$2:G$9888,Competitor!F$2:F$9888,"NEW COMPETITOR",0,-1)) | F184: =_xlfn.XLOOKUP(A184,INPUT!$G$3:$G$202,INPUT!$H$3:$H$202,"Error")
C185: =IF(B185="","",_xlfn.XLOOKUP(B185,Competitor!G$2:G$9888,Competitor!C$2:C$9888,"NEW COMPETITOR",0)) | D185: =IF(B185="","",_xlfn.XLOOKUP(B185,Competitor!G$2:G$9888,Competitor!F$2:F$9888,"NEW COMPETITOR",0,-1)) | F185: =_xlfn.XLOOKUP(A185,INPUT!$G$3:$G$202,INPUT!$H$3:$H$202,"Error")
C186: =IF(B186="","",_xlfn.XLOOKUP(B186,Competitor!G$2:G$9888,Competitor!C$2:C$9888,"NEW COMPETITOR",0)) | D186: =IF(B186="","",_xlfn.XLOOKUP(B186,Competitor!G$2:G$9888,Competitor!F$2:F$9888,"NEW COMPETITOR",0,-1))
C188: =IF(B188="","",_xlfn.XLOOKUP(B188,Competitor!G$2:G$9888,Competitor!C$2:C$9888,"NEW COMPETITOR",0)) | D188: =IF(B188="","",_xlfn.XLOOKUP(B188,Competitor!G$2:G$9888,Competitor!F$2:F$9888,"NEW COMPETITOR",0,-1))
C189: =IF(B189="","",_xlfn.XLOOKUP(B189,Competitor!G$2:G$9888,Competitor!C$2:C$9888,"NEW COMPETITOR",0)) | D189: =IF(B189="","",_xlfn.XLOOKUP(B189,Competitor!G$2:G$9888,Competitor!F$2:F$9888,"NEW COMPETITOR",0,-1))
C190: =IF(B190="","",_xlfn.XLOOKUP(B190,Competitor!G$2:G$9888,Competitor!C$2:C$9888,"NEW COMPETITOR",0)) | D190: =IF(B190="","",_xlfn.XLOOKUP(B190,Competitor!G$2:G$9888,Competitor!F$2:F$9888,"NEW COMPETITOR",0,-1)) | F190: =_xlfn.XLOOKUP(A190,INPUT!$G$3:$G$202,INPUT!$H$3:$H$202,"Error")
C191: =IF(B191="","",_xlfn.XLOOKUP(B191,Competitor!G$2:G$9888,Competitor!C$2:C$9888,"NEW COMPETITOR",0)) | D191: =IF(B191="","",_xlfn.XLOOKUP(B191,Competitor!G$2:G$9888,Competitor!F$2:F$9888,"NEW COMPETITOR",0,-1)) | F191: =_xlfn.XLOOKUP(A191,INPUT!$G$3:$G$202,INPUT!$H$3:$H$202,"Error")
C192: =IF(B192="","",_xlfn.XLOOKUP(B192,Competitor!G$2:G$9888,Competitor!C$2:C$9888,"NEW COMPETITOR",0)) | D192: =IF(B192="","",_xlfn.XLOOKUP(B192,Competitor!G$2:G$9888,Competitor!F$2:F$9888,"NEW COMPETITOR",0,-1)) | F192: =_xlfn.XLOOKUP(A192,INPUT!$G$3:$G$202,INPUT!$H$3:$H$202,"Error")
C194: =IF(B194="","",_xlfn.XLOOKUP(B194,Competitor!G$2:G$9888,Competitor!C$2:C$9888,"NEW COMPETITOR",0)) | D194: =IF(B194="","",_xlfn.XLOOKUP(B194,Competitor!G$2:G$9888,Competitor!F$2:F$9888,"NEW COMPETITOR",0,-1)) | F194: =_xlfn.XLOOKUP(A194,INPUT!$G$3:$G$202,INPUT!$H$3:$H$202,"Error")
C195: =IF(B195="","",_xlfn.XLOOKUP(B195,Competitor!G$2:G$9888,Competitor!C$2:C$9888,"NEW COMPETITOR",0)) | D195: =IF(B195="","",_xlfn.XLOOKUP(B195,Competitor!G$2:G$9888,Competitor!F$2:F$9888,"NEW COMPETITOR",0,-1)) | F195: =_xlfn.XLOOKUP(A195,INPUT!$G$3:$G$202,INPUT!$H$3:$H$202,"Error")
C196: =IF(B196="","",_xlfn.XLOOKUP(B196,Competitor!G$2:G$9888,Competitor!C$2:C$9888,"NEW COMPETITOR",0)) | D196: =IF(B196="","",_xlfn.XLOOKUP(B196,Competitor!G$2:G$9888,Competitor!F$2:F$9888,"NEW COMPETITOR",0,-1)) | F196: =_xlfn.XLOOKUP(A196,INPUT!$G$3:$G$202,INPUT!$H$3:$H$202,"Error")
C197: =IF(B197="","",_xlfn.XLOOKUP(B197,Competitor!G$2:G$9888,Competitor!C$2:C$9888,"NEW COMPETITOR",0)) | D197: =IF(B197="","",_xlfn.XLOOKUP(B197,Competitor!G$2:G$9888,Competitor!F$2:F$9888,"NEW COMPETITOR",0,-1))
C198: =IF(B198="","",_xlfn.XLOOKUP(B198,Competitor!G$2:G$9888,Competitor!C$2:C$9888,"NEW COMPETITOR",0)) | D198: =IF(B198="","",_xlfn.XLOOKUP(B198,Competitor!G$2:G$9888,Competitor!F$2:F$9888,"NEW COMPETITOR",0,-1)) | F198: =_xlfn.XLOOKUP(A198,INPUT!$G$3:$G$202,INPUT!$H$3:$H$202,"Error")
...

Sheet INPUT
A1: Positon | B1: Race number | C1: Time (hh:mm:ss) | D1: Match? | E1: Pos / num | F1: Close? | G1: Started | H1: Finished | I1: To finish
A2: 0 | B2: Duplicate | E2: diff:
A3: 1 | B3: 41 | C3: 0.057951389 | D3: =IF(B3=A3,"Match!","") | E3: =IF(B3="","",ABS(B3-A3)) -> 40 | F3: =IF(B3="","",IF(E3=SMALL($E$3:$E$202,1),"Close!","")) -> #REF! | G3: {=_xlfn._xlws.FILTER(STARTLIST!A2:A156,ISNUMBER(STARTLIST!A2:A156))} -> 1 | H3: =IF(G3="","",IF(COUNTIF($B$3:$B$202,G3)>=1,"yes","no")) -> yes | I3: {=_xlfn._xlws.SORT(_xlfn._xlws.FILTER(STARTLIST!A2:D201,STARTLIST!F2:F201="no"),1,1,)} -> 46 | J3: 0
A4: 2 | B4: 42 | C4: 0.059907407 | D4: =IF(B4=A4,"Match!","") | E4: =IF(B4="","",ABS(B4-A4)) -> 40 | F4: =IF(B4="","",IF(E4=SMALL($E$3:$E$202,1),"Close!","")) -> #REF! | G4: 2 | H4: =IF(G4="","",IF(COUNTIF($B$3:$B$202,G4)>=1,"yes","no")) -> yes | I4: 47 | J4: 0
A5: 3 | B5: 5 | C5: 0.060104167 | D5: =IF(B6=A5,"Match!","") | E5: =IF(B6="","",ABS(B6-A5)) -> 42 | F5: =IF(B6="","",IF(E5=SMALL($E$3:$E$202,1),"Close!","")) -> #REF! | G5: 3 | H5: =IF(G5="","",IF(COUNTIF($B$3:$B$202,G5)>=1,"yes","no")) -> yes | I5: 48 | J5: 0
A6: 4 | B6: 45 | C6: 0.063784722 | D6: =IF(B7=A6,"Match!","") | E6: =IF(#REF!="","",ABS(#REF!-A6)) -> #REF! | F6: =IF(#REF!="","",IF(E6=SMALL($E$3:$E$202,1),"Close!","")) -> #REF! | G6: 4 | H6: =IF(G6="","",IF(COUNTIF($B$3:$B$202,G6)>=1,"yes","no")) -> yes | I6: 49 | J6: 0
A7: 5 | B7: 43 | C7: 0.063796296 | D7: =IF(B7=A7,"Match!","") | E7: =IF(B7="","",ABS(B7-A7)) -> 38 | F7: =IF(B7="","",IF(E7=SMALL($E$3:$E$202,1),"Close!","")) -> #REF! | G7: 5 | H7: =IF(G7="","",IF(COUNTIF($B$3:$B$202,G7)>=1,"yes","no")) -> yes | I7: 50 | J7: 0
A8: 6 | B8: 40 | C8: 0.065462963 | D8: =IF(B8=A8,"Match!","") | E8: =IF(B8="","",ABS(B8-A8)) -> 34 | F8: =IF(B8="","",IF(E8=SMALL($E$3:$E$202,1),"Close!","")) -> #REF! | G8: 7 | H8: =IF(G8="","",IF(COUNTIF($B$3:$B$202,G8)>=1,"yes","no")) -> yes | I8: 51 | J8: 0
A9: 7 | B9: 30 | C9: 0.0665625 | D9: =IF(B9=A9,"Match!","") | E9: =IF(B9="","",ABS(B9-A9)) -> 23 | F9: =IF(B9="","",IF(E9=SMALL($E$3:$E$202,1),"Close!","")) -> #REF! | G9: 8 | H9: =IF(G9="","",IF(COUNTIF($B$3:$B$202,G9)>=1,"yes","no")) -> yes | I9: 52 | J9: 0
A10: 8 | B10: 4 | C10: 0.067326389 | D10: =IF(B10=A10,"Match!","") | E10: =IF(B10="","",ABS(B10-A10)) -> 4 | F10: =IF(B10="","",IF(E10=SMALL($E$3:$E$202,1),"Close!","")) -> #REF! | G10: 10 | H10: =IF(G10="","",IF(COUNTIF($B$3:$B$202,G10)>=1,"yes","no")) -> yes | I10: 53 | J10: 0
A11: 9 | B11: 10 | C11: 0.068125 | D11: =IF(B11=A11,"Match!","") | E11: =IF(B11="","",ABS(B11-A11)) -> 1 | F11: =IF(B11="","",IF(E11=SMALL($E$3:$E$202,1),"Close!","")) -> #REF! | G11: 12 | H11: =IF(G11="","",IF(COUNTIF($B$3:$B$202,G11)>=1,"yes","no")) -> yes | I11: 54 | J11: 0
A12: 10 | B12: 12 | C12: 0.068923611 | D12: =IF(B12=A12,"Match!","") | E12: =IF(B12="","",ABS(B12-A12)) -> 2 | F12: =IF(B12="","",IF(E12=SMALL($E$3:$E$202,1),"Close!","")) -> #REF! | G12: 14 | H12: =IF(G12="","",IF(COUNTIF($B$3:$B$202,G12)>=1,"yes","no")) -> yes | I12: 55 | J12: 0
A13: 11 | B13: 17 | C13: 0.0696875 | D13: =IF(B13=A13,"Match!","") | E13: =IF(B13="","",ABS(B13-A13)) -> 6 | F13: =IF(B13="","",IF(E13=SMALL($E$3:$E$202,1),"Close!","")) -> #REF! | G13: 16 | H13: =IF(G13="","",IF(COUNTIF($B$3:$B$202,G13)>=1,"yes","no")) -> yes | I13: 56 | J13: 0
A14: 12 | B14: 37 | C14: 0.07025463 | D14: =IF(B14=A14,"Match!","") | E14: =IF(B14="","",ABS(B14-A14)) -> 25 | F14: =IF(B14="","",IF(E14=SMALL($E$3:$E$202,1),"Close!","")) -> #REF! | G14: 17 | H14: =IF(G14="","",IF(COUNTIF($B$3:$B$202,G14)>=1,"yes","no")) -> yes | I14: 57 | J14: 0
A15: 13 | B15: 35 | C15: 0.071087963 | D15: =IF(B15=A15,"Match!","") | E15: =IF(B15="","",ABS(B15-A15)) -> 22 | F15: =IF(B15="","",IF(E15=SMALL($E$3:$E$202,1),"Close!","")) -> #REF! | G15: 18 | H15: =IF(G15="","",IF(COUNTIF($B$3:$B$202,G15)>=1,"yes","no")) -> yes | I15: 58 | J15: 0
A16: 14 | B16: 31 | C16: 0.073472222 | D16: =IF(B16=A16,"Match!","") | E16: =IF(B16="","",ABS(B16-A16)) -> 17 | F16: =IF(B16="","",IF(E16=SMALL($E$3:$E$202,1),"Close!","")) -> #REF! | G16: 19 | H16: =IF(G16="","",IF(COUNTIF($B$3:$B$202,G16)>=1,"yes","no")) -> yes | I16: 59 | J16: 0
A17: 15 | B17: 2 | C17: 0.075277778 | D17: =IF(B17=A17,"Match!","") | E17: =IF(B17="","",ABS(B17-A17)) -> 13 | F17: =IF(B17="","",IF(E17=SMALL($E$3:$E$202,1),"Close!","")) -> #REF! | G17: 20 | H17: =IF(G17="","",IF(COUNTIF($B$3:$B$202,G17)>=1,"yes","no")) -> yes | I17: 60 | J17: 0
A18: 16 | B18: 36 | C18: 0.075625 | D18: =IF(B18=A18,"Match!","") | E18: =IF(B18="","",ABS(B18-A18)) -> 20 | F18: =IF(B18="","",IF(E18=SMALL($E$3:$E$202,1),"Close!","")) -> #REF! | G18: 21 | H18: =IF(G18="","",IF(COUNTIF($B$3:$B$202,G18)>=1,"yes","no")) -> yes | I18: 61 | J18: 0
... A41: 39 | B41: 34 | C41: 0.10489583 | D41: =IF(B41=A41,"Match!","") | E41: =IF(B41="","",ABS(B41-A41)) -> 5 | F41: =IF(B41="","",IF(E41=SMALL($E$3:$E$202,1),"Close!","")) -> #REF! | G41: 45 | H41: =IF(G41="","",IF(COUNTIF($B$3:$B$202,G41)>=1,"yes","no")) -> yes | I41: 84 | J41: 0
A42: 40 | D42: =IF(B42=A42,"Match!","") | E42: =IF(B42="","",ABS(B42-A42)) | F42: =IF(B42="","",IF(E42=SMALL($E$3:$E$202,1),"Close!","")) | G42: 46 | H42: =IF(G42="","",IF(COUNTIF($B$3:$B$202,G42)>=1,"yes","no")) -> no | I42: 85 | J42: 0
A43: 41 | D43: =IF(B43=A43,"Match!","") | E43: =IF(B43="","",ABS(B43-A43)) | F43: =IF(B43="","",IF(E43=SMALL($E$3:$E$202,1),"Close!","")) | G43: 47 | H43: =IF(G43="","",IF(COUNTIF($B$3:$B$202,G43)>=1,"yes","no")) -> no | I43: 86 | J43: 0
A44: 42 | D44: =IF(B44=A44,"Match!","") | E44: =IF(B44="","",ABS(B44-A44)) | F44: =IF(B44="","",IF(E44=SMALL($E$3:$E$202,1),"Close!","")) | G44: 48 | H44: =IF(G44="","",IF(COUNTIF($B$3:$B$202,G44)>=1,"yes","no")) -> no | I44: 87 | J44: 0
A45: 43 | D45: =IF(B45=A45,"Match!","") | E45: =IF(B45="","",ABS(B45-A45)) | F45: =IF(B45="","",IF(E45=SMALL($E$3:$E$202,1),"Close!","")) | G45: 49 | H45: =IF(G45="","",IF(COUNTIF($B$3:$B$202,G45)>=1,"yes","no")) -> no | I45: 88 | J45: 0
A46: 44 | D46: =IF(B46=A46,"Match!","") | E46: =IF(B46="","",ABS(B46-A46)) | F46: =IF(B46="","",IF(E46=SMALL($E$3:$E$202,1),"Close!","")) | G46: 50 | H46: =IF(G46="","",IF(COUNTIF($B$3:$B$202,G46)>=1,"yes","no")) -> no | I46: 89 | J46: 0
A47: 45 | D47: =IF(B47=A47,"Match!","") | E47: =IF(B47="","",ABS(B47-A47)) | F47: =IF(B47="","",IF(E47=SMALL($E$3:$E$202,1),"Close!","")) | G47: 51 | H47: =IF(G47="","",IF(COUNTIF($B$3:$B$202,G47)>=1,"yes","no")) -> no | I47: 90 | J47: 0
A48: 46 | D48: =IF(B48=A48,"Match!","") | E48: =IF(B48="","",ABS(B48-A48)) | F48: =IF(B48="","",IF(E48=SMALL($E$3:$E$202,1),"Close!","")) | G48: 52 | H48: =IF(G48="","",IF(COUNTIF($B$3:$B$202,G48)>=1,"yes","no")) -> no | I48: 91 | J48: 0
A49: 47 | D49: =IF(B49=A49,"Match!","") | E49: =IF(B49="","",ABS(B49-A49)) | F49: =IF(B49="","",IF(E49=SMALL($E$3:$E$202,1),"Close!","")) | G49: 53 | H49: =IF(G49="","",IF(COUNTIF($B$3:$B$202,G49)>=1,"yes","no")) -> no | I49: 92 | J49: 0
A50: 48 | D50: =IF(B50=A50,"Match!","") | E50: =IF(B50="","",ABS(B50-A50)) | F50: =IF(B50="","",IF(E50=SMALL($E$3:$E$202,1),"Close!","")) | G50: 54 | H50: =IF(G50="","",IF(COUNTIF($B$3:$B$202,G50)>=1,"yes","no")) -> no | I50: 93 | J50: 0
A51: 49 | D51: =IF(B51=A51,"Match!","") | E51: =IF(B51="","",ABS(B51-A51)) | F51: =IF(B51="","",IF(E51=SMALL($E$3:$E$202,1),"Close!","")) | G51: 55 | H51: =IF(G51="","",IF(COUNTIF($B$3:$B$202,G51)>=1,"yes","no")) -> no | I51: 94 | J51: 0
A52: 50 | D52: =IF(B52=A52,"Match!","") | E52: =IF(B52="","",ABS(B52-A52)) | F52: =IF(B52="","",IF(E52=SMALL($E$3:$E$202,1),"Close!","")) | G52: 56 | H52: =IF(G52="","",IF(COUNTIF($B$3:$B$202,G52)>=1,"yes","no")) -> no | I52: 95 | J52: 0
A53: 51 | D53: =IF(B53=A53,"Match!","") | E53: =IF(B53="","",ABS(B53-A53)) | F53: =IF(B53="","",IF(E53=SMALL($E$3:$E$202,1),"Close!","")) | G53: 57 | H53: =IF(G53="","",IF(COUNTIF($B$3:$B$202,G53)>=1,"yes","no")) -> no | I53: 96 | J53: 0
... A60: 58 | D60: =IF(B60=A60,"Match!","") | E60: =IF(B60="","",ABS(B60-A60)) | F60: =IF(B60="","",IF(E60=SMALL($E$3:$E$202,1),"Close!","")) | G60: 64 | H60: =IF(G60="","",IF(COUNTIF($B$3:$B$202,G60)>=1,"yes","no")) -> no | I60: 103 | J60: 0
A61: 59 | D61: =IF(B61=A61,"Match!","") | E61: =IF(B61="","",ABS(B61-A61)) | F61: =IF(B61="","",IF(E61=SMALL($E$3:$E$202,1),"Close!","")) | G61: 65 | H61: =IF(G61="","",IF(COUNTIF($B$3:$B$202,G61)>=1,"yes","no")) -> no
A62: 60 | D62: =IF(B62=A62,"Match!","") | E62: =IF(B62="","",ABS(B62-A62)) | F62: =IF(B62="","",IF(E62=SMALL($E$3:$E$202,1),"Close!","")) | G62: 66 | H62: =IF(G62="","",IF(COUNTIF($B$3:$B$202,G62)>=1,"yes","no")) -> no
A63: 61 | D63: =IF(B63=A63,"Match!","") | E63: =IF(B63="","",ABS(B63-A63)) | F63: =IF(B63="","",IF(E63=SMALL($E$3:$E$202,1),"Close!","")) | G63: 67 | H63: =IF(G63="","",IF(COUNTIF($B$3:$B$202,G63)>=1,"yes","no")) -> no
A64: 62 | D64: =IF(B64=A64,"Match!","") | E64: =IF(B64="","",ABS(B64-A64)) | F64: =IF(B64="","",IF(E64=SMALL($E$3:$E$202,1),"Close!","")) | G64: 68 | H64: =IF(G64="","",IF(COUNTIF($B$3:$B$202,G64)>=1,"yes","no")) -> no
A65: 63 | D65: =IF(B65=A65,"Match!","") | E65: =IF(B65="","",ABS(B65-A65)) | F65: =IF(B65="","",IF(E65=SMALL($E$3:$E$202,1),"Close!","")) | G65: 69 | H65: =IF(G65="","",IF(COUNTIF($B$3:$B$202,G65)>=1,"yes","no")) -> no
A66: 64 | D66: =IF(B66=A66,"Match!","") | E66: =IF(B66="","",ABS(B66-A66)) | F66: =IF(B66="","",IF(E66=SMALL($E$3:$E$202,1),"Close!","")) | G66: 70 | H66: =IF(G66="","",IF(COUNTIF($B$3:$B$202,G66)>=1,"yes","no")) -> no
A67: 65 | D67: =IF(B67=A67,"Match!","") | E67: =IF(B67="","",ABS(B67-A67)) | F67: =IF(B67="","",IF(E67=SMALL($E$3:$E$202,1),"Close!","")) | G67: 71 | H67: =IF(G67="","",IF(COUNTIF($B$3:$B$202,G67)>=1,"yes","no")) -> no
A68: 66 | D68: =IF(B68=A68,"Match!","") | E68: =IF(B68="","",ABS(B68-A68)) | F68: =IF(B68="","",IF(E68=SMALL($E$3:$E$202,1),"Close!","")) | G68: 72 | H68: =IF(G68="","",IF(COUNTIF($B$3:$B$202,G68)>=1,"yes","no")) -> no
A69: 67 | D69: =IF(B69=A69,"Match!","") | E69: =IF(B69="","",ABS(B69-A69)) | F69: =IF(B69="","",IF(E69=SMALL($E$3:$E$202,1),"Close!","")) | G69: 73 | H69: =IF(G69="","",IF(COUNTIF($B$3:$B$202,G69)>=1,"yes","no")) -> no
A70: 68 | D70: =IF(B70=A70,"Match!","") | E70: =IF(B70="","",ABS(B70-A70)) | F70: =IF(B70="","",IF(E70=SMALL($E$3:$E$202,1),"Close!","")) | G70: 74 | H70: =IF(G70="","",IF(COUNTIF($B$3:$B$202,G70)>=1,"yes","no")) -> no
A71: 69 | D71: =IF(B71=A71,"Match!","") | E71: =IF(B71="","",ABS(B71-A71)) | F71: =IF(B71="","",IF(E71=SMALL($E$3:$E$202,1),"Close!","")) | G71: 75 | H71: =IF(G71="","",IF(COUNTIF($B$3:$B$202,G71)>=1,"yes","no")) -> no
A72: 70 | D72: =IF(B72=A72,"Match!","") | E72: =IF(B72="","",ABS(B72-A72)) | F72: =IF(B72="","",IF(E72=SMALL($E$3:$E$202,1),"Close!","")) | G72: 76 | H72: =IF(G72="","",IF(COUNTIF($B$3:$B$202,G72)>=1,"yes","no")) -> no
... A99: 97 | D99: =IF(B99=A99,"Match!","") | E99: =IF(B99="","",ABS(B99-A99)) | F99: =IF(B99="","",IF(E99=SMALL($E$3:$E$202,1),"Close!","")) | G99: 103 | H99: =IF(G99="","",IF(COUNTIF($B$3:$B$202,G99)>=1,"yes","no")) -> no
A100: 98 | D100: =IF(B100=A100,"Match!","") | E100: =IF(B100="","",ABS(B100-A100)) | F100: =IF(B100="","",IF(E100=SMALL($E$3:$E$202,1),"Close!","")) | H100: =IF(G100="","",IF(COUNTIF($B$3:$B$202,G100)>=1,"yes","no"))
A101: 99 | D101: =IF(B101=A101,"Match!","") | E101: =IF(B101="","",ABS(B101-A101)) | F101: =IF(B101="","",IF(E101=SMALL($E$3:$E$202,1),"Close!","")) | H101: =IF(G101="","",IF(COUNTIF($B$3:$B$202,G101)>=1,"yes","no"))
A102: 100 | D102: =IF(B102=A102,"Match!","") | E102: =IF(B102="","",ABS(B102-A102)) | F102: =IF(B102="","",IF(E102=SMALL($E$3:$E$202,1),"Close!","")) | H102: =IF(G102="","",IF(COUNTIF($B$3:$B$202,G102)>=1,"yes","no"))
A103: 101 | D103: =IF(B103=A103,"Match!","") | E103: =IF(B103="","",ABS(B103-A103)) | F103: =IF(B103="","",IF(E103=SMALL($E$3:$E$202,1),"Close!","")) | H103: =IF(G103="","",IF(COUNTIF($B$3:$B$202,G103)>=1,"yes","no"))
A104: 102 | D104: =IF(B104=A104,"Match!","") | E104: =IF(B104="","",ABS(B104-A104)) | F104: =IF(B104="","",IF(E104=SMALL($E$3:$E$202,1),"Close!","")) | H104: =IF(G104="","",IF(COUNTIF($B$3:$B$202,G104)>=1,"yes","no"))
A105: 103 | D105: =IF(B105=A105,"Match!","") | E105: =IF(B105="","",ABS(B105-A105)) | F105: =IF(B105="","",IF(E105=SMALL($E$3:$E$202,1),"Close!","")) | H105: =IF(G105="","",IF(COUNTIF($B$3:$B$202,G105)>=1,"yes","no"))
A106: 104 | D106: =IF(B106=A106,"Match!","") | E106: =IF(B106="","",ABS(B106-A106)) | F106: =IF(B106="","",IF(E106=SMALL($E$3:$E$202,1),"Close!","")) | H106: =IF(G106="","",IF(COUNTIF($B$3:$B$202,G106)>=1,"yes","no"))
A107: 105 | D107: =IF(B107=A107,"Match!","") | E107: =IF(B107="","",ABS(B107-A107)) | F107: =IF(B107="","",IF(E107=SMALL($E$3:$E$202,1),"Close!","")) | H107: =IF(G107="","",IF(COUNTIF($B$3:$B$202,G107)>=1,"yes","no"))
A108: 106 | D108: =IF(B108=A108,"Match!","") | E108: =IF(B108="","",ABS(B108-A108)) | F108: =IF(B108="","",IF(E108=SMALL($E$3:$E$202,1),"Close!","")) | H108: =IF(G108="","",IF(COUNTIF($B$3:$B$202,G108)>=1,"yes","no"))
A109: 107 | D109: =IF(B109=A109,"Match!","") | E109: =IF(B109="","",ABS(B109-A109)) | F109: =IF(B109="","",IF(E109=SMALL($E$3:$E$202,1),"Close!","")) | H109: =IF(G109="","",IF(COUNTIF($B$3:$B$202,G109)>=1,"yes","no"))
A110: 108 | D110: =IF(B110=A110,"Match!","") | E110: =IF(B110="","",ABS(B110-A110)) | F110: =IF(B110="","",IF(E110=SMALL($E$3:$E$202,1),"Close!","")) | H110: =IF(G110="","",IF(COUNTIF($B$3:$B$202,G110)>=1,"yes","no"))
A111: 109 | D111: =IF(B111=A111,"Match!","") | E111: =IF(B111="","",ABS(B111-A111)) | F111: =IF(B111="","",IF(E111=SMALL($E$3:$E$202,1),"Close!","")) | H111: =IF(G111="","",IF(COUNTIF($B$3:$B$202,G111)>=1,"yes","no"))
... A202: 200 | D202: =IF(B202=A202,"Match!","") | E202: =IF(B202="","",ABS(B202-A202)) | F202: =IF(B202="","",IF(E202=SMALL($E$3:$E$202,1),"Close!","")) | H202: =IF(G202="","",IF(COUNTIF($B$3:$B$202,G202)>=1,"yes","no"))

Sheet Calculation
A1: {=RESULT!B3:F203} -> Pos | B1: Name | C1: Club | D1: Cat | E1: Time | F1: Gender | G1: Male team count | H1: Counter lookup | I1: Team | J1: Counter 1 | K1: Counter 1 pos | L1: Counter 2 | M1: Counter 2 pos | N1: Counter 3 | O1: Counter 3 pos | P1: Team Score | Q1: Team position | R1: Female team count | S1: Counter lookup | T1: Team | U1: Counter 1 | V1: Counter 1 pos | W1: Counter 2 | X1: Counter 2 pos | Y1: Counter 3 | Z1: Counter 3 pos | AA1: Team Score | AB1: Team position | AC1: M count | AD1: MU23 - | AE1: MU20 - | AF1: MU18 - | AG1: MU16 | AH1: MU14 | AI1: MU12 | AJ1: MU10 | AK1: MV40+ | AL1: MV50+ | AM1: MV60+ | AN1: MV70+ | AO1: F count | AP1: FU23- | AQ1: FU20- | AR1: FU18- | AS1: FU16 | AT1: FU14 | AU1: FU12 | AV1: FU10 | AW1: FV40+ | AX1: FV50+ | AY1: FV60+ | AZ1: FV70+
A2: 1 | B2: Steve Hebblethwaite | C2: Keswick AC | D2: MV40 | E2: 0.057951389 | F2: =LEFT(D2,1) -> M | G2: =IF(OR(C2="",C2=" ",C2="FRA",C2="unattached",C2="(no club)",F2="F"),"",COUNTIFS(C$2:C2,C2,D$2:D2,"M*")) -> 1 | H2: =IF(G2="","",C2&G2) -> Keswick AC1 | I2: =IF(G2=3,C2,"") | J2: =IF($I2="","",_xlfn.XLOOKUP($I2&"1",H$2:H$201,B$2:B$201)) | K2: =IF($I2="","",_xlfn.XLOOKUP($I2&"1",H$2:H$201,AC$2:AC$201)) | L2: =IF(I2="","",_xlfn.XLOOKUP(I2&"2",H$2:H$201,B$2:B$201)) | M2: =IF($I2="","",_xlfn.XLOOKUP($I2&"2",H$2:H$201,AC$2:AC$201)) | N2: =IF(I2="","",_xlfn.XLOOKUP(I2&"3",H$2:H$201,B$2:B$201)) | O2: =IF($I2="","",_xlfn.XLOOKUP($I2&"3",H$2:H$201,AC$2:AC$201)) | P2: =IF(I2="","",K2+M2+O2) | Q2: =IF(P2="","",RANK(P2,P$2:P$201,1)) | R2: =IF(OR(C2="",C2=" ",C2="FRA",C2="unattached",C2="(no club)",F2="M"),"",COUNTIFS(C$2:C2,C2,D$2:D2,"F*")) | S2: =IF(R2="","",C2&R2) | T2: =IF(R2=3,C2,"") | U2: =IF(T2="","",_xlfn.XLOOKUP(T2&"1",S$2:S$201,B$2:B$201)) | V2: =IF($T2="","",_xlfn.XLOOKUP($T2&"1",S$2:S$201,AO$2:AO$201)) | W2: =IF(T2="","",_xlfn.XLOOKUP(T2&"2",S$2:S$201,B$2:B$201)) | X2: =IF($T2="","",_xlfn.XLOOKUP($T2&"2",S$2:S$201,AO$2:AO$201)) | Y2: =IF(T2="","",_xlfn.XLOOKUP(T2&"3",S$2:S$201,B$2:B$201)) | Z2: =IF($T2="","",_xlfn.XLOOKUP($T2&"3",S$2:S$201,AO$2:AO$201)) | AA2: =IF(T2="","",V2+X2+Z2) | AB2: =IF(AA2="","",RANK(AA2,AA$2:AA$201,1)) | AC2: =IF(OR(D2="MSEN",D2="MV40",D2="MV50",D2="MV60",D2="MV70",D2="MV80",D2="MU23",D2="MU20",D2="MU18",D2="MU16",D2="MU14",D2="MU12",D2="MU10"),COUNTIF(D$2:D2,"M*"),"") -> 1 | AD2: =IF(OR(D2="MU23",D2="MU20",D2="MU18",D2="MU16",D2="MU14",D2="MU12",D2="MU10"),COUNTIF(D$2:D2,"MU*"),"") | AE2: {=IF(OR(D2="MU20",D2="MU18",D2="MU16",D2="MU14",D2="MU12",D2="MU10"),SUM(COUNTIF(D$2:D2,{"MU20","MU18","MU16","MU14","MU12","MU10"})),"")} | AF2: {=IF(OR(D2="MU18",D2="MU16",D2="MU14",D2="MU12",D2="MU10"),SUM(COUNTIF(D$2:D2,{"MU18","MU16","MU14","MU12","MU10"})),"")} | AG2: =IF(OR(D2="MU16"),COUNTIF(D$2:D2,"MU16"),"") | AH2: =IF(OR(D2="MU14"),COUNTIF(D$2:D2,"MU14"),"") | AI2: =IF(OR(D2="MU12"),COUNTIF(D$2:D2,"MU12"),"") | AJ2: =IF(OR(D2="MU10"),COUNTIF(D$2:D2,"MU10"),"") | AK2: =IF(OR(D2="MV40",D2="MV50",D2="MV60",D2="MV70",D2="MV80"),COUNTIF(D$2:D2,"MV*"),"") -> 1 | AL2: =IF(OR(D2="MV50",D2="MV60",D2="MV70",D2="MV80"),COUNTIF(D$2:D2,"MV50")+COUNTIF(D$2:D2,"MV60")+COUNTIF(D$2:D2,"MV70")+COUNTIF(D$2:D2,"MV80"),"") | AM2: =IF(OR(D2="MV60",D2="MV70",D2="MV80"),COUNTIF(D$2:D2,"MV60")+COUNTIF(D$2:D2,"MV70")+COUNTIF(D$2:D2,"MV80"),"") | AN2: =IF(OR(D2="MV70",D2="MV80"),COUNTIF(D$2:D2,"MV70")+COUNTIF(D$2:D2,"MV80"),"") | AO2: =IF(OR(D2="FSEN",D2="FV40",D2="FV50",D2="FV60",D2="FV70",D2="FV80",D2="FU23",D2="FU20",D2="FU18",D2="FU16",D2="FU14",D2="FU12",D2="FU10"),COUNTIF(D$2:D2,"F*"),"") | AP2: =IF(OR(D2="FU23",D2="FU20",D2="FU18",D2="FU16",D2="FU14",D2="FU12",D2="FU10"),COUNTIF(D$2:D2,"FU*"),"") | AQ2: {=IF(OR(D2="FU20",D2="FU18",D2="FU16",D2="FU14",D2="FU12",D2="FU10"),SUM(COUNTIF(D$2:D2,{"FU20","FU18","FU16","FU14","FU12","FU10"})),"")} | AR2: {=IF(OR(D2="FU18",D2="FU16",D2="FU14",D2="FU12",D2="FU10"),SUM(COUNTIF(D$2:D2,{"FU18","FU16","FU14","FU12","FU10"})),"")} | AS2: =IF(OR(D2="FU16"),COUNTIF(D$2:D2,"FU16"),"") | AT2: =IF(OR(D2="FU14"),COUNTIF(D$2:D2,"FU14"),"") | AU2: =IF(OR(D2="FU12"),COUNTIF(D$2:D2,"FU12"),"") | AV2: =IF(OR(D2="FU10"),COUNTIF(D$2:D2,"FU10"),"") | AW2: =IF(OR(D2="FV40",D2="FV50",D2="FV60",D2="FV70",D2="FV80"),COUNTIF(D$2:D2,"FV*"),"") | AX2: =IF(OR(D2="FV50",D2="FV60",D2="FV70",D2="FV80"),COUNTIF(D$2:D2,"FV50")+COUNTIF(D$2:D2,"FV60")+COUNTIF(D$2:D2,"FV70")+COUNTIF(D$2:D2,"FV80"),"") | AY2: =IF(OR(D2="FV60",D2="FV70",D2="FV80"),COUNTIF(D$2:D2,"FV60")+COUNTIF(D$2:D2,"FV70")+COUNTIF(D$2:D2,"FV80"),"") | AZ2: =IF(OR(D2="FV70",D2="FV80"),COUNTIF(D$2:D2,"FV70")+COUNTIF(D$2:D2,"FV80"),"")
A3: 2 | B3: Ethan Furness | C3: Black Combe Runners | D3: MSEN | E3: 0.059907407 | F3: =LEFT(D3,1) -> M | G3: =IF(OR(C3="",C3=" ",C3="FRA",C3="unattached",C3="(no club)",F3="F"),"",COUNTIFS(C$2:C3,C3,D$2:D3,"M*")) -> 1 | H3: =IF(G3="","",C3&G3) -> Black Combe Runners1 | I3: =IF(G3=3,C3,"") | J3: =IF($I3="","",_xlfn.XLOOKUP($I3&"1",H$2:H$201,B$2:B$201)) | K3: =IF($I3="","",_xlfn.XLOOKUP($I3&"1",H$2:H$201,AC$2:AC$201)) | L3: =IF(I3="","",_xlfn.XLOOKUP(I3&"2",H$2:H$201,B$2:B$201)) | M3: =IF($I3="","",_xlfn.XLOOKUP($I3&"2",H$2:H$201,AC$2:AC$201)) | N3: =IF(I3="","",_xlfn.XLOOKUP(I3&"3",H$2:H$201,B$2:B$201)) | O3: =IF($I3="","",_xlfn.XLOOKUP($I3&"3",H$2:H$201,AC$2:AC$201)) | P3: =IF(I3="","",K3+M3+O3) | Q3: =IF(P3="","",RANK(P3,P$2:P$201,1)) | R3: =IF(OR(C3="",C3=" ",C3="FRA",C3="unattached",C3="(no club)",F3="M"),"",COUNTIFS(C$2:C3,C3,D$2:D3,"F*")) | S3: =IF(R3="","",C3&R3) | T3: =IF(R3=3,C3,"") | U3: =IF(T3="","",_xlfn.XLOOKUP(T3&"1",S$2:S$201,B$2:B$201)) | V3: =IF($T3="","",_xlfn.XLOOKUP($T3&"1",S$2:S$201,AO$2:AO$201)) | W3: =IF(T3="","",_xlfn.XLOOKUP(T3&"2",S$2:S$201,B$2:B$201)) | X3: =IF($T3="","",_xlfn.XLOOKUP($T3&"2",S$2:S$201,AO$2:AO$201)) | Y3: =IF(T3="","",_xlfn.XLOOKUP(T3&"3",S$2:S$201,B$2:B$201)) | Z3: =IF($T3="","",_xlfn.XLOOKUP($T3&"3",S$2:S$201,AO$2:AO$201)) | AA3: =IF(T3="","",V3+X3+Z3) | AB3: =IF(AA3="","",RANK(AA3,AA$2:AA$201,1)) | AC3: =IF(OR(D3="MSEN",D3="MV40",D3="MV50",D3="MV60",D3="MV70",D3="MV80",D3="MU23",D3="MU20",D3="MU18",D3="MU16",D3="MU14",D3="MU12",D3="MU10"),COUNTIF(D$2:D3,"M*"),"") -> 2 | AD3: =IF(OR(D3="MU23",D3="MU20",D3="MU18",D3="MU16",D3="MU14",D3="MU12",D3="MU10"),COUNTIF(D$2:D3,"MU*"),"") | AE3: {=IF(OR(D3="MU20",D3="MU18",D3="MU16",D3="MU14",D3="MU12",D3="MU10"),SUM(COUNTIF(D$2:D3,{"MU20","MU18","MU16","MU14","MU12","MU10"})),"")} | AF3: {=IF(OR(D3="MU18",D3="MU16",D3="MU14",D3="MU12",D3="MU10"),SUM(COUNTIF(D$2:D3,{"MU18","MU16","MU14","MU12","MU10"})),"")} | AG3: =IF(OR(D3="MU16"),COUNTIF(D$2:D3,"MU16"),"") | AH3: =IF(OR(D3="MU14"),COUNTIF(D$2:D3,"MU14"),"") | AI3: =IF(OR(D3="MU12"),COUNTIF(D$2:D3,"MU12"),"") | AJ3: =IF(OR(D3="MU10"),COUNTIF(D$2:D3,"MU10"),"") | AK3: =IF(OR(D3="MV40",D3="MV50",D3="MV60",D3="MV70",D3="MV80"),COUNTIF(D$2:D3,"MV*"),"") | AL3: =IF(OR(D3="MV50",D3="MV60",D3="MV70",D3="MV80"),COUNTIF(D$2:D3,"MV50")+COUNTIF(D$2:D3,"MV60")+COUNTIF(D$2:D3,"MV70")+COUNTIF(D$2:D3,"MV80"),"") | AM3: =IF(OR(D3="MV60",D3="MV70",D3="MV80"),COUNTIF(D$2:D3,"MV60")+COUNTIF(D$2:D3,"MV70")+COUNTIF(D$2:D3,"MV80"),"") | AN3: =IF(OR(D3="MV70",D3="MV80"),COUNTIF(D$2:D3,"MV70")+COUNTIF(D$2:D3,"MV80"),"") | AO3: =IF(OR(D3="FSEN",D3="FV40",D3="FV50",D3="FV60",D3="FV70",D3="FV80",D3="FU23",D3="FU20",D3="FU18",D3="FU16",D3="FU14",D3="FU12",D3="FU10"),COUNTIF(D$2:D3,"F*"),"") | AP3: =IF(OR(D3="FU23",D3="FU20",D3="FU18",D3="FU16",D3="FU14",D3="FU12",D3="FU10"),COUNTIF(D$2:D3,"FU*"),"") | AQ3: {=IF(OR(D3="FU20",D3="FU18",D3="FU16",D3="FU14",D3="FU12",D3="FU10"),SUM(COUNTIF(D$2:D3,{"FU20","FU18","FU16","FU14","FU12","FU10"})),"")} | AR3: {=IF(OR(D3="FU18",D3="FU16",D3="FU14",D3="FU12",D3="FU10"),SUM(COUNTIF(D$2:D3,{"FU18","FU16","FU14","FU12","FU10"})),"")} | AS3: =IF(OR(D3="FU16"),COUNTIF(D$2:D3,"FU16"),"") | AT3: =IF(OR(D3="FU14"),COUNTIF(D$2:D3,"FU14"),"") | AU3: =IF(OR(D3="FU12"),COUNTIF(D$2:D3,"FU12"),"") | AV3: =IF(OR(D3="FU10"),COUNTIF(D$2:D3,"FU10"),"") | AW3: =IF(OR(D3="FV40",D3="FV50",D3="FV60",D3="FV70",D3="FV80"),COUNTIF(D$2:D3,"FV*"),"") | AX3: =IF(OR(D3="FV50",D3="FV60",D3="FV70",D3="FV80"),COUNTIF(D$2:D3,"FV50")+COUNTIF(D$2:D3,"FV60")+COUNTIF(D$2:D3,"FV70")+COUNTIF(D$2:D3,"FV80"),"") | AY3: =IF(OR(D3="FV60",D3="FV70",D3="FV80"),COUNTIF(D$2:D3,"FV60")+COUNTIF(D$2:D3,"FV70")+COUNTIF(D$2:D3,"FV80"),"") | AZ3: =IF(OR(D3="FV70",D3="FV80"),COUNTIF(D$2:D3,"FV70")+COUNTIF(D$2:D3,"FV80"),"")
A4: 3 | B4: Tim Campbell | C4: Eden runners | D4: MV50 | E4: 0.060104167 | F4: =LEFT(D4,1) -> M | G4: =IF(OR(C4="",C4=" ",C4="FRA",C4="unattached",C4="(no club)",F4="F"),"",COUNTIFS(C$2:C4,C4,D$2:D4,"M*")) -> 1 | H4: =IF(G4="","",C4&G4) -> Eden runners1 | I4: =IF(G4=3,C4,"") | J4: =IF($I4="","",_xlfn.XLOOKUP($I4&"1",H$2:H$201,B$2:B$201)) | K4: =IF($I4="","",_xlfn.XLOOKUP($I4&"1",H$2:H$201,AC$2:AC$201)) | L4: =IF(I4="","",_xlfn.XLOOKUP(I4&"2",H$2:H$201,B$2:B$201)) | M4: =IF($I4="","",_xlfn.XLOOKUP($I4&"2",H$2:H$201,AC$2:AC$201)) | N4: =IF(I4="","",_xlfn.XLOOKUP(I4&"3",H$2:H$201,B$2:B$201)) | O4: =IF($I4="","",_xlfn.XLOOKUP($I4&"3",H$2:H$201,AC$2:AC$201)) | P4: =IF(I4="","",K4+M4+O4) | Q4: =IF(P4="","",RANK(P4,P$2:P$201,1)) | R4: =IF(OR(C4="",C4=" ",C4="FRA",C4="unattached",C4="(no club)",F4="M"),"",COUNTIFS(C$2:C4,C4,D$2:D4,"F*")) | S4: =IF(R4="","",C4&R4) | T4: =IF(R4=3,C4,"") | U4: =IF(T4="","",_xlfn.XLOOKUP(T4&"1",S$2:S$201,B$2:B$201)) | V4: =IF($T4="","",_xlfn.XLOOKUP($T4&"1",S$2:S$201,AO$2:AO$201)) | W4: =IF(T4="","",_xlfn.XLOOKUP(T4&"2",S$2:S$201,B$2:B$201)) | X4: =IF($T4="","",_xlfn.XLOOKUP($T4&"2",S$2:S$201,AO$2:AO$201)) | Y4: =IF(T4="","",_xlfn.XLOOKUP(T4&"3",S$2:S$201,B$2:B$201)) | Z4: =IF($T4="","",_xlfn.XLOOKUP($T4&"3",S$2:S$201,AO$2:AO$201)) | AA4: =IF(T4="","",V4+X4+Z4) | AB4: =IF(AA4="","",RANK(AA4,AA$2:AA$201,1)) | AC4: =IF(OR(D4="MSEN",D4="MV40",D4="MV50",D4="MV60",D4="MV70",D4="MV80",D4="MU23",D4="MU20",D4="MU18",D4="MU16",D4="MU14",D4="MU12",D4="MU10"),COUNTIF(D$2:D4,"M*"),"") -> 3 | AD4: =IF(OR(D4="MU23",D4="MU20",D4="MU18",D4="MU16",D4="MU14",D4="MU12",D4="MU10"),COUNTIF(D$2:D4,"MU*"),"") | AE4: {=IF(OR(D4="MU20",D4="MU18",D4="MU16",D4="MU14",D4="MU12",D4="MU10"),SUM(COUNTIF(D$2:D4,{"MU20","MU18","MU16","MU14","MU12","MU10"})),"")} | AF4: {=IF(OR(D4="MU18",D4="MU16",D4="MU14",D4="MU12",D4="MU10"),SUM(COUNTIF(D$2:D4,{"MU18","MU16","MU14","MU12","MU10"})),"")} | AG4: =IF(OR(D4="MU16"),COUNTIF(D$2:D4,"MU16"),"") | AH4: =IF(OR(D4="MU14"),COUNTIF(D$2:D4,"MU14"),"") | AI4: =IF(OR(D4="MU12"),COUNTIF(D$2:D4,"MU12"),"") | AJ4: =IF(OR(D4="MU10"),COUNTIF(D$2:D4,"MU10"),"") | AK4: =IF(OR(D4="MV40",D4="MV50",D4="MV60",D4="MV70",D4="MV80"),COUNTIF(D$2:D4,"MV*"),"") -> 2 | AL4: =IF(OR(D4="MV50",D4="MV60",D4="MV70",D4="MV80"),COUNTIF(D$2:D4,"MV50")+COUNTIF(D$2:D4,"MV60")+COUNTIF(D$2:D4,"MV70")+COUNTIF(D$2:D4,"MV80"),"") -> 1 | AM4: =IF(OR(D4="MV60",D4="MV70",D4="MV80"),COUNTIF(D$2:D4,"MV60")+COUNTIF(D$2:D4,"MV70")+COUNTIF(D$2:D4,"MV80"),"") | AN4: =IF(OR(D4="MV70",D4="MV80"),COUNTIF(D$2:D4,"MV70")+COUNTIF(D$2:D4,"MV80"),"") | AO4: =IF(OR(D4="FSEN",D4="FV40",D4="FV50",D4="FV60",D4="FV70",D4="FV80",D4="FU23",D4="FU20",D4="FU18",D4="FU16",D4="FU14",D4="FU12",D4="FU10"),COUNTIF(D$2:D4,"F*"),"") | AP4: =IF(OR(D4="FU23",D4="FU20",D4="FU18",D4="FU16",D4="FU14",D4="FU12",D4="FU10"),COUNTIF(D$2:D4,"FU*"),"") | AQ4: {=IF(OR(D4="FU20",D4="FU18",D4="FU16",D4="FU14",D4="FU12",D4="FU10"),SUM(COUNTIF(D$2:D4,{"FU20","FU18","FU16","FU14","FU12","FU10"})),"")} | AR4: {=IF(OR(D4="FU18",D4="FU16",D4="FU14",D4="FU12",D4="FU10"),SUM(COUNTIF(D$2:D4,{"FU18","FU16","FU14","FU12","FU10"})),"")} | AS4: =IF(OR(D4="FU16"),COUNTIF(D$2:D4,"FU16"),"") | AT4: =IF(OR(D4="FU14"),COUNTIF(D$2:D4,"FU14"),"") | AU4: =IF(OR(D4="FU12"),COUNTIF(D$2:D4,"FU12"),"") | AV4: =IF(OR(D4="FU10"),COUNTIF(D$2:D4,"FU10"),"") | AW4: =IF(OR(D4="FV40",D4="FV50",D4="FV60",D4="FV70",D4="FV80"),COUNTIF(D$2:D4,"FV*"),"") | AX4: =IF(OR(D4="FV50",D4="FV60",D4="FV70",D4="FV80"),COUNTIF(D$2:D4,"FV50")+COUNTIF(D$2:D4,"FV60")+COUNTIF(D$2:D4,"FV70")+COUNTIF(D$2:D4,"FV80"),"") | AY4: =IF(OR(D4="FV60",D4="FV70",D4="FV80"),COUNTIF(D$2:D4,"FV60")+COUNTIF(D$2:D4,"FV70")+COUNTIF(D$2:D4,"FV80"),"") | AZ4: =IF(OR(D4="FV70",D4="FV80"),COUNTIF(D$2:D4,"FV70")+COUNTIF(D$2:D4,"FV80"),"")
A5: 4 | B5: James Turnbull | C5: Keswick AC | D5: MSEN | E5: 0.063784722 | F5: =LEFT(D5,1) -> M | G5: =IF(OR(C5="",C5=" ",C5="FRA",C5="unattached",C5="(no club)",F5="F"),"",COUNTIFS(C$2:C5,C5,D$2:D5,"M*")) -> 2 | H5: =IF(G5="","",C5&G5) -> Keswick AC2 | I5: =IF(G5=3,C5,"") | J5: =IF($I5="","",_xlfn.XLOOKUP($I5&"1",H$2:H$201,B$2:B$201)) | K5: =IF($I5="","",_xlfn.XLOOKUP($I5&"1",H$2:H$201,AC$2:AC$201)) | L5: =IF(I5="","",_xlfn.XLOOKUP(I5&"2",H$2:H$201,B$2:B$201)) | M5: =IF($I5="","",_xlfn.XLOOKUP($I5&"2",H$2:H$201,AC$2:AC$201)) | N5: =IF(I5="","",_xlfn.XLOOKUP(I5&"3",H$2:H$201,B$2:B$201)) | O5: =IF($I5="","",_xlfn.XLOOKUP($I5&"3",H$2:H$201,AC$2:AC$201)) | P5: =IF(I5="","",K5+M5+O5) | Q5: =IF(P5="","",RANK(P5,P$2:P$201,1)) | R5: =IF(OR(C5="",C5=" ",C5="FRA",C5="unattached",C5="(no club)",F5="M"),"",COUNTIFS(C$2:C5,C5,D$2:D5,"F*")) | S5: =IF(R5="","",C5&R5) | T5: =IF(R5=3,C5,"") | U5: =IF(T5="","",_xlfn.XLOOKUP(T5&"1",S$2:S$201,B$2:B$201)) | V5: =IF($T5="","",_xlfn.XLOOKUP($T5&"1",S$2:S$201,AO$2:AO$201)) | W5: =IF(T5="","",_xlfn.XLOOKUP(T5&"2",S$2:S$201,B$2:B$201)) | X5: =IF($T5="","",_xlfn.XLOOKUP($T5&"2",S$2:S$201,AO$2:AO$201)) | Y5: =IF(T5="","",_xlfn.XLOOKUP(T5&"3",S$2:S$201,B$2:B$201)) | Z5: =IF($T5="","",_xlfn.XLOOKUP($T5&"3",S$2:S$201,AO$2:AO$201)) | AA5: =IF(T5="","",V5+X5+Z5) | AB5: =IF(AA5="","",RANK(AA5,AA$2:AA$201,1)) | AC5: =IF(OR(D5="MSEN",D5="MV40",D5="MV50",D5="MV60",D5="MV70",D5="MV80",D5="MU23",D5="MU20",D5="MU18",D5="MU16",D5="MU14",D5="MU12",D5="MU10"),COUNTIF(D$2:D5,"M*"),"") -> 4 | AD5: =IF(OR(D5="MU23",D5="MU20",D5="MU18",D5="MU16",D5="MU14",D5="MU12",D5="MU10"),COUNTIF(D$2:D5,"MU*"),"") | AE5: {=IF(OR(D5="MU20",D5="MU18",D5="MU16",D5="MU14",D5="MU12",D5="MU10"),SUM(COUNTIF(D$2:D5,{"MU20","MU18","MU16","MU14","MU12","MU10"})),"")} | AF5: {=IF(OR(D5="MU18",D5="MU16",D5="MU14",D5="MU12",D5="MU10"),SUM(COUNTIF(D$2:D5,{"MU18","MU16","MU14","MU12","MU10"})),"")} | AG5: =IF(OR(D5="MU16"),COUNTIF(D$2:D5,"MU16"),"") | AH5: =IF(OR(D5="MU14"),COUNTIF(D$2:D5,"MU14"),"") | AI5: =IF(OR(D5="MU12"),COUNTIF(D$2:D5,"MU12"),"") | AJ5: =IF(OR(D5="MU10"),COUNTIF(D$2:D5,"MU10"),"") | AK5: =IF(OR(D5="MV40",D5="MV50",D5="MV60",D5="MV70",D5="MV80"),COUNTIF(D$2:D5,"MV*"),"") | AL5: =IF(OR(D5="MV50",D5="MV60",D5="MV70",D5="MV80"),COUNTIF(D$2:D5,"MV50")+COUNTIF(D$2:D5,"MV60")+COUNTIF(D$2:D5,"MV70")+COUNTIF(D$2:D5,"MV80"),"") | AM5: =IF(OR(D5="MV60",D5="MV70",D5="MV80"),COUNTIF(D$2:D5,"MV60")+COUNTIF(D$2:D5,"MV70")+COUNTIF(D$2:D5,"MV80"),"") | AN5: =IF(OR(D5="MV70",D5="MV80"),COUNTIF(D$2:D5,"MV70")+COUNTIF(D$2:D5,"MV80"),"") | AO5: =IF(OR(D5="FSEN",D5="FV40",D5="FV50",D5="FV60",D5="FV70",D5="FV80",D5="FU23",D5="FU20",D5="FU18",D5="FU16",D5="FU14",D5="FU12",D5="FU10"),COUNTIF(D$2:D5,"F*"),"") | AP5: =IF(OR(D5="FU23",D5="FU20",D5="FU18",D5="FU16",D5="FU14",D5="FU12",D5="FU10"),COUNTIF(D$2:D5,"FU*"),"") | AQ5: {=IF(OR(D5="FU20",D5="FU18",D5="FU16",D5="FU14",D5="FU12",D5="FU10"),SUM(COUNTIF(D$2:D5,{"FU20","FU18","FU16","FU14","FU12","FU10"})),"")} | AR5: {=IF(OR(D5="FU18",D5="FU16",D5="FU14",D5="FU12",D5="FU10"),SUM(COUNTIF(D$2:D5,{"FU18","FU16","FU14","FU12","FU10"})),"")} | AS5: =IF(OR(D5="FU16"),COUNTIF(D$2:D5,"FU16"),"") | AT5: =IF(OR(D5="FU14"),COUNTIF(D$2:D5,"FU14"),"") | AU5: =IF(OR(D5="FU12"),COUNTIF(D$2:D5,"FU12"),"") | AV5: =IF(OR(D5="FU10"),COUNTIF(D$2:D5,"FU10"),"") | AW5: =IF(OR(D5="FV40",D5="FV50",D5="FV60",D5="FV70",D5="FV80"),COUNTIF(D$2:D5,"FV*"),"") | AX5: =IF(OR(D5="FV50",D5="FV60",D5="FV70",D5="FV80"),COUNTIF(D$2:D5,"FV50")+COUNTIF(D$2:D5,"FV60")+COUNTIF(D$2:D5,"FV70")+COUNTIF(D$2:D5,"FV80"),"") | AY5: =IF(OR(D5="FV60",D5="FV70",D5="FV80"),COUNTIF(D$2:D5,"FV60")+COUNTIF(D$2:D5,"FV70")+COUNTIF(D$2:D5,"FV80"),"") | AZ5: =IF(OR(D5="FV70",D5="FV80"),COUNTIF(D$2:D5,"FV70")+COUNTIF(D$2:D5,"FV80"),"")
A6: 5 | B6: Jonny Howe | C6: Eden Runners | D6: MSEN | E6: 0.063796296 | F6: =LEFT(D6,1) -> M | G6: =IF(OR(C6="",C6=" ",C6="FRA",C6="unattached",C6="(no club)",F6="F"),"",COUNTIFS(C$2:C6,C6,D$2:D6,"M*")) -> 2 | H6: =IF(G6="","",C6&G6) -> Eden Runners2 | I6: =IF(G6=3,C6,"") | J6: =IF($I6="","",_xlfn.XLOOKUP($I6&"1",H$2:H$201,B$2:B$201)) | K6: =IF($I6="","",_xlfn.XLOOKUP($I6&"1",H$2:H$201,AC$2:AC$201)) | L6: =IF(I6="","",_xlfn.XLOOKUP(I6&"2",H$2:H$201,B$2:B$201)) | M6: =IF($I6="","",_xlfn.XLOOKUP($I6&"2",H$2:H$201,AC$2:AC$201)) | N6: =IF(I6="","",_xlfn.XLOOKUP(I6&"3",H$2:H$201,B$2:B$201)) | O6: =IF($I6="","",_xlfn.XLOOKUP($I6&"3",H$2:H$201,AC$2:AC$201)) | P6: =IF(I6="","",K6+M6+O6) | Q6: =IF(P6="","",RANK(P6,P$2:P$201,1)) | R6: =IF(OR(C6="",C6=" ",C6="FRA",C6="unattached",C6="(no club)",F6="M"),"",COUNTIFS(C$2:C6,C6,D$2:D6,"F*")) | S6: =IF(R6="","",C6&R6) | T6: =IF(R6=3,C6,"") | U6: =IF(T6="","",_xlfn.XLOOKUP(T6&"1",S$2:S$201,B$2:B$201)) | V6: =IF($T6="","",_xlfn.XLOOKUP($T6&"1",S$2:S$201,AO$2:AO$201)) | W6: =IF(T6="","",_xlfn.XLOOKUP(T6&"2",S$2:S$201,B$2:B$201)) | X6: =IF($T6="","",_xlfn.XLOOKUP($T6&"2",S$2:S$201,AO$2:AO$201)) | Y6: =IF(T6="","",_xlfn.XLOOKUP(T6&"3",S$2:S$201,B$2:B$201)) | Z6: =IF($T6="","",_xlfn.XLOOKUP($T6&"3",S$2:S$201,AO$2:AO$201)) | AA6: =IF(T6="","",V6+X6+Z6) | AB6: =IF(AA6="","",RANK(AA6,AA$2:AA$201,1)) | AC6: =IF(OR(D6="MSEN",D6="MV40",D6="MV50",D6="MV60",D6="MV70",D6="MV80",D6="MU23",D6="MU20",D6="MU18",D6="MU16",D6="MU14",D6="MU12",D6="MU10"),COUNTIF(D$2:D6,"M*"),"") -> 5 | AD6: =IF(OR(D6="MU23",D6="MU20",D6="MU18",D6="MU16",D6="MU14",D6="MU12",D6="MU10"),COUNTIF(D$2:D6,"MU*"),"") | AE6: {=IF(OR(D6="MU20",D6="MU18",D6="MU16",D6="MU14",D6="MU12",D6="MU10"),SUM(COUNTIF(D$2:D6,{"MU20","MU18","MU16","MU14","MU12","MU10"})),"")} | AF6: {=IF(OR(D6="MU18",D6="MU16",D6="MU14",D6="MU12",D6="MU10"),SUM(COUNTIF(D$2:D6,{"MU18","MU16","MU14","MU12","MU10"})),"")} | AG6: =IF(OR(D6="MU16"),COUNTIF(D$2:D6,"MU16"),"") | AH6: =IF(OR(D6="MU14"),COUNTIF(D$2:D6,"MU14"),"") | AI6: =IF(OR(D6="MU12"),COUNTIF(D$2:D6,"MU12"),"") | AJ6: =IF(OR(D6="MU10"),COUNTIF(D$2:D6,"MU10"),"") | AK6: =IF(OR(D6="MV40",D6="MV50",D6="MV60",D6="MV70",D6="MV80"),COUNTIF(D$2:D6,"MV*"),"") | AL6: =IF(OR(D6="MV50",D6="MV60",D6="MV70",D6="MV80"),COUNTIF(D$2:D6,"MV50")+COUNTIF(D$2:D6,"MV60")+COUNTIF(D$2:D6,"MV70")+COUNTIF(D$2:D6,"MV80"),"") | AM6: =IF(OR(D6="MV60",D6="MV70",D6="MV80"),COUNTIF(D$2:D6,"MV60")+COUNTIF(D$2:D6,"MV70")+COUNTIF(D$2:D6,"MV80"),"") | AN6: =IF(OR(D6="MV70",D6="MV80"),COUNTIF(D$2:D6,"MV70")+COUNTIF(D$2:D6,"MV80"),"") | AO6: =IF(OR(D6="FSEN",D6="FV40",D6="FV50",D6="FV60",D6="FV70",D6="FV80",D6="FU23",D6="FU20",D6="FU18",D6="FU16",D6="FU14",D6="FU12",D6="FU10"),COUNTIF(D$2:D6,"F*"),"") | AP6: =IF(OR(D6="FU23",D6="FU20",D6="FU18",D6="FU16",D6="FU14",D6="FU12",D6="FU10"),COUNTIF(D$2:D6,"FU*"),"") | AQ6: {=IF(OR(D6="FU20",D6="FU18",D6="FU16",D6="FU14",D6="FU12",D6="FU10"),SUM(COUNTIF(D$2:D6,{"FU20","FU18","FU16","FU14","FU12","FU10"})),"")} | AR6: {=IF(OR(D6="FU18",D6="FU16",D6="FU14",D6="FU12",D6="FU10"),SUM(COUNTIF(D$2:D6,{"FU18","FU16","FU14","FU12","FU10"})),"")} | AS6: =IF(OR(D6="FU16"),COUNTIF(D$2:D6,"FU16"),"") | AT6: =IF(OR(D6="FU14"),COUNTIF(D$2:D6,"FU14"),"") | AU6: =IF(OR(D6="FU12"),COUNTIF(D$2:D6,"FU12"),"") | AV6: =IF(OR(D6="FU10"),COUNTIF(D$2:D6,"FU10"),"") | AW6: =IF(OR(D6="FV40",D6="FV50",D6="FV60",D6="FV70",D6="FV80"),COUNTIF(D$2:D6,"FV*"),"") | AX6: =IF(OR(D6="FV50",D6="FV60",D6="FV70",D6="FV80"),COUNTIF(D$2:D6,"FV50")+COUNTIF(D$2:D6,"FV60")+COUNTIF(D$2:D6,"FV70")+COUNTIF(D$2:D6,"FV80"),"") | AY6: =IF(OR(D6="FV60",D6="FV70",D6="FV80"),COUNTIF(D$2:D6,"FV60")+COUNTIF(D$2:D6,"FV70")+COUNTIF(D$2:D6,"FV80"),"") | AZ6: =IF(OR(D6="FV70",D6="FV80"),COUNTIF(D$2:D6,"FV70")+COUNTIF(D$2:D6,"FV80"),"")
A7: 6 | B7: Mike Rudd | C7: Northern Fells Running Club | D7: MV50 | E7: 0.065462963 | F7: =LEFT(D7,1) -> M | G7: =IF(OR(C7="",C7=" ",C7="FRA",C7="unattached",C7="(no club)",F7="F"),"",COUNTIFS(C$2:C7,C7,D$2:D7,"M*")) -> 1 | H7: =IF(G7="","",C7&G7) -> Northern Fells Running Club1 | I7: =IF(G7=3,C7,"") | J7: =IF($I7="","",_xlfn.XLOOKUP($I7&"1",H$2:H$201,B$2:B$201)) | K7: =IF($I7="","",_xlfn.XLOOKUP($I7&"1",H$2:H$201,AC$2:AC$201)) | L7: =IF(I7="","",_xlfn.XLOOKUP(I7&"2",H$2:H$201,B$2:B$201)) | M7: =IF($I7="","",_xlfn.XLOOKUP($I7&"2",H$2:H$201,AC$2:AC$201)) | N7: =IF(I7="","",_xlfn.XLOOKUP(I7&"3",H$2:H$201,B$2:B$201)) | O7: =IF($I7="","",_xlfn.XLOOKUP($I7&"3",H$2:H$201,AC$2:AC$201)) | P7: =IF(I7="","",K7+M7+O7) | Q7: =IF(P7="","",RANK(P7,P$2:P$201,1)) | R7: =IF(OR(C7="",C7=" ",C7="FRA",C7="unattached",C7="(no club)",F7="M"),"",COUNTIFS(C$2:C7,C7,D$2:D7,"F*")) | S7: =IF(R7="","",C7&R7) | T7: =IF(R7=3,C7,"") | U7: =IF(T7="","",_xlfn.XLOOKUP(T7&"1",S$2:S$201,B$2:B$201)) | V7: =IF($T7="","",_xlfn.XLOOKUP($T7&"1",S$2:S$201,AO$2:AO$201)) | W7: =IF(T7="","",_xlfn.XLOOKUP(T7&"2",S$2:S$201,B$2:B$201)) | X7: =IF($T7="","",_xlfn.XLOOKUP($T7&"2",S$2:S$201,AO$2:AO$201)) | Y7: =IF(T7="","",_xlfn.XLOOKUP(T7&"3",S$2:S$201,B$2:B$201)) | Z7: =IF($T7="","",_xlfn.XLOOKUP($T7&"3",S$2:S$201,AO$2:AO$201)) | AA7: =IF(T7="","",V7+X7+Z7) | AB7: =IF(AA7="","",RANK(AA7,AA$2:AA$201,1)) | AC7: =IF(OR(D7="MSEN",D7="MV40",D7="MV50",D7="MV60",D7="MV70",D7="MV80",D7="MU23",D7="MU20",D7="MU18",D7="MU16",D7="MU14",D7="MU12",D7="MU10"),COUNTIF(D$2:D7,"M*"),"") -> 6 | AD7: =IF(OR(D7="MU23",D7="MU20",D7="MU18",D7="MU16",D7="MU14",D7="MU12",D7="MU10"),COUNTIF(D$2:D7,"MU*"),"") | AE7: {=IF(OR(D7="MU20",D7="MU18",D7="MU16",D7="MU14",D7="MU12",D7="MU10"),SUM(COUNTIF(D$2:D7,{"MU20","MU18","MU16","MU14","MU12","MU10"})),"")} | AF7: {=IF(OR(D7="MU18",D7="MU16",D7="MU14",D7="MU12",D7="MU10"),SUM(COUNTIF(D$2:D7,{"MU18","MU16","MU14","MU12","MU10"})),"")} | AG7: =IF(OR(D7="MU16"),COUNTIF(D$2:D7,"MU16"),"") | AH7: =IF(OR(D7="MU14"),COUNTIF(D$2:D7,"MU14"),"") | AI7: =IF(OR(D7="MU12"),COUNTIF(D$2:D7,"MU12"),"") | AJ7: =IF(OR(D7="MU10"),COUNTIF(D$2:D7,"MU10"),"") | AK7: =IF(OR(D7="MV40",D7="MV50",D7="MV60",D7="MV70",D7="MV80"),COUNTIF(D$2:D7,"MV*"),"") -> 3 | AL7: =IF(OR(D7="MV50",D7="MV60",D7="MV70",D7="MV80"),COUNTIF(D$2:D7,"MV50")+COUNTIF(D$2:D7,"MV60")+COUNTIF(D$2:D7,"MV70")+COUNTIF(D$2:D7,"MV80"),"") -> 2 | AM7: =IF(OR(D7="MV60",D7="MV70",D7="MV80"),COUNTIF(D$2:D7,"MV60")+COUNTIF(D$2:D7,"MV70")+COUNTIF(D$2:D7,"MV80"),"") | AN7: =IF(OR(D7="MV70",D7="MV80"),COUNTIF(D$2:D7,"MV70")+COUNTIF(D$2:D7,"MV80"),"") | AO7: =IF(OR(D7="FSEN",D7="FV40",D7="FV50",D7="FV60",D7="FV70",D7="FV80",D7="FU23",D7="FU20",D7="FU18",D7="FU16",D7="FU14",D7="FU12",D7="FU10"),COUNTIF(D$2:D7,"F*"),"") | AP7: =IF(OR(D7="FU23",D7="FU20",D7="FU18",D7="FU16",D7="FU14",D7="FU12",D7="FU10"),COUNTIF(D$2:D7,"FU*"),"") | AQ7: {=IF(OR(D7="FU20",D7="FU18",D7="FU16",D7="FU14",D7="FU12",D7="FU10"),SUM(COUNTIF(D$2:D7,{"FU20","FU18","FU16","FU14","FU12","FU10"})),"")} | AR7: {=IF(OR(D7="FU18",D7="FU16",D7="FU14",D7="FU12",D7="FU10"),SUM(COUNTIF(D$2:D7,{"FU18","FU16","FU14","FU12","FU10"})),"")} | AS7: =IF(OR(D7="FU16"),COUNTIF(D$2:D7,"FU16"),"") | AT7: =IF(OR(D7="FU14"),COUNTIF(D$2:D7,"FU14"),"") | AU7: =IF(OR(D7="FU12"),COUNTIF(D$2:D7,"FU12"),"") | AV7: =IF(OR(D7="FU10"),COUNTIF(D$2:D7,"FU10"),"") | AW7: =IF(OR(D7="FV40",D7="FV50",D7="FV60",D7="FV70",D7="FV80"),COUNTIF(D$2:D7,"FV*"),"") | AX7: =IF(OR(D7="FV50",D7="FV60",D7="FV70",D7="FV80"),COUNTIF(D$2:D7,"FV50")+COUNTIF(D$2:D7,"FV60")+COUNTIF(D$2:D7,"FV70")+COUNTIF(D$2:D7,"FV80"),"") | AY7: =IF(OR(D7="FV60",D7="FV70",D7="FV80"),COUNTIF(D$2:D7,"FV60")+COUNTIF(D$2:D7,"FV70")+COUNTIF(D$2:D7,"FV80"),"") | AZ7: =IF(OR(D7="FV70",D7="FV80"),COUNTIF(D$2:D7,"FV70")+COUNTIF(D$2:D7,"FV80"),"")
A8: 7 | B8: Kester Webb | C8: Keswick AC | D8: MSEN | E8: 0.0665625 | F8: =LEFT(D8,1) -> M | G8: =IF(OR(C8="",C8=" ",C8="FRA",C8="unattached",C8="(no club)",F8="F"),"",COUNTIFS(C$2:C8,C8,D$2:D8,"M*")) -> 3 | H8: =IF(G8="","",C8&G8) -> Keswick AC3 | I8: =IF(G8=3,C8,"") -> Keswick AC | J8: =IF($I8="","",_xlfn.XLOOKUP($I8&"1",H$2:H$201,B$2:B$201)) -> Steve Hebblethwaite | K8: =IF($I8="","",_xlfn.XLOOKUP($I8&"1",H$2:H$201,AC$2:AC$201)) -> 1 | L8: =IF(I8="","",_xlfn.XLOOKUP(I8&"2",H$2:H$201,B$2:B$201)) -> James Turnbull | M8: =IF($I8="","",_xlfn.XLOOKUP($I8&"2",H$2:H$201,AC$2:AC$201)) -> 4 | N8: =IF(I8="","",_xlfn.XLOOKUP(I8&"3",H$2:H$201,B$2:B$201)) -> Kester Webb | O8: =IF($I8="","",_xlfn.XLOOKUP($I8&"3",H$2:H$201,AC$2:AC$201)) -> 7 | P8: =IF(I8="","",K8+M8+O8) -> 12 | Q8: =IF(P8="","",RANK(P8,P$2:P$201,1)) -> 1 | R8: =IF(OR(C8="",C8=" ",C8="FRA",C8="unattached",C8="(no club)",F8="M"),"",COUNTIFS(C$2:C8,C8,D$2:D8,"F*")) | S8: =IF(R8="","",C8&R8) | T8: =IF(R8=3,C8,"") | U8: =IF(T8="","",_xlfn.XLOOKUP(T8&"1",S$2:S$201,B$2:B$201)) | V8: =IF($T8="","",_xlfn.XLOOKUP($T8&"1",S$2:S$201,AO$2:AO$201)) | W8: =IF(T8="","",_xlfn.XLOOKUP(T8&"2",S$2:S$201,B$2:B$201)) | X8: =IF($T8="","",_xlfn.XLOOKUP($T8&"2",S$2:S$201,AO$2:AO$201)) | Y8: =IF(T8="","",_xlfn.XLOOKUP(T8&"3",S$2:S$201,B$2:B$201)) | Z8: =IF($T8="","",_xlfn.XLOOKUP($T8&"3",S$2:S$201,AO$2:AO$201)) | AA8: =IF(T8="","",V8+X8+Z8) | AB8: =IF(AA8="","",RANK(AA8,AA$2:AA$201,1)) | AC8: =IF(OR(D8="MSEN",D8="MV40",D8="MV50",D8="MV60",D8="MV70",D8="MV80",D8="MU23",D8="MU20",D8="MU18",D8="MU16",D8="MU14",D8="MU12",D8="MU10"),COUNTIF(D$2:D8,"M*"),"") -> 7 | AD8: =IF(OR(D8="MU23",D8="MU20",D8="MU18",D8="MU16",D8="MU14",D8="MU12",D8="MU10"),COUNTIF(D$2:D8,"MU*"),"") | AE8: {=IF(OR(D8="MU20",D8="MU18",D8="MU16",D8="MU14",D8="MU12",D8="MU10"),SUM(COUNTIF(D$2:D8,{"MU20","MU18","MU16","MU14","MU12","MU10"})),"")} | AF8: {=IF(OR(D8="MU18",D8="MU16",D8="MU14",D8="MU12",D8="MU10"),SUM(COUNTIF(D$2:D8,{"MU18","MU16","MU14","MU12","MU10"})),"")} | AG8: =IF(OR(D8="MU16"),COUNTIF(D$2:D8,"MU16"),"") | AH8: =IF(OR(D8="MU14"),COUNTIF(D$2:D8,"MU14"),"") | AI8: =IF(OR(D8="MU12"),COUNTIF(D$2:D8,"MU12"),"") | AJ8: =IF(OR(D8="MU10"),COUNTIF(D$2:D8,"MU10"),"") | AK8: =IF(OR(D8="MV40",D8="MV50",D8="MV60",D8="MV70",D8="MV80"),COUNTIF(D$2:D8,"MV*"),"") | AL8: =IF(OR(D8="MV50",D8="MV60",D8="MV70",D8="MV80"),COUNTIF(D$2:D8,"MV50")+COUNTIF(D$2:D8,"MV60")+COUNTIF(D$2:D8,"MV70")+COUNTIF(D$2:D8,"MV80"),"") | AM8: =IF(OR(D8="MV60",D8="MV70",D8="MV80"),COUNTIF(D$2:D8,"MV60")+COUNTIF(D$2:D8,"MV70")+COUNTIF(D$2:D8,"MV80"),"") | AN8: =IF(OR(D8="MV70",D8="MV80"),COUNTIF(D$2:D8,"MV70")+COUNTIF(D$2:D8,"MV80"),"") | AO8: =IF(OR(D8="FSEN",D8="FV40",D8="FV50",D8="FV60",D8="FV70",D8="FV80",D8="FU23",D8="FU20",D8="FU18",D8="FU16",D8="FU14",D8="FU12",D8="FU10"),COUNTIF(D$2:D8,"F*"),"") | AP8: =IF(OR(D8="FU23",D8="FU20",D8="FU18",D8="FU16",D8="FU14",D8="FU12",D8="FU10"),COUNTIF(D$2:D8,"FU*"),"") | AQ8: {=IF(OR(D8="FU20",D8="FU18",D8="FU16",D8="FU14",D8="FU12",D8="FU10"),SUM(COUNTIF(D$2:D8,{"FU20","FU18","FU16","FU14","FU12","FU10"})),"")} | AR8: {=IF(OR(D8="FU18",D8="FU16",D8="FU14",D8="FU12",D8="FU10"),SUM(COUNTIF(D$2:D8,{"FU18","FU16","FU14","FU12","FU10"})),"")} | AS8: =IF(OR(D8="FU16"),COUNTIF(D$2:D8,"FU16"),"") | AT8: =IF(OR(D8="FU14"),COUNTIF(D$2:D8,"FU14"),"") | AU8: =IF(OR(D8="FU12"),COUNTIF(D$2:D8,"FU12"),"") | AV8: =IF(OR(D8="FU10"),COUNTIF(D$2:D8,"FU10"),"") | AW8: =IF(OR(D8="FV40",D8="FV50",D8="FV60",D8="FV70",D8="FV80"),COUNTIF(D$2:D8,"FV*"),"") | AX8: =IF(OR(D8="FV50",D8="FV60",D8="FV70",D8="FV80"),COUNTIF(D$2:D8,"FV50")+COUNTIF(D$2:D8,"FV60")+COUNTIF(D$2:D8,"FV70")+COUNTIF(D$2:D8,"FV80"),"") | AY8: =IF(OR(D8="FV60",D8="FV70",D8="FV80"),COUNTIF(D$2:D8,"FV60")+COUNTIF(D$2:D8,"FV70")+COUNTIF(D$2:D8,"FV80"),"") | AZ8: =IF(OR(D8="FV70",D8="FV80"),COUNTIF(D$2:D8,"FV70")+COUNTIF(D$2:D8,"FV80"),"")
A9: 8 | B9: Andrew Bromley | C9: Netherhall AC | D9: MV40 | E9: 0.067326389 | F9: =LEFT(D9,1) -> M | G9: =IF(OR(C9="",C9=" ",C9="FRA",C9="unattached",C9="(no club)",F9="F"),"",COUNTIFS(C$2:C9,C9,D$2:D9,"M*")) -> 1 | H9: =IF(G9="","",C9&G9) -> Netherhall AC1 | I9: =IF(G9=3,C9,"") | J9: =IF($I9="","",_xlfn.XLOOKUP($I9&"1",H$2:H$201,B$2:B$201)) | K9: =IF($I9="","",_xlfn.XLOOKUP($I9&"1",H$2:H$201,AC$2:AC$201)) | L9: =IF(I9="","",_xlfn.XLOOKUP(I9&"2",H$2:H$201,B$2:B$201)) | M9: =IF($I9="","",_xlfn.XLOOKUP($I9&"2",H$2:H$201,AC$2:AC$201)) | N9: =IF(I9="","",_xlfn.XLOOKUP(I9&"3",H$2:H$201,B$2:B$201)) | O9: =IF($I9="","",_xlfn.XLOOKUP($I9&"3",H$2:H$201,AC$2:AC$201)) | P9: =IF(I9="","",K9+M9+O9) | Q9: =IF(P9="","",RANK(P9,P$2:P$201,1)) | R9: =IF(OR(C9="",C9=" ",C9="FRA",C9="unattached",C9="(no club)",F9="M"),"",COUNTIFS(C$2:C9,C9,D$2:D9,"F*")) | S9: =IF(R9="","",C9&R9) | T9: =IF(R9=3,C9,"") | U9: =IF(T9="","",_xlfn.XLOOKUP(T9&"1",S$2:S$201,B$2:B$201)) | V9: =IF($T9="","",_xlfn.XLOOKUP($T9&"1",S$2:S$201,AO$2:AO$201)) | W9: =IF(T9="","",_xlfn.XLOOKUP(T9&"2",S$2:S$201,B$2:B$201)) | X9: =IF($T9="","",_xlfn.XLOOKUP($T9&"2",S$2:S$201,AO$2:AO$201)) | Y9: =IF(T9="","",_xlfn.XLOOKUP(T9&"3",S$2:S$201,B$2:B$201)) | Z9: =IF($T9="","",_xlfn.XLOOKUP($T9&"3",S$2:S$201,AO$2:AO$201)) | AA9: =IF(T9="","",V9+X9+Z9) | AB9: =IF(AA9="","",RANK(AA9,AA$2:AA$201,1)) | AC9: =IF(OR(D9="MSEN",D9="MV40",D9="MV50",D9="MV60",D9="MV70",D9="MV80",D9="MU23",D9="MU20",D9="MU18",D9="MU16",D9="MU14",D9="MU12",D9="MU10"),COUNTIF(D$2:D9,"M*"),"") -> 8 | AD9: =IF(OR(D9="MU23",D9="MU20",D9="MU18",D9="MU16",D9="MU14",D9="MU12",D9="MU10"),COUNTIF(D$2:D9,"MU*"),"") | AE9: {=IF(OR(D9="MU20",D9="MU18",D9="MU16",D9="MU14",D9="MU12",D9="MU10"),SUM(COUNTIF(D$2:D9,{"MU20","MU18","MU16","MU14","MU12","MU10"})),"")} | AF9: {=IF(OR(D9="MU18",D9="MU16",D9="MU14",D9="MU12",D9="MU10"),SUM(COUNTIF(D$2:D9,{"MU18","MU16","MU14","MU12","MU10"})),"")} | AG9: =IF(OR(D9="MU16"),COUNTIF(D$2:D9,"MU16"),"") | AH9: =IF(OR(D9="MU14"),COUNTIF(D$2:D9,"MU14"),"") | AI9: =IF(OR(D9="MU12"),COUNTIF(D$2:D9,"MU12"),"") | AJ9: =IF(OR(D9="MU10"),COUNTIF(D$2:D9,"MU10"),"") | AK9: =IF(OR(D9="MV40",D9="MV50",D9="MV60",D9="MV70",D9="MV80"),COUNTIF(D$2:D9,"MV*"),"") -> 4 | AL9: =IF(OR(D9="MV50",D9="MV60",D9="MV70",D9="MV80"),COUNTIF(D$2:D9,"MV50")+COUNTIF(D$2:D9,"MV60")+COUNTIF(D$2:D9,"MV70")+COUNTIF(D$2:D9,"MV80"),"") | AM9: =IF(OR(D9="MV60",D9="MV70",D9="MV80"),COUNTIF(D$2:D9,"MV60")+COUNTIF(D$2:D9,"MV70")+COUNTIF(D$2:D9,"MV80"),"") | AN9: =IF(OR(D9="MV70",D9="MV80"),COUNTIF(D$2:D9,"MV70")+COUNTIF(D$2:D9,"MV80"),"") | AO9: =IF(OR(D9="FSEN",D9="FV40",D9="FV50",D9="FV60",D9="FV70",D9="FV80",D9="FU23",D9="FU20",D9="FU18",D9="FU16",D9="FU14",D9="FU12",D9="FU10"),COUNTIF(D$2:D9,"F*"),"") | AP9: =IF(OR(D9="FU23",D9="FU20",D9="FU18",D9="FU16",D9="FU14",D9="FU12",D9="FU10"),COUNTIF(D$2:D9,"FU*"),"") | AQ9: {=IF(OR(D9="FU20",D9="FU18",D9="FU16",D9="FU14",D9="FU12",D9="FU10"),SUM(COUNTIF(D$2:D9,{"FU20","FU18","FU16","FU14","FU12","FU10"})),"")} | AR9: {=IF(OR(D9="FU18",D9="FU16",D9="FU14",D9="FU12",D9="FU10"),SUM(COUNTIF(D$2:D9,{"FU18","FU16","FU14","FU12","FU10"})),"")} | AS9: =IF(OR(D9="FU16"),COUNTIF(D$2:D9,"FU16"),"") | AT9: =IF(OR(D9="FU14"),COUNTIF(D$2:D9,"FU14"),"") | AU9: =IF(OR(D9="FU12"),COUNTIF(D$2:D9,"FU12"),"") | AV9: =IF(OR(D9="FU10"),COUNTIF(D$2:D9,"FU10"),"") | AW9: =IF(OR(D9="FV40",D9="FV50",D9="FV60",D9="FV70",D9="FV80"),COUNTIF(D$2:D9,"FV*"),"") | AX9: =IF(OR(D9="FV50",D9="FV60",D9="FV70",D9="FV80"),COUNTIF(D$2:D9,"FV50")+COUNTIF(D$2:D9,"FV60")+COUNTIF(D$2:D9,"FV70")+COUNTIF(D$2:D9,"FV80"),"") | AY9: =IF(OR(D9="FV60",D9="FV70",D9="FV80"),COUNTIF(D$2:D9,"FV60")+COUNTIF(D$2:D9,"FV70")+COUNTIF(D$2:D9,"FV80"),"") | AZ9: =IF(OR(D9="FV70",D9="FV80"),COUNTIF(D$2:D9,"FV70")+COUNTIF(D$2:D9,"FV80"),"")
A10: 9 | B10: Joseph Fell | C10: Eden Runners | D10: MSEN | E10: 0.068125 | F10: =LEFT(D10,1) -> M | G10: =IF(OR(C10="",C10=" ",C10="FRA",C10="unattached",C10="(no club)",F10="F"),"",COUNTIFS(C$2:C10,C10,D$2:D10,"M*")) -> 3 | H10: =IF(G10="","",C10&G10) -> Eden Runners3 | I10: =IF(G10=3,C10,"") -> Eden Runners | J10: =IF($I10="","",_xlfn.XLOOKUP($I10&"1",H$2:H$201,B$2:B$201)) -> Tim Campbell | K10: =IF($I10="","",_xlfn.XLOOKUP($I10&"1",H$2:H$201,AC$2:AC$201)) -> 3 | L10: =IF(I10="","",_xlfn.XLOOKUP(I10&"2",H$2:H$201,B$2:B$201)) -> Jonny Howe | M10: =IF($I10="","",_xlfn.XLOOKUP($I10&"2",H$2:H$201,AC$2:AC$201)) -> 5 | N10: =IF(I10="","",_xlfn.XLOOKUP(I10&"3",H$2:H$201,B$2:B$201)) -> Joseph Fell | O10: =IF($I10="","",_xlfn.XLOOKUP($I10&"3",H$2:H$201,AC$2:AC$201)) -> 9 | P10: =IF(I10="","",K10+M10+O10) -> 17 | Q10: =IF(P10="","",RANK(P10,P$2:P$201,1)) -> 2 | R10: =IF(OR(C10="",C10=" ",C10="FRA",C10="unattached",C10="(no club)",F10="M"),"",COUNTIFS(C$2:C10,C10,D$2:D10,"F*")) | S10: =IF(R10="","",C10&R10) | T10: =IF(R10=3,C10,"") | U10: =IF(T10="","",_xlfn.XLOOKUP(T10&"1",S$2:S$201,B$2:B$201)) | V10: =IF($T10="","",_xlfn.XLOOKUP($T10&"1",S$2:S$201,AO$2:AO$201)) | W10: =IF(T10="","",_xlfn.XLOOKUP(T10&"2",S$2:S$201,B$2:B$201)) | X10: =IF($T10="","",_xlfn.XLOOKUP($T10&"2",S$2:S$201,AO$2:AO$201)) | Y10: =IF(T10="","",_xlfn.XLOOKUP(T10&"3",S$2:S$201,B$2:B$201)) | Z10: =IF($T10="","",_xlfn.XLOOKUP($T10&"3",S$2:S$201,AO$2:AO$201)) | AA10: =IF(T10="","",V10+X10+Z10) | AB10: =IF(AA10="","",RANK(AA10,AA$2:AA$201,1)) | AC10: =IF(OR(D10="MSEN",D10="MV40",D10="MV50",D10="MV60",D10="MV70",D10="MV80",D10="MU23",D10="MU20",D10="MU18",D10="MU16",D10="MU14",D10="MU12",D10="MU10"),COUNTIF(D$2:D10,"M*"),"") -> 9 | AD10: =IF(OR(D10="MU23",D10="MU20",D10="MU18",D10="MU16",D10="MU14",D10="MU12",D10="MU10"),COUNTIF(D$2:D10,"MU*"),"") | AE10: {=IF(OR(D10="MU20",D10="MU18",D10="MU16",D10="MU14",D10="MU12",D10="MU10"),SUM(COUNTIF(D$2:D10,{"MU20","MU18","MU16","MU14","MU12","MU10"})),"")} | AF10: {=IF(OR(D10="MU18",D10="MU16",D10="MU14",D10="MU12",D10="MU10"),SUM(COUNTIF(D$2:D10,{"MU18","MU16","MU14","MU12","MU10"})),"")} | AG10: =IF(OR(D10="MU16"),COUNTIF(D$2:D10,"MU16"),"") | AH10: =IF(OR(D10="MU14"),COUNTIF(D$2:D10,"MU14"),"") | AI10: =IF(OR(D10="MU12"),COUNTIF(D$2:D10,"MU12"),"") | AJ10: =IF(OR(D10="MU10"),COUNTIF(D$2:D10,"MU10"),"") | AK10: =IF(OR(D10="MV40",D10="MV50",D10="MV60",D10="MV70",D10="MV80"),COUNTIF(D$2:D10,"MV*"),"") | AL10: =IF(OR(D10="MV50",D10="MV60",D10="MV70",D10="MV80"),COUNTIF(D$2:D10,"MV50")+COUNTIF(D$2:D10,"MV60")+COUNTIF(D$2:D10,"MV70")+COUNTIF(D$2:D10,"MV80"),"") | AM10: =IF(OR(D10="MV60",D10="MV70",D10="MV80"),COUNTIF(D$2:D10,"MV60")+COUNTIF(D$2:D10,"MV70")+COUNTIF(D$2:D10,"MV80"),"") | AN10: =IF(OR(D10="MV70",D10="MV80"),COUNTIF(D$2:D10,"MV70")+COUNTIF(D$2:D10,"MV80"),"") | AO10: =IF(OR(D10="FSEN",D10="FV40",D10="FV50",D10="FV60",D10="FV70",D10="FV80",D10="FU23",D10="FU20",D10="FU18",D10="FU16",D10="FU14",D10="FU12",D10="FU10"),COUNTIF(D$2:D10,"F*"),"") | AP10: =IF(OR(D10="FU23",D10="FU20",D10="FU18",D10="FU16",D10="FU14",D10="FU12",D10="FU10"),COUNTIF(D$2:D10,"FU*"),"") | AQ10: {=IF(OR(D10="FU20",D10="FU18",D10="FU16",D10="FU14",D10="FU12",D10="FU10"),SUM(COUNTIF(D$2:D10,{"FU20","FU18","FU16","FU14","FU12","FU10"})),"")} | AR10: {=IF(OR(D10="FU18",D10="FU16",D10="FU14",D10="FU12",D10="FU10"),SUM(COUNTIF(D$2:D10,{"FU18","FU16","FU14","FU12","FU10"})),"")} | AS10: =IF(OR(D10="FU16"),COUNTIF(D$2:D10,"FU16"),"") | AT10: =IF(OR(D10="FU14"),COUNTIF(D$2:D10,"FU14"),"") | AU10: =IF(OR(D10="FU12"),COUNTIF(D$2:D10,"FU12"),"") | AV10: =IF(OR(D10="FU10"),COUNTIF(D$2:D10,"FU10"),"") | AW10: =IF(OR(D10="FV40",D10="FV50",D10="FV60",D10="FV70",D10="FV80"),COUNTIF(D$2:D10,"FV*"),"") | AX10: =IF(OR(D10="FV50",D10="FV60",D10="FV70",D10="FV80"),COUNTIF(D$2:D10,"FV50")+COUNTIF(D$2:D10,"FV60")+COUNTIF(D$2:D10,"FV70")+COUNTIF(D$2:D10,"FV80"),"") | AY10: =IF(OR(D10="FV60",D10="FV70",D10="FV80"),COUNTIF(D$2:D10,"FV60")+COUNTIF(D$2:D10,"FV70")+COUNTIF(D$2:D10,"FV80"),"") | AZ10: =IF(OR(D10="FV70",D10="FV80"),COUNTIF(D$2:D10,"FV70")+COUNTIF(D$2:D10,"FV80"),"")
A11: 10 | B11: Ed Gamble | C11: Keswick AC | D11: MV60 | E11: 0.068923611 | F11: =LEFT(D11,1) -> M | G11: =IF(OR(C11="",C11=" ",C11="FRA",C11="unattached",C11="(no club)",F11="F"),"",COUNTIFS(C$2:C11,C11,D$2:D11,"M*")) -> 4 | H11: =IF(G11="","",C11&G11) -> Keswick AC4 | I11: =IF(G11=3,C11,"") | J11: =IF($I11="","",_xlfn.XLOOKUP($I11&"1",H$2:H$201,B$2:B$201)) | K11: =IF($I11="","",_xlfn.XLOOKUP($I11&"1",H$2:H$201,AC$2:AC$201)) | L11: =IF(I11="","",_xlfn.XLOOKUP(I11&"2",H$2:H$201,B$2:B$201)) | M11: =IF($I11="","",_xlfn.XLOOKUP($I11&"2",H$2:H$201,AC$2:AC$201)) | N11: =IF(I11="","",_xlfn.XLOOKUP(I11&"3",H$2:H$201,B$2:B$201)) | O11: =IF($I11="","",_xlfn.XLOOKUP($I11&"3",H$2:H$201,AC$2:AC$201)) | P11: =IF(I11="","",K11+M11+O11) | Q11: =IF(P11="","",RANK(P11,P$2:P$201,1)) | R11: =IF(OR(C11="",C11=" ",C11="FRA",C11="unattached",C11="(no club)",F11="M"),"",COUNTIFS(C$2:C11,C11,D$2:D11,"F*")) | S11: =IF(R11="","",C11&R11) | T11: =IF(R11=3,C11,"") | U11: =IF(T11="","",_xlfn.XLOOKUP(T11&"1",S$2:S$201,B$2:B$201)) | V11: =IF($T11="","",_xlfn.XLOOKUP($T11&"1",S$2:S$201,AO$2:AO$201)) | W11: =IF(T11="","",_xlfn.XLOOKUP(T11&"2",S$2:S$201,B$2:B$201)) | X11: =IF($T11="","",_xlfn.XLOOKUP($T11&"2",S$2:S$201,AO$2:AO$201)) | Y11: =IF(T11="","",_xlfn.XLOOKUP(T11&"3",S$2:S$201,B$2:B$201)) | Z11: =IF($T11="","",_xlfn.XLOOKUP($T11&"3",S$2:S$201,AO$2:AO$201)) | AA11: =IF(T11="","",V11+X11+Z11) | AB11: =IF(AA11="","",RANK(AA11,AA$2:AA$201,1)) | AC11: =IF(OR(D11="MSEN",D11="MV40",D11="MV50",D11="MV60",D11="MV70",D11="MV80",D11="MU23",D11="MU20",D11="MU18",D11="MU16",D11="MU14",D11="MU12",D11="MU10"),COUNTIF(D$2:D11,"M*"),"") -> 10 | AD11: =IF(OR(D11="MU23",D11="MU20",D11="MU18",D11="MU16",D11="MU14",D11="MU12",D11="MU10"),COUNTIF(D$2:D11,"MU*"),"") | AE11: {=IF(OR(D11="MU20",D11="MU18",D11="MU16",D11="MU14",D11="MU12",D11="MU10"),SUM(COUNTIF(D$2:D11,{"MU20","MU18","MU16","MU14","MU12","MU10"})),"")} | AF11: {=IF(OR(D11="MU18",D11="MU16",D11="MU14",D11="MU12",D11="MU10"),SUM(COUNTIF(D$2:D11,{"MU18","MU16","MU14","MU12","MU10"})),"")} | AG11: =IF(OR(D11="MU16"),COUNTIF(D$2:D11,"MU16"),"") | AH11: =IF(OR(D11="MU14"),COUNTIF(D$2:D11,"MU14"),"") | AI11: =IF(OR(D11="MU12"),COUNTIF(D$2:D11,"MU12"),"") | AJ11: =IF(OR(D11="MU10"),COUNTIF(D$2:D11,"MU10"),"") | AK11: =IF(OR(D11="MV40",D11="MV50",D11="MV60",D11="MV70",D11="MV80"),COUNTIF(D$2:D11,"MV*"),"") -> 5 | AL11: =IF(OR(D11="MV50",D11="MV60",D11="MV70",D11="MV80"),COUNTIF(D$2:D11,"MV50")+COUNTIF(D$2:D11,"MV60")+COUNTIF(D$2:D11,"MV70")+COUNTIF(D$2:D11,"MV80"),"") -> 3 | AM11: =IF(OR(D11="MV60",D11="MV70",D11="MV80"),COUNTIF(D$2:D11,"MV60")+COUNTIF(D$2:D11,"MV70")+COUNTIF(D$2:D11,"MV80"),"") -> 1 | AN11: =IF(OR(D11="MV70",D11="MV80"),COUNTIF(D$2:D11,"MV70")+COUNTIF(D$2:D11,"MV80"),"") | AO11: =IF(OR(D11="FSEN",D11="FV40",D11="FV50",D11="FV60",D11="FV70",D11="FV80",D11="FU23",D11="FU20",D11="FU18",D11="FU16",D11="FU14",D11="FU12",D11="FU10"),COUNTIF(D$2:D11,"F*"),"") | AP11: =IF(OR(D11="FU23",D11="FU20",D11="FU18",D11="FU16",D11="FU14",D11="FU12",D11="FU10"),COUNTIF(D$2:D11,"FU*"),"") | AQ11: {=IF(OR(D11="FU20",D11="FU18",D11="FU16",D11="FU14",D11="FU12",D11="FU10"),SUM(COUNTIF(D$2:D11,{"FU20","FU18","FU16","FU14","FU12","FU10"})),"")} | AR11: {=IF(OR(D11="FU18",D11="FU16",D11="FU14",D11="FU12",D11="FU10"),SUM(COUNTIF(D$2:D11,{"FU18","FU16","FU14","FU12","FU10"})),"")} | AS11: =IF(OR(D11="FU16"),COUNTIF(D$2:D11,"FU16"),"") | AT11: =IF(OR(D11="FU14"),COUNTIF(D$2:D11,"FU14"),"") | AU11: =IF(OR(D11="FU12"),COUNTIF(D$2:D11,"FU12"),"") | AV11: =IF(OR(D11="FU10"),COUNTIF(D$2:D11,"FU10"),"") | AW11: =IF(OR(D11="FV40",D11="FV50",D11="FV60",D11="FV70",D11="FV80"),COUNTIF(D$2:D11,"FV*"),"") | AX11: =IF(OR(D11="FV50",D11="FV60",D11="FV70",D11="FV80"),COUNTIF(D$2:D11,"FV50")+COUNTIF(D$2:D11,"FV60")+COUNTIF(D$2:D11,"FV70")+COUNTIF(D$2:D11,"FV80"),"") | AY11: =IF(OR(D11="FV60",D11="FV70",D11="FV80"),COUNTIF(D$2:D11,"FV60")+COUNTIF(D$2:D11,"FV70")+COUNTIF(D$2:D11,"FV80"),"") | AZ11: =IF(OR(D11="FV70",D11="FV80"),COUNTIF(D$2:D11,"FV70")+COUNTIF(D$2:D11,"FV80"),"")
A12: 11 | B12: Glen Johnson | C12: Tadcaster Harriers | D12: MV60 | E12: 0.0696875 | F12: =LEFT(D12,1) -> M | G12: =IF(OR(C12="",C12=" ",C12="FRA",C12="unattached",C12="(no club)",F12="F"),"",COUNTIFS(C$2:C12,C12,D$2:D12,"M*")) -> 1 | H12: =IF(G12="","",C12&G12) -> Tadcaster Harriers1 | I12: =IF(G12=3,C12,"") | J12: =IF($I12="","",_xlfn.XLOOKUP($I12&"1",H$2:H$201,B$2:B$201)) | K12: =IF($I12="","",_xlfn.XLOOKUP($I12&"1",H$2:H$201,AC$2:AC$201)) | L12: =IF(I12="","",_xlfn.XLOOKUP(I12&"2",H$2:H$201,B$2:B$201)) | M12: =IF($I12="","",_xlfn.XLOOKUP($I12&"2",H$2:H$201,AC$2:AC$201)) | N12: =IF(I12="","",_xlfn.XLOOKUP(I12&"3",H$2:H$201,B$2:B$201)) | O12: =IF($I12="","",_xlfn.XLOOKUP($I12&"3",H$2:H$201,AC$2:AC$201)) | P12: =IF(I12="","",K12+M12+O12) | Q12: =IF(P12="","",RANK(P12,P$2:P$201,1)) | R12: =IF(OR(C12="",C12=" ",C12="FRA",C12="unattached",C12="(no club)",F12="M"),"",COUNTIFS(C$2:C12,C12,D$2:D12,"F*")) | S12: =IF(R12="","",C12&R12) | T12: =IF(R12=3,C12,"") | U12: =IF(T12="","",_xlfn.XLOOKUP(T12&"1",S$2:S$201,B$2:B$201)) | V12: =IF($T12="","",_xlfn.XLOOKUP($T12&"1",S$2:S$201,AO$2:AO$201)) | W12: =IF(T12="","",_xlfn.XLOOKUP(T12&"2",S$2:S$201,B$2:B$201)) | X12: =IF($T12="","",_xlfn.XLOOKUP($T12&"2",S$2:S$201,AO$2:AO$201)) | Y12: =IF(T12="","",_xlfn.XLOOKUP(T12&"3",S$2:S$201,B$2:B$201)) | Z12: =IF($T12="","",_xlfn.XLOOKUP($T12&"3",S$2:S$201,AO$2:AO$201)) | AA12: =IF(T12="","",V12+X12+Z12) | AB12: =IF(AA12="","",RANK(AA12,AA$2:AA$201,1)) | AC12: =IF(OR(D12="MSEN",D12="MV40",D12="MV50",D12="MV60",D12="MV70",D12="MV80",D12="MU23",D12="MU20",D12="MU18",D12="MU16",D12="MU14",D12="MU12",D12="MU10"),COUNTIF(D$2:D12,"M*"),"") -> 11 | AD12: =IF(OR(D12="MU23",D12="MU20",D12="MU18",D12="MU16",D12="MU14",D12="MU12",D12="MU10"),COUNTIF(D$2:D12,"MU*"),"") | AE12: {=IF(OR(D12="MU20",D12="MU18",D12="MU16",D12="MU14",D12="MU12",D12="MU10"),SUM(COUNTIF(D$2:D12,{"MU20","MU18","MU16","MU14","MU12","MU10"})),"")} | AF12: {=IF(OR(D12="MU18",D12="MU16",D12="MU14",D12="MU12",D12="MU10"),SUM(COUNTIF(D$2:D12,{"MU18","MU16","MU14","MU12","MU10"})),"")} | AG12: =IF(OR(D12="MU16"),COUNTIF(D$2:D12,"MU16"),"") | AH12: =IF(OR(D12="MU14"),COUNTIF(D$2:D12,"MU14"),"") | AI12: =IF(OR(D12="MU12"),COUNTIF(D$2:D12,"MU12"),"") | AJ12: =IF(OR(D12="MU10"),COUNTIF(D$2:D12,"MU10"),"") | AK12: =IF(OR(D12="MV40",D12="MV50",D12="MV60",D12="MV70",D12="MV80"),COUNTIF(D$2:D12,"MV*"),"") -> 6 | AL12: =IF(OR(D12="MV50",D12="MV60",D12="MV70",D12="MV80"),COUNTIF(D$2:D12,"MV50")+COUNTIF(D$2:D12,"MV60")+COUNTIF(D$2:D12,"MV70")+COUNTIF(D$2:D12,"MV80"),"") -> 4 | AM12: =IF(OR(D12="MV60",D12="MV70",D12="MV80"),COUNTIF(D$2:D12,"MV60")+COUNTIF(D$2:D12,"MV70")+COUNTIF(D$2:D12,"MV80"),"") -> 2 | AN12: =IF(OR(D12="MV70",D12="MV80"),COUNTIF(D$2:D12,"MV70")+COUNTIF(D$2:D12,"MV80"),"") | AO12: =IF(OR(D12="FSEN",D12="FV40",D12="FV50",D12="FV60",D12="FV70",D12="FV80",D12="FU23",D12="FU20",D12="FU18",D12="FU16",D12="FU14",D12="FU12",D12="FU10"),COUNTIF(D$2:D12,"F*"),"") | AP12: =IF(OR(D12="FU23",D12="FU20",D12="FU18",D12="FU16",D12="FU14",D12="FU12",D12="FU10"),COUNTIF(D$2:D12,"FU*"),"") | AQ12: {=IF(OR(D12="FU20",D12="FU18",D12="FU16",D12="FU14",D12="FU12",D12="FU10"),SUM(COUNTIF(D$2:D12,{"FU20","FU18","FU16","FU14","FU12","FU10"})),"")} | AR12: {=IF(OR(D12="FU18",D12="FU16",D12="FU14",D12="FU12",D12="FU10"),SUM(COUNTIF(D$2:D12,{"FU18","FU16","FU14","FU12","FU10"})),"")} | AS12: =IF(OR(D12="FU16"),COUNTIF(D$2:D12,"FU16"),"") | AT12: =IF(OR(D12="FU14"),COUNTIF(D$2:D12,"FU14"),"") | AU12: =IF(OR(D12="FU12"),COUNTIF(D$2:D12,"FU12"),"") | AV12: =IF(OR(D12="FU10"),COUNTIF(D$2:D12,"FU10"),"") | AW12: =IF(OR(D12="FV40",D12="FV50",D12="FV60",D12="FV70",D12="FV80"),COUNTIF(D$2:D12,"FV*"),"") | AX12: =IF(OR(D12="FV50",D12="FV60",D12="FV70",D12="FV80"),COUNTIF(D$2:D12,"FV50")+COUNTIF(D$2:D12,"FV60")+COUNTIF(D$2:D12,"FV70")+COUNTIF(D$2:D12,"FV80"),"") | AY12: =IF(OR(D12="FV60",D12="FV70",D12="FV80"),COUNTIF(D$2:D12,"FV60")+COUNTIF(D$2:D12,"FV70")+COUNTIF(D$2:D12,"FV80"),"") | AZ12: =IF(OR(D12="FV70",D12="FV80"),COUNTIF(D$2:D12,"FV70")+COUNTIF(D$2:D12,"FV80"),"")
A13: 12 | B13: John Duff | C13: Keswick AC | D13: MV50 | E13: 0.07025463 | F13: =LEFT(D13,1) -> M | G13: =IF(OR(C13="",C13=" ",C13="FRA",C13="unattached",C13="(no club)",F13="F"),"",COUNTIFS(C$2:C13,C13,D$2:D13,"M*")) -> 5 | H13: =IF(G13="","",C13&G13) -> Keswick AC5 | I13: =IF(G13=3,C13,"") | J13: =IF($I13="","",_xlfn.XLOOKUP($I13&"1",H$2:H$201,B$2:B$201)) | K13: =IF($I13="","",_xlfn.XLOOKUP($I13&"1",H$2:H$201,AC$2:AC$201)) | L13: =IF(I13="","",_xlfn.XLOOKUP(I13&"2",H$2:H$201,B$2:B$201)) | M13: =IF($I13="","",_xlfn.XLOOKUP($I13&"2",H$2:H$201,AC$2:AC$201)) | N13: =IF(I13="","",_xlfn.XLOOKUP(I13&"3",H$2:H$201,B$2:B$201)) | O13: =IF($I13="","",_xlfn.XLOOKUP($I13&"3",H$2:H$201,AC$2:AC$201)) | P13: =IF(I13="","",K13+M13+O13) | Q13: =IF(P13="","",RANK(P13,P$2:P$201,1)) | R13: =IF(OR(C13="",C13=" ",C13="FRA",C13="unattached",C13="(no club)",F13="M"),"",COUNTIFS(C$2:C13,C13,D$2:D13,"F*")) | S13: =IF(R13="","",C13&R13) | T13: =IF(R13=3,C13,"") | U13: =IF(T13="","",_xlfn.XLOOKUP(T13&"1",S$2:S$201,B$2:B$201)) | V13: =IF($T13="","",_xlfn.XLOOKUP($T13&"1",S$2:S$201,AO$2:AO$201)) | W13: =IF(T13="","",_xlfn.XLOOKUP(T13&"2",S$2:S$201,B$2:B$201)) | X13: =IF($T13="","",_xlfn.XLOOKUP($T13&"2",S$2:S$201,AO$2:AO$201)) | Y13: =IF(T13="","",_xlfn.XLOOKUP(T13&"3",S$2:S$201,B$2:B$201)) | Z13: =IF($T13="","",_xlfn.XLOOKUP($T13&"3",S$2:S$201,AO$2:AO$201)) | AA13: =IF(T13="","",V13+X13+Z13) | AB13: =IF(AA13="","",RANK(AA13,AA$2:AA$201,1)) | AC13: =IF(OR(D13="MSEN",D13="MV40",D13="MV50",D13="MV60",D13="MV70",D13="MV80",D13="MU23",D13="MU20",D13="MU18",D13="MU16",D13="MU14",D13="MU12",D13="MU10"),COUNTIF(D$2:D13,"M*"),"") -> 12 | AD13: =IF(OR(D13="MU23",D13="MU20",D13="MU18",D13="MU16",D13="MU14",D13="MU12",D13="MU10"),COUNTIF(D$2:D13,"MU*"),"") | AE13: {=IF(OR(D13="MU20",D13="MU18",D13="MU16",D13="MU14",D13="MU12",D13="MU10"),SUM(COUNTIF(D$2:D13,{"MU20","MU18","MU16","MU14","MU12","MU10"})),"")} | AF13: {=IF(OR(D13="MU18",D13="MU16",D13="MU14",D13="MU12",D13="MU10"),SUM(COUNTIF(D$2:D13,{"MU18","MU16","MU14","MU12","MU10"})),"")} | AG13: =IF(OR(D13="MU16"),COUNTIF(D$2:D13,"MU16"),"") | AH13: =IF(OR(D13="MU14"),COUNTIF(D$2:D13,"MU14"),"") | AI13: =IF(OR(D13="MU12"),COUNTIF(D$2:D13,"MU12"),"") | AJ13: =IF(OR(D13="MU10"),COUNTIF(D$2:D13,"MU10"),"") | AK13: =IF(OR(D13="MV40",D13="MV50",D13="MV60",D13="MV70",D13="MV80"),COUNTIF(D$2:D13,"MV*"),"") -> 7 | AL13: =IF(OR(D13="MV50",D13="MV60",D13="MV70",D13="MV80"),COUNTIF(D$2:D13,"MV50")+COUNTIF(D$2:D13,"MV60")+COUNTIF(D$2:D13,"MV70")+COUNTIF(D$2:D13,"MV80"),"") -> 5 | AM13: =IF(OR(D13="MV60",D13="MV70",D13="MV80"),COUNTIF(D$2:D13,"MV60")+COUNTIF(D$2:D13,"MV70")+COUNTIF(D$2:D13,"MV80"),"") | AN13: =IF(OR(D13="MV70",D13="MV80"),COUNTIF(D$2:D13,"MV70")+COUNTIF(D$2:D13,"MV80"),"") | AO13: =IF(OR(D13="FSEN",D13="FV40",D13="FV50",D13="FV60",D13="FV70",D13="FV80",D13="FU23",D13="FU20",D13="FU18",D13="FU16",D13="FU14",D13="FU12",D13="FU10"),COUNTIF(D$2:D13,"F*"),"") | AP13: =IF(OR(D13="FU23",D13="FU20",D13="FU18",D13="FU16",D13="FU14",D13="FU12",D13="FU10"),COUNTIF(D$2:D13,"FU*"),"") | AQ13: {=IF(OR(D13="FU20",D13="FU18",D13="FU16",D13="FU14",D13="FU12",D13="FU10"),SUM(COUNTIF(D$2:D13,{"FU20","FU18","FU16","FU14","FU12","FU10"})),"")} | AR13: {=IF(OR(D13="FU18",D13="FU16",D13="FU14",D13="FU12",D13="FU10"),SUM(COUNTIF(D$2:D13,{"FU18","FU16","FU14","FU12","FU10"})),"")} | AS13: =IF(OR(D13="FU16"),COUNTIF(D$2:D13,"FU16"),"") | AT13: =IF(OR(D13="FU14"),COUNTIF(D$2:D13,"FU14"),"") | AU13: =IF(OR(D13="FU12"),COUNTIF(D$2:D13,"FU12"),"") | AV13: =IF(OR(D13="FU10"),COUNTIF(D$2:D13,"FU10"),"") | AW13: =IF(OR(D13="FV40",D13="FV50",D13="FV60",D13="FV70",D13="FV80"),COUNTIF(D$2:D13,"FV*"),"") | AX13: =IF(OR(D13="FV50",D13="FV60",D13="FV70",D13="FV80"),COUNTIF(D$2:D13,"FV50")+COUNTIF(D$2:D13,"FV60")+COUNTIF(D$2:D13,"FV70")+COUNTIF(D$2:D13,"FV80"),"") | AY13: =IF(OR(D13="FV60",D13="FV70",D13="FV80"),COUNTIF(D$2:D13,"FV60")+COUNTIF(D$2:D13,"FV70")+COUNTIF(D$2:D13,"FV80"),"") | AZ13: =IF(OR(D13="FV70",D13="FV80"),COUNTIF(D$2:D13,"FV70")+COUNTIF(D$2:D13,"FV80"),"")
... A40: 39 | B40: Anastasiia Koidan | C40: Unattched | D40: FSEN | E40: 0.10489583 | F40: =LEFT(D40,1) -> F | G40: =IF(OR(C40="",C40=" ",C40="FRA",C40="unattached",C40="(no club)",F40="F"),"",COUNTIFS(C$2:C40,C40,D$2:D40,"M*")) | H40: =IF(G40="","",C40&G40) | I40: =IF(G40=3,C40,"") | J40: =IF($I40="","",_xlfn.XLOOKUP($I40&"1",H$2:H$201,B$2:B$201)) | K40: =IF($I40="","",_xlfn.XLOOKUP($I40&"1",H$2:H$201,AC$2:AC$201)) | L40: =IF(I40="","",_xlfn.XLOOKUP(I40&"2",H$2:H$201,B$2:B$201)) | M40: =IF($I40="","",_xlfn.XLOOKUP($I40&"2",H$2:H$201,AC$2:AC$201)) | N40: =IF(I40="","",_xlfn.XLOOKUP(I40&"3",H$2:H$201,B$2:B$201)) | O40: =IF($I40="","",_xlfn.XLOOKUP($I40&"3",H$2:H$201,AC$2:AC$201)) | P40: =IF(I40="","",K40+M40+O40) | Q40: =IF(P40="","",RANK(P40,P$2:P$201,1)) | R40: =IF(OR(C40="",C40=" ",C40="FRA",C40="unattached",C40="(no club)",F40="M"),"",COUNTIFS(C$2:C40,C40,D$2:D40,"F*")) -> 1 | S40: =IF(R40="","",C40&R40) -> Unattched1 | T40: =IF(R40=3,C40,"") | U40: =IF(T40="","",_xlfn.XLOOKUP(T40&"1",S$2:S$201,B$2:B$201)) | V40: =IF($T40="","",_xlfn.XLOOKUP($T40&"1",S$2:S$201,AO$2:AO$201)) | W40: =IF(T40="","",_xlfn.XLOOKUP(T40&"2",S$2:S$201,B$2:B$201)) | X40: =IF($T40="","",_xlfn.XLOOKUP($T40&"2",S$2:S$201,AO$2:AO$201)) | Y40: =IF(T40="","",_xlfn.XLOOKUP(T40&"3",S$2:S$201,B$2:B$201)) | Z40: =IF($T40="","",_xlfn.XLOOKUP($T40&"3",S$2:S$201,AO$2:AO$201)) | AA40: =IF(T40="","",V40+X40+Z40) | AB40: =IF(AA40="","",RANK(AA40,AA$2:AA$201,1)) | AC40: =IF(OR(D40="MSEN",D40="MV40",D40="MV50",D40="MV60",D40="MV70",D40="MV80",D40="MU23",D40="MU20",D40="MU18",D40="MU16",D40="MU14",D40="MU12",D40="MU10"),COUNTIF(D$2:D40,"M*"),"") | AD40: =IF(OR(D40="MU23",D40="MU20",D40="MU18",D40="MU16",D40="MU14",D40="MU12",D40="MU10"),COUNTIF(D$2:D40,"MU*"),"") | AE40: {=IF(OR(D40="MU20",D40="MU18",D40="MU16",D40="MU14",D40="MU12",D40="MU10"),SUM(COUNTIF(D$2:D40,{"MU20","MU18","MU16","MU14","MU12","MU10"})),"")} | AF40: {=IF(OR(D40="MU18",D40="MU16",D40="MU14",D40="MU12",D40="MU10"),SUM(COUNTIF(D$2:D40,{"MU18","MU16","MU14","MU12","MU10"})),"")} | AG40: =IF(OR(D40="MU16"),COUNTIF(D$2:D40,"MU16"),"") | AH40: =IF(OR(D40="MU14"),COUNTIF(D$2:D40,"MU14"),"") | AI40: =IF(OR(D40="MU12"),COUNTIF(D$2:D40,"MU12"),"") | AJ40: =IF(OR(D40="MU10"),COUNTIF(D$2:D40,"MU10"),"") | AK40: =IF(OR(D40="MV40",D40="MV50",D40="MV60",D40="MV70",D40="MV80"),COUNTIF(D$2:D40,"MV*"),"") | AL40: =IF(OR(D40="MV50",D40="MV60",D40="MV70",D40="MV80"),COUNTIF(D$2:D40,"MV50")+COUNTIF(D$2:D40,"MV60")+COUNTIF(D$2:D40,"MV70")+COUNTIF(D$2:D40,"MV80"),"") | AM40: =IF(OR(D40="MV60",D40="MV70",D40="MV80"),COUNTIF(D$2:D40,"MV60")+COUNTIF(D$2:D40,"MV70")+COUNTIF(D$2:D40,"MV80"),"") | AN40: =IF(OR(D40="MV70",D40="MV80"),COUNTIF(D$2:D40,"MV70")+COUNTIF(D$2:D40,"MV80"),"") | AO40: =IF(OR(D40="FSEN",D40="FV40",D40="FV50",D40="FV60",D40="FV70",D40="FV80",D40="FU23",D40="FU20",D40="FU18",D40="FU16",D40="FU14",D40="FU12",D40="FU10"),COUNTIF(D$2:D40,"F*"),"") -> 13 | AP40: =IF(OR(D40="FU23",D40="FU20",D40="FU18",D40="FU16",D40="FU14",D40="FU12",D40="FU10"),COUNTIF(D$2:D40,"FU*"),"") | AQ40: {=IF(OR(D40="FU20",D40="FU18",D40="FU16",D40="FU14",D40="FU12",D40="FU10"),SUM(COUNTIF(D$2:D40,{"FU20","FU18","FU16","FU14","FU12","FU10"})),"")} | AR40: {=IF(OR(D40="FU18",D40="FU16",D40="FU14",D40="FU12",D40="FU10"),SUM(COUNTIF(D$2:D40,{"FU18","FU16","FU14","FU12","FU10"})),"")} | AS40: =IF(OR(D40="FU16"),COUNTIF(D$2:D40,"FU16"),"") | AT40: =IF(OR(D40="FU14"),COUNTIF(D$2:D40,"FU14"),"") | AU40: =IF(OR(D40="FU12"),COUNTIF(D$2:D40,"FU12"),"") | AV40: =IF(OR(D40="FU10"),COUNTIF(D$2:D40,"FU10"),"") | AW40: =IF(OR(D40="FV40",D40="FV50",D40="FV60",D40="FV70",D40="FV80"),COUNTIF(D$2:D40,"FV*"),"") | AX40: =IF(OR(D40="FV50",D40="FV60",D40="FV70",D40="FV80"),COUNTIF(D$2:D40,"FV50")+COUNTIF(D$2:D40,"FV60")+COUNTIF(D$2:D40,"FV70")+COUNTIF(D$2:D40,"FV80"),"") | AY40: =IF(OR(D40="FV60",D40="FV70",D40="FV80"),COUNTIF(D$2:D40,"FV60")+COUNTIF(D$2:D40,"FV70")+COUNTIF(D$2:D40,"FV80"),"") | AZ40: =IF(OR(D40="FV70",D40="FV80"),COUNTIF(D$2:D40,"FV70")+COUNTIF(D$2:D40,"FV80"),"")
F41: =LEFT(D41,1) | G41: =IF(OR(C41="",C41=" ",C41="FRA",C41="unattached",C41="(no club)",F41="F"),"",COUNTIFS(C$2:C41,C41,D$2:D41,"M*")) | H41: =IF(G41="","",C41&G41) | I41: =IF(G41=3,C41,"") | J41: =IF($I41="","",_xlfn.XLOOKUP($I41&"1",H$2:H$201,B$2:B$201)) | K41: =IF($I41="","",_xlfn.XLOOKUP($I41&"1",H$2:H$201,AC$2:AC$201)) | L41: =IF(I41="","",_xlfn.XLOOKUP(I41&"2",H$2:H$201,B$2:B$201)) | M41: =IF($I41="","",_xlfn.XLOOKUP($I41&"2",H$2:H$201,AC$2:AC$201)) | N41: =IF(I41="","",_xlfn.XLOOKUP(I41&"3",H$2:H$201,B$2:B$201)) | O41: =IF($I41="","",_xlfn.XLOOKUP($I41&"3",H$2:H$201,AC$2:AC$201)) | P41: =IF(I41="","",K41+M41+O41) | Q41: =IF(P41="","",RANK(P41,P$2:P$201,1)) | R41: =IF(OR(C41="",C41=" ",C41="FRA",C41="unattached",C41="(no club)",F41="M"),"",COUNTIFS(C$2:C41,C41,D$2:D41,"F*")) | S41: =IF(R41="","",C41&R41) | T41: =IF(R41=3,C41,"") | U41: =IF(T41="","",_xlfn.XLOOKUP(T41&"1",S$2:S$201,B$2:B$201)) | V41: =IF($T41="","",_xlfn.XLOOKUP($T41&"1",S$2:S$201,AO$2:AO$201)) | W41: =IF(T41="","",_xlfn.XLOOKUP(T41&"2",S$2:S$201,B$2:B$201)) | X41: =IF($T41="","",_xlfn.XLOOKUP($T41&"2",S$2:S$201,AO$2:AO$201)) | Y41: =IF(T41="","",_xlfn.XLOOKUP(T41&"3",S$2:S$201,B$2:B$201)) | Z41: =IF($T41="","",_xlfn.XLOOKUP($T41&"3",S$2:S$201,AO$2:AO$201)) | AA41: =IF(T41="","",V41+X41+Z41) | AB41: =IF(AA41="","",RANK(AA41,AA$2:AA$201,1)) | AC41: =IF(OR(D41="MSEN",D41="MV40",D41="MV50",D41="MV60",D41="MV70",D41="MV80",D41="MU23",D41="MU20",D41="MU18",D41="MU16",D41="MU14",D41="MU12",D41="MU10"),COUNTIF(D$2:D41,"M*"),"") | AD41: =IF(OR(D41="MU23",D41="MU20",D41="MU18",D41="MU16",D41="MU14",D41="MU12",D41="MU10"),COUNTIF(D$2:D41,"MU*"),"") | AE41: {=IF(OR(D41="MU20",D41="MU18",D41="MU16",D41="MU14",D41="MU12",D41="MU10"),SUM(COUNTIF(D$2:D41,{"MU20","MU18","MU16","MU14","MU12","MU10"})),"")} | AF41: {=IF(OR(D41="MU18",D41="MU16",D41="MU14",D41="MU12",D41="MU10"),SUM(COUNTIF(D$2:D41,{"MU18","MU16","MU14","MU12","MU10"})),"")} | AG41: =IF(OR(D41="MU16"),COUNTIF(D$2:D41,"MU16"),"") | AH41: =IF(OR(D41="MU14"),COUNTIF(D$2:D41,"MU14"),"") | AI41: =IF(OR(D41="MU12"),COUNTIF(D$2:D41,"MU12"),"") | AJ41: =IF(OR(D41="MU10"),COUNTIF(D$2:D41,"MU10"),"") | AK41: =IF(OR(D41="MV40",D41="MV50",D41="MV60",D41="MV70",D41="MV80"),COUNTIF(D$2:D41,"MV*"),"") | AL41: =IF(OR(D41="MV50",D41="MV60",D41="MV70",D41="MV80"),COUNTIF(D$2:D41,"MV50")+COUNTIF(D$2:D41,"MV60")+COUNTIF(D$2:D41,"MV70")+COUNTIF(D$2:D41,"MV80"),"") | AM41: =IF(OR(D41="MV60",D41="MV70",D41="MV80"),COUNTIF(D$2:D41,"MV60")+COUNTIF(D$2:D41,"MV70")+COUNTIF(D$2:D41,"MV80"),"") | AN41: =IF(OR(D41="MV70",D41="MV80"),COUNTIF(D$2:D41,"MV70")+COUNTIF(D$2:D41,"MV80"),"") | AO41: =IF(OR(D41="FSEN",D41="FV40",D41="FV50",D41="FV60",D41="FV70",D41="FV80",D41="FU23",D41="FU20",D41="FU18",D41="FU16",D41="FU14",D41="FU12",D41="FU10"),COUNTIF(D$2:D41,"F*"),"") | AP41: =IF(OR(D41="FU23",D41="FU20",D41="FU18",D41="FU16",D41="FU14",D41="FU12",D41="FU10"),COUNTIF(D$2:D41,"FU*"),"") | AQ41: {=IF(OR(D41="FU20",D41="FU18",D41="FU16",D41="FU14",D41="FU12",D41="FU10"),SUM(COUNTIF(D$2:D41,{"FU20","FU18","FU16","FU14","FU12","FU10"})),"")} | AR41: {=IF(OR(D41="FU18",D41="FU16",D41="FU14",D41="FU12",D41="FU10"),SUM(COUNTIF(D$2:D41,{"FU18","FU16","FU14","FU12","FU10"})),"")} | AS41: =IF(OR(D41="FU16"),COUNTIF(D$2:D41,"FU16"),"") | AT41: =IF(OR(D41="FU14"),COUNTIF(D$2:D41,"FU14"),"") | AU41: =IF(OR(D41="FU12"),COUNTIF(D$2:D41,"FU12"),"") | AV41: =IF(OR(D41="FU10"),COUNTIF(D$2:D41,"FU10"),"") | AW41: =IF(OR(D41="FV40",D41="FV50",D41="FV60",D41="FV70",D41="FV80"),COUNTIF(D$2:D41,"FV*"),"") | AX41: =IF(OR(D41="FV50",D41="FV60",D41="FV70",D41="FV80"),COUNTIF(D$2:D41,"FV50")+COUNTIF(D$2:D41,"FV60")+COUNTIF(D$2:D41,"FV70")+COUNTIF(D$2:D41,"FV80"),"") | AY41: =IF(OR(D41="FV60",D41="FV70",D41="FV80"),COUNTIF(D$2:D41,"FV60")+COUNTIF(D$2:D41,"FV70")+COUNTIF(D$2:D41,"FV80"),"") | AZ41: =IF(OR(D41="FV70",D41="FV80"),COUNTIF(D$2:D41,"FV70")+COUNTIF(D$2:D41,"FV80"),"")
F42: =LEFT(D42,1) | G42: =IF(OR(C42="",C42=" ",C42="FRA",C42="unattached",C42="(no club)",F42="F"),"",COUNTIFS(C$2:C42,C42,D$2:D42,"M*")) | H42: =IF(G42="","",C42&G42) | I42: =IF(G42=3,C42,"") | J42: =IF($I42="","",_xlfn.XLOOKUP($I42&"1",H$2:H$201,B$2:B$201)) | K42: =IF($I42="","",_xlfn.XLOOKUP($I42&"1",H$2:H$201,AC$2:AC$201)) | L42: =IF(I42="","",_xlfn.XLOOKUP(I42&"2",H$2:H$201,B$2:B$201)) | M42: =IF($I42="","",_xlfn.XLOOKUP($I42&"2",H$2:H$201,AC$2:AC$201)) | N42: =IF(I42="","",_xlfn.XLOOKUP(I42&"3",H$2:H$201,B$2:B$201)) | O42: =IF($I42="","",_xlfn.XLOOKUP($I42&"3",H$2:H$201,AC$2:AC$201)) | P42: =IF(I42="","",K42+M42+O42) | Q42: =IF(P42="","",RANK(P42,P$2:P$201,1)) | R42: =IF(OR(C42="",C42=" ",C42="FRA",C42="unattached",C42="(no club)",F42="M"),"",COUNTIFS(C$2:C42,C42,D$2:D42,"F*")) | S42: =IF(R42="","",C42&R42) | T42: =IF(R42=3,C42,"") | U42: =IF(T42="","",_xlfn.XLOOKUP(T42&"1",S$2:S$201,B$2:B$201)) | V42: =IF($T42="","",_xlfn.XLOOKUP($T42&"1",S$2:S$201,AO$2:AO$201)) | W42: =IF(T42="","",_xlfn.XLOOKUP(T42&"2",S$2:S$201,B$2:B$201)) | X42: =IF($T42="","",_xlfn.XLOOKUP($T42&"2",S$2:S$201,AO$2:AO$201)) | Y42: =IF(T42="","",_xlfn.XLOOKUP(T42&"3",S$2:S$201,B$2:B$201)) | Z42: =IF($T42="","",_xlfn.XLOOKUP($T42&"3",S$2:S$201,AO$2:AO$201)) | AA42: =IF(T42="","",V42+X42+Z42) | AB42: =IF(AA42="","",RANK(AA42,AA$2:AA$201,1)) | AC42: =IF(OR(D42="MSEN",D42="MV40",D42="MV50",D42="MV60",D42="MV70",D42="MV80",D42="MU23",D42="MU20",D42="MU18",D42="MU16",D42="MU14",D42="MU12",D42="MU10"),COUNTIF(D$2:D42,"M*"),"") | AD42: =IF(OR(D42="MU23",D42="MU20",D42="MU18",D42="MU16",D42="MU14",D42="MU12",D42="MU10"),COUNTIF(D$2:D42,"MU*"),"") | AE42: {=IF(OR(D42="MU20",D42="MU18",D42="MU16",D42="MU14",D42="MU12",D42="MU10"),SUM(COUNTIF(D$2:D42,{"MU20","MU18","MU16","MU14","MU12","MU10"})),"")} | AF42: {=IF(OR(D42="MU18",D42="MU16",D42="MU14",D42="MU12",D42="MU10"),SUM(COUNTIF(D$2:D42,{"MU18","MU16","MU14","MU12","MU10"})),"")} | AG42: =IF(OR(D42="MU16"),COUNTIF(D$2:D42,"MU16"),"") | AH42: =IF(OR(D42="MU14"),COUNTIF(D$2:D42,"MU14"),"") | AI42: =IF(OR(D42="MU12"),COUNTIF(D$2:D42,"MU12"),"") | AJ42: =IF(OR(D42="MU10"),COUNTIF(D$2:D42,"MU10"),"") | AK42: =IF(OR(D42="MV40",D42="MV50",D42="MV60",D42="MV70",D42="MV80"),COUNTIF(D$2:D42,"MV*"),"") | AL42: =IF(OR(D42="MV50",D42="MV60",D42="MV70",D42="MV80"),COUNTIF(D$2:D42,"MV50")+COUNTIF(D$2:D42,"MV60")+COUNTIF(D$2:D42,"MV70")+COUNTIF(D$2:D42,"MV80"),"") | AM42: =IF(OR(D42="MV60",D42="MV70",D42="MV80"),COUNTIF(D$2:D42,"MV60")+COUNTIF(D$2:D42,"MV70")+COUNTIF(D$2:D42,"MV80"),"") | AN42: =IF(OR(D42="MV70",D42="MV80"),COUNTIF(D$2:D42,"MV70")+COUNTIF(D$2:D42,"MV80"),"") | AO42: =IF(OR(D42="FSEN",D42="FV40",D42="FV50",D42="FV60",D42="FV70",D42="FV80",D42="FU23",D42="FU20",D42="FU18",D42="FU16",D42="FU14",D42="FU12",D42="FU10"),COUNTIF(D$2:D42,"F*"),"") | AP42: =IF(OR(D42="FU23",D42="FU20",D42="FU18",D42="FU16",D42="FU14",D42="FU12",D42="FU10"),COUNTIF(D$2:D42,"FU*"),"") | AQ42: {=IF(OR(D42="FU20",D42="FU18",D42="FU16",D42="FU14",D42="FU12",D42="FU10"),SUM(COUNTIF(D$2:D42,{"FU20","FU18","FU16","FU14","FU12","FU10"})),"")} | AR42: {=IF(OR(D42="FU18",D42="FU16",D42="FU14",D42="FU12",D42="FU10"),SUM(COUNTIF(D$2:D42,{"FU18","FU16","FU14","FU12","FU10"})),"")} | AS42: =IF(OR(D42="FU16"),COUNTIF(D$2:D42,"FU16"),"") | AT42: =IF(OR(D42="FU14"),COUNTIF(D$2:D42,"FU14"),"") | AU42: =IF(OR(D42="FU12"),COUNTIF(D$2:D42,"FU12"),"") | AV42: =IF(OR(D42="FU10"),COUNTIF(D$2:D42,"FU10"),"") | AW42: =IF(OR(D42="FV40",D42="FV50",D42="FV60",D42="FV70",D42="FV80"),COUNTIF(D$2:D42,"FV*"),"") | AX42: =IF(OR(D42="FV50",D42="FV60",D42="FV70",D42="FV80"),COUNTIF(D$2:D42,"FV50")+COUNTIF(D$2:D42,"FV60")+COUNTIF(D$2:D42,"FV70")+COUNTIF(D$2:D42,"FV80"),"") | AY42: =IF(OR(D42="FV60",D42="FV70",D42="FV80"),COUNTIF(D$2:D42,"FV60")+COUNTIF(D$2:D42,"FV70")+COUNTIF(D$2:D42,"FV80"),"") | AZ42: =IF(OR(D42="FV70",D42="FV80"),COUNTIF(D$2:D42,"FV70")+COUNTIF(D$2:D42,"FV80"),"")
F43: =LEFT(D43,1) | G43: =IF(OR(C43="",C43=" ",C43="FRA",C43="unattached",C43="(no club)",F43="F"),"",COUNTIFS(C$2:C43,C43,D$2:D43,"M*")) | H43: =IF(G43="","",C43&G43) | I43: =IF(G43=3,C43,"") | J43: =IF($I43="","",_xlfn.XLOOKUP($I43&"1",H$2:H$201,B$2:B$201)) | K43: =IF($I43="","",_xlfn.XLOOKUP($I43&"1",H$2:H$201,AC$2:AC$201)) | L43: =IF(I43="","",_xlfn.XLOOKUP(I43&"2",H$2:H$201,B$2:B$201)) | M43: =IF($I43="","",_xlfn.XLOOKUP($I43&"2",H$2:H$201,AC$2:AC$201)) | N43: =IF(I43="","",_xlfn.XLOOKUP(I43&"3",H$2:H$201,B$2:B$201)) | O43: =IF($I43="","",_xlfn.XLOOKUP($I43&"3",H$2:H$201,AC$2:AC$201)) | P43: =IF(I43="","",K43+M43+O43) | Q43: =IF(P43="","",RANK(P43,P$2:P$201,1)) | R43: =IF(OR(C43="",C43=" ",C43="FRA",C43="unattached",C43="(no club)",F43="M"),"",COUNTIFS(C$2:C43,C43,D$2:D43,"F*")) | S43: =IF(R43="","",C43&R43) | T43: =IF(R43=3,C43,"") | U43: =IF(T43="","",_xlfn.XLOOKUP(T43&"1",S$2:S$201,B$2:B$201)) | V43: =IF($T43="","",_xlfn.XLOOKUP($T43&"1",S$2:S$201,AO$2:AO$201)) | W43: =IF(T43="","",_xlfn.XLOOKUP(T43&"2",S$2:S$201,B$2:B$201)) | X43: =IF($T43="","",_xlfn.XLOOKUP($T43&"2",S$2:S$201,AO$2:AO$201)) | Y43: =IF(T43="","",_xlfn.XLOOKUP(T43&"3",S$2:S$201,B$2:B$201)) | Z43: =IF($T43="","",_xlfn.XLOOKUP($T43&"3",S$2:S$201,AO$2:AO$201)) | AA43: =IF(T43="","",V43+X43+Z43) | AB43: =IF(AA43="","",RANK(AA43,AA$2:AA$201,1)) | AC43: =IF(OR(D43="MSEN",D43="MV40",D43="MV50",D43="MV60",D43="MV70",D43="MV80",D43="MU23",D43="MU20",D43="MU18",D43="MU16",D43="MU14",D43="MU12",D43="MU10"),COUNTIF(D$2:D43,"M*"),"") | AD43: =IF(OR(D43="MU23",D43="MU20",D43="MU18",D43="MU16",D43="MU14",D43="MU12",D43="MU10"),COUNTIF(D$2:D43,"MU*"),"") | AE43: {=IF(OR(D43="MU20",D43="MU18",D43="MU16",D43="MU14",D43="MU12",D43="MU10"),SUM(COUNTIF(D$2:D43,{"MU20","MU18","MU16","MU14","MU12","MU10"})),"")} | AF43: {=IF(OR(D43="MU18",D43="MU16",D43="MU14",D43="MU12",D43="MU10"),SUM(COUNTIF(D$2:D43,{"MU18","MU16","MU14","MU12","MU10"})),"")} | AG43: =IF(OR(D43="MU16"),COUNTIF(D$2:D43,"MU16"),"") | AH43: =IF(OR(D43="MU14"),COUNTIF(D$2:D43,"MU14"),"") | AI43: =IF(OR(D43="MU12"),COUNTIF(D$2:D43,"MU12"),"") | AJ43: =IF(OR(D43="MU10"),COUNTIF(D$2:D43,"MU10"),"") | AK43: =IF(OR(D43="MV40",D43="MV50",D43="MV60",D43="MV70",D43="MV80"),COUNTIF(D$2:D43,"MV*"),"") | AL43: =IF(OR(D43="MV50",D43="MV60",D43="MV70",D43="MV80"),COUNTIF(D$2:D43,"MV50")+COUNTIF(D$2:D43,"MV60")+COUNTIF(D$2:D43,"MV70")+COUNTIF(D$2:D43,"MV80"),"") | AM43: =IF(OR(D43="MV60",D43="MV70",D43="MV80"),COUNTIF(D$2:D43,"MV60")+COUNTIF(D$2:D43,"MV70")+COUNTIF(D$2:D43,"MV80"),"") | AN43: =IF(OR(D43="MV70",D43="MV80"),COUNTIF(D$2:D43,"MV70")+COUNTIF(D$2:D43,"MV80"),"") | AO43: =IF(OR(D43="FSEN",D43="FV40",D43="FV50",D43="FV60",D43="FV70",D43="FV80",D43="FU23",D43="FU20",D43="FU18",D43="FU16",D43="FU14",D43="FU12",D43="FU10"),COUNTIF(D$2:D43,"F*"),"") | AP43: =IF(OR(D43="FU23",D43="FU20",D43="FU18",D43="FU16",D43="FU14",D43="FU12",D43="FU10"),COUNTIF(D$2:D43,"FU*"),"") | AQ43: {=IF(OR(D43="FU20",D43="FU18",D43="FU16",D43="FU14",D43="FU12",D43="FU10"),SUM(COUNTIF(D$2:D43,{"FU20","FU18","FU16","FU14","FU12","FU10"})),"")} | AR43: {=IF(OR(D43="FU18",D43="FU16",D43="FU14",D43="FU12",D43="FU10"),SUM(COUNTIF(D$2:D43,{"FU18","FU16","FU14","FU12","FU10"})),"")} | AS43: =IF(OR(D43="FU16"),COUNTIF(D$2:D43,"FU16"),"") | AT43: =IF(OR(D43="FU14"),COUNTIF(D$2:D43,"FU14"),"") | AU43: =IF(OR(D43="FU12"),COUNTIF(D$2:D43,"FU12"),"") | AV43: =IF(OR(D43="FU10"),COUNTIF(D$2:D43,"FU10"),"") | AW43: =IF(OR(D43="FV40",D43="FV50",D43="FV60",D43="FV70",D43="FV80"),COUNTIF(D$2:D43,"FV*"),"") | AX43: =IF(OR(D43="FV50",D43="FV60",D43="FV70",D43="FV80"),COUNTIF(D$2:D43,"FV50")+COUNTIF(D$2:D43,"FV60")+COUNTIF(D$2:D43,"FV70")+COUNTIF(D$2:D43,"FV80"),"") | AY43: =IF(OR(D43="FV60",D43="FV70",D43="FV80"),COUNTIF(D$2:D43,"FV60")+COUNTIF(D$2:D43,"FV70")+COUNTIF(D$2:D43,"FV80"),"") | AZ43: =IF(OR(D43="FV70",D43="FV80"),COUNTIF(D$2:D43,"FV70")+COUNTIF(D$2:D43,"FV80"),"")
F44: =LEFT(D44,1) | G44: =IF(OR(C44="",C44=" ",C44="FRA",C44="unattached",C44="(no club)",F44="F"),"",COUNTIFS(C$2:C44,C44,D$2:D44,"M*")) | H44: =IF(G44="","",C44&G44) | I44: =IF(G44=3,C44,"") | J44: =IF($I44="","",_xlfn.XLOOKUP($I44&"1",H$2:H$201,B$2:B$201)) | K44: =IF($I44="","",_xlfn.XLOOKUP($I44&"1",H$2:H$201,AC$2:AC$201)) | L44: =IF(I44="","",_xlfn.XLOOKUP(I44&"2",H$2:H$201,B$2:B$201)) | M44: =IF($I44="","",_xlfn.XLOOKUP($I44&"2",H$2:H$201,AC$2:AC$201)) | N44: =IF(I44="","",_xlfn.XLOOKUP(I44&"3",H$2:H$201,B$2:B$201)) | O44: =IF($I44="","",_xlfn.XLOOKUP($I44&"3",H$2:H$201,AC$2:AC$201)) | P44: =IF(I44="","",K44+M44+O44) | Q44: =IF(P44="","",RANK(P44,P$2:P$201,1)) | R44: =IF(OR(C44="",C44=" ",C44="FRA",C44="unattached",C44="(no club)",F44="M"),"",COUNTIFS(C$2:C44,C44,D$2:D44,"F*")) | S44: =IF(R44="","",C44&R44) | T44: =IF(R44=3,C44,"") | U44: =IF(T44="","",_xlfn.XLOOKUP(T44&"1",S$2:S$201,B$2:B$201)) | V44: =IF($T44="","",_xlfn.XLOOKUP($T44&"1",S$2:S$201,AO$2:AO$201)) | W44: =IF(T44="","",_xlfn.XLOOKUP(T44&"2",S$2:S$201,B$2:B$201)) | X44: =IF($T44="","",_xlfn.XLOOKUP($T44&"2",S$2:S$201,AO$2:AO$201)) | Y44: =IF(T44="","",_xlfn.XLOOKUP(T44&"3",S$2:S$201,B$2:B$201)) | Z44: =IF($T44="","",_xlfn.XLOOKUP($T44&"3",S$2:S$201,AO$2:AO$201)) | AA44: =IF(T44="","",V44+X44+Z44) | AB44: =IF(AA44="","",RANK(AA44,AA$2:AA$201,1)) | AC44: =IF(OR(D44="MSEN",D44="MV40",D44="MV50",D44="MV60",D44="MV70",D44="MV80",D44="MU23",D44="MU20",D44="MU18",D44="MU16",D44="MU14",D44="MU12",D44="MU10"),COUNTIF(D$2:D44,"M*"),"") | AD44: =IF(OR(D44="MU23",D44="MU20",D44="MU18",D44="MU16",D44="MU14",D44="MU12",D44="MU10"),COUNTIF(D$2:D44,"MU*"),"") | AE44: {=IF(OR(D44="MU20",D44="MU18",D44="MU16",D44="MU14",D44="MU12",D44="MU10"),SUM(COUNTIF(D$2:D44,{"MU20","MU18","MU16","MU14","MU12","MU10"})),"")} | AF44: {=IF(OR(D44="MU18",D44="MU16",D44="MU14",D44="MU12",D44="MU10"),SUM(COUNTIF(D$2:D44,{"MU18","MU16","MU14","MU12","MU10"})),"")} | AG44: =IF(OR(D44="MU16"),COUNTIF(D$2:D44,"MU16"),"") | AH44: =IF(OR(D44="MU14"),COUNTIF(D$2:D44,"MU14"),"") | AI44: =IF(OR(D44="MU12"),COUNTIF(D$2:D44,"MU12"),"") | AJ44: =IF(OR(D44="MU10"),COUNTIF(D$2:D44,"MU10"),"") | AK44: =IF(OR(D44="MV40",D44="MV50",D44="MV60",D44="MV70",D44="MV80"),COUNTIF(D$2:D44,"MV*"),"") | AL44: =IF(OR(D44="MV50",D44="MV60",D44="MV70",D44="MV80"),COUNTIF(D$2:D44,"MV50")+COUNTIF(D$2:D44,"MV60")+COUNTIF(D$2:D44,"MV70")+COUNTIF(D$2:D44,"MV80"),"") | AM44: =IF(OR(D44="MV60",D44="MV70",D44="MV80"),COUNTIF(D$2:D44,"MV60")+COUNTIF(D$2:D44,"MV70")+COUNTIF(D$2:D44,"MV80"),"") | AN44: =IF(OR(D44="MV70",D44="MV80"),COUNTIF(D$2:D44,"MV70")+COUNTIF(D$2:D44,"MV80"),"") | AO44: =IF(OR(D44="FSEN",D44="FV40",D44="FV50",D44="FV60",D44="FV70",D44="FV80",D44="FU23",D44="FU20",D44="FU18",D44="FU16",D44="FU14",D44="FU12",D44="FU10"),COUNTIF(D$2:D44,"F*"),"") | AP44: =IF(OR(D44="FU23",D44="FU20",D44="FU18",D44="FU16",D44="FU14",D44="FU12",D44="FU10"),COUNTIF(D$2:D44,"FU*"),"") | AQ44: {=IF(OR(D44="FU20",D44="FU18",D44="FU16",D44="FU14",D44="FU12",D44="FU10"),SUM(COUNTIF(D$2:D44,{"FU20","FU18","FU16","FU14","FU12","FU10"})),"")} | AR44: {=IF(OR(D44="FU18",D44="FU16",D44="FU14",D44="FU12",D44="FU10"),SUM(COUNTIF(D$2:D44,{"FU18","FU16","FU14","FU12","FU10"})),"")} | AS44: =IF(OR(D44="FU16"),COUNTIF(D$2:D44,"FU16"),"") | AT44: =IF(OR(D44="FU14"),COUNTIF(D$2:D44,"FU14"),"") | AU44: =IF(OR(D44="FU12"),COUNTIF(D$2:D44,"FU12"),"") | AV44: =IF(OR(D44="FU10"),COUNTIF(D$2:D44,"FU10"),"") | AW44: =IF(OR(D44="FV40",D44="FV50",D44="FV60",D44="FV70",D44="FV80"),COUNTIF(D$2:D44,"FV*"),"") | AX44: =IF(OR(D44="FV50",D44="FV60",D44="FV70",D44="FV80"),COUNTIF(D$2:D44,"FV50")+COUNTIF(D$2:D44,"FV60")+COUNTIF(D$2:D44,"FV70")+COUNTIF(D$2:D44,"FV80"),"") | AY44: =IF(OR(D44="FV60",D44="FV70",D44="FV80"),COUNTIF(D$2:D44,"FV60")+COUNTIF(D$2:D44,"FV70")+COUNTIF(D$2:D44,"FV80"),"") | AZ44: =IF(OR(D44="FV70",D44="FV80"),COUNTIF(D$2:D44,"FV70")+COUNTIF(D$2:D44,"FV80"),"")
F45: =LEFT(D45,1) | G45: =IF(OR(C45="",C45=" ",C45="FRA",C45="unattached",C45="(no club)",F45="F"),"",COUNTIFS(C$2:C45,C45,D$2:D45,"M*")) | H45: =IF(G45="","",C45&G45) | I45: =IF(G45=3,C45,"") | J45: =IF($I45="","",_xlfn.XLOOKUP($I45&"1",H$2:H$201,B$2:B$201)) | K45: =IF($I45="","",_xlfn.XLOOKUP($I45&"1",H$2:H$201,AC$2:AC$201)) | L45: =IF(I45="","",_xlfn.XLOOKUP(I45&"2",H$2:H$201,B$2:B$201)) | M45: =IF($I45="","",_xlfn.XLOOKUP($I45&"2",H$2:H$201,AC$2:AC$201)) | N45: =IF(I45="","",_xlfn.XLOOKUP(I45&"3",H$2:H$201,B$2:B$201)) | O45: =IF($I45="","",_xlfn.XLOOKUP($I45&"3",H$2:H$201,AC$2:AC$201)) | P45: =IF(I45="","",K45+M45+O45) | Q45: =IF(P45="","",RANK(P45,P$2:P$201,1)) | R45: =IF(OR(C45="",C45=" ",C45="FRA",C45="unattached",C45="(no club)",F45="M"),"",COUNTIFS(C$2:C45,C45,D$2:D45,"F*")) | S45: =IF(R45="","",C45&R45) | T45: =IF(R45=3,C45,"") | U45: =IF(T45="","",_xlfn.XLOOKUP(T45&"1",S$2:S$201,B$2:B$201)) | V45: =IF($T45="","",_xlfn.XLOOKUP($T45&"1",S$2:S$201,AO$2:AO$201)) | W45: =IF(T45="","",_xlfn.XLOOKUP(T45&"2",S$2:S$201,B$2:B$201)) | X45: =IF($T45="","",_xlfn.XLOOKUP($T45&"2",S$2:S$201,AO$2:AO$201)) | Y45: =IF(T45="","",_xlfn.XLOOKUP(T45&"3",S$2:S$201,B$2:B$201)) | Z45: =IF($T45="","",_xlfn.XLOOKUP($T45&"3",S$2:S$201,AO$2:AO$201)) | AA45: =IF(T45="","",V45+X45+Z45) | AB45: =IF(AA45="","",RANK(AA45,AA$2:AA$201,1)) | AC45: =IF(OR(D45="MSEN",D45="MV40",D45="MV50",D45="MV60",D45="MV70",D45="MV80",D45="MU23",D45="MU20",D45="MU18",D45="MU16",D45="MU14",D45="MU12",D45="MU10"),COUNTIF(D$2:D45,"M*"),"") | AD45: =IF(OR(D45="MU23",D45="MU20",D45="MU18",D45="MU16",D45="MU14",D45="MU12",D45="MU10"),COUNTIF(D$2:D45,"MU*"),"") | AE45: {=IF(OR(D45="MU20",D45="MU18",D45="MU16",D45="MU14",D45="MU12",D45="MU10"),SUM(COUNTIF(D$2:D45,{"MU20","MU18","MU16","MU14","MU12","MU10"})),"")} | AF45: {=IF(OR(D45="MU18",D45="MU16",D45="MU14",D45="MU12",D45="MU10"),SUM(COUNTIF(D$2:D45,{"MU18","MU16","MU14","MU12","MU10"})),"")} | AG45: =IF(OR(D45="MU16"),COUNTIF(D$2:D45,"MU16"),"") | AH45: =IF(OR(D45="MU14"),COUNTIF(D$2:D45,"MU14"),"") | AI45: =IF(OR(D45="MU12"),COUNTIF(D$2:D45,"MU12"),"") | AJ45: =IF(OR(D45="MU10"),COUNTIF(D$2:D45,"MU10"),"") | AK45: =IF(OR(D45="MV40",D45="MV50",D45="MV60",D45="MV70",D45="MV80"),COUNTIF(D$2:D45,"MV*"),"") | AL45: =IF(OR(D45="MV50",D45="MV60",D45="MV70",D45="MV80"),COUNTIF(D$2:D45,"MV50")+COUNTIF(D$2:D45,"MV60")+COUNTIF(D$2:D45,"MV70")+COUNTIF(D$2:D45,"MV80"),"") | AM45: =IF(OR(D45="MV60",D45="MV70",D45="MV80"),COUNTIF(D$2:D45,"MV60")+COUNTIF(D$2:D45,"MV70")+COUNTIF(D$2:D45,"MV80"),"") | AN45: =IF(OR(D45="MV70",D45="MV80"),COUNTIF(D$2:D45,"MV70")+COUNTIF(D$2:D45,"MV80"),"") | AO45: =IF(OR(D45="FSEN",D45="FV40",D45="FV50",D45="FV60",D45="FV70",D45="FV80",D45="FU23",D45="FU20",D45="FU18",D45="FU16",D45="FU14",D45="FU12",D45="FU10"),COUNTIF(D$2:D45,"F*"),"") | AP45: =IF(OR(D45="FU23",D45="FU20",D45="FU18",D45="FU16",D45="FU14",D45="FU12",D45="FU10"),COUNTIF(D$2:D45,"FU*"),"") | AQ45: {=IF(OR(D45="FU20",D45="FU18",D45="FU16",D45="FU14",D45="FU12",D45="FU10"),SUM(COUNTIF(D$2:D45,{"FU20","FU18","FU16","FU14","FU12","FU10"})),"")} | AR45: {=IF(OR(D45="FU18",D45="FU16",D45="FU14",D45="FU12",D45="FU10"),SUM(COUNTIF(D$2:D45,{"FU18","FU16","FU14","FU12","FU10"})),"")} | AS45: =IF(OR(D45="FU16"),COUNTIF(D$2:D45,"FU16"),"") | AT45: =IF(OR(D45="FU14"),COUNTIF(D$2:D45,"FU14"),"") | AU45: =IF(OR(D45="FU12"),COUNTIF(D$2:D45,"FU12"),"") | AV45: =IF(OR(D45="FU10"),COUNTIF(D$2:D45,"FU10"),"") | AW45: =IF(OR(D45="FV40",D45="FV50",D45="FV60",D45="FV70",D45="FV80"),COUNTIF(D$2:D45,"FV*"),"") | AX45: =IF(OR(D45="FV50",D45="FV60",D45="FV70",D45="FV80"),COUNTIF(D$2:D45,"FV50")+COUNTIF(D$2:D45,"FV60")+COUNTIF(D$2:D45,"FV70")+COUNTIF(D$2:D45,"FV80"),"") | AY45: =IF(OR(D45="FV60",D45="FV70",D45="FV80"),COUNTIF(D$2:D45,"FV60")+COUNTIF(D$2:D45,"FV70")+COUNTIF(D$2:D45,"FV80"),"") | AZ45: =IF(OR(D45="FV70",D45="FV80"),COUNTIF(D$2:D45,"FV70")+COUNTIF(D$2:D45,"FV80"),"")
F46: =LEFT(D46,1) | G46: =IF(OR(C46="",C46=" ",C46="FRA",C46="unattached",C46="(no club)",F46="F"),"",COUNTIFS(C$2:C46,C46,D$2:D46,"M*")) | H46: =IF(G46="","",C46&G46) | I46: =IF(G46=3,C46,"") | J46: =IF($I46="","",_xlfn.XLOOKUP($I46&"1",H$2:H$201,B$2:B$201)) | K46: =IF($I46="","",_xlfn.XLOOKUP($I46&"1",H$2:H$201,AC$2:AC$201)) | L46: =IF(I46="","",_xlfn.XLOOKUP(I46&"2",H$2:H$201,B$2:B$201)) | M46: =IF($I46="","",_xlfn.XLOOKUP($I46&"2",H$2:H$201,AC$2:AC$201)) | N46: =IF(I46="","",_xlfn.XLOOKUP(I46&"3",H$2:H$201,B$2:B$201)) | O46: =IF($I46="","",_xlfn.XLOOKUP($I46&"3",H$2:H$201,AC$2:AC$201)) | P46: =IF(I46="","",K46+M46+O46) | Q46: =IF(P46="","",RANK(P46,P$2:P$201,1)) | R46: =IF(OR(C46="",C46=" ",C46="FRA",C46="unattached",C46="(no club)",F46="M"),"",COUNTIFS(C$2:C46,C46,D$2:D46,"F*")) | S46: =IF(R46="","",C46&R46) | T46: =IF(R46=3,C46,"") | U46: =IF(T46="","",_xlfn.XLOOKUP(T46&"1",S$2:S$201,B$2:B$201)) | V46: =IF($T46="","",_xlfn.XLOOKUP($T46&"1",S$2:S$201,AO$2:AO$201)) | W46: =IF(T46="","",_xlfn.XLOOKUP(T46&"2",S$2:S$201,B$2:B$201)) | X46: =IF($T46="","",_xlfn.XLOOKUP($T46&"2",S$2:S$201,AO$2:AO$201)) | Y46: =IF(T46="","",_xlfn.XLOOKUP(T46&"3",S$2:S$201,B$2:B$201)) | Z46: =IF($T46="","",_xlfn.XLOOKUP($T46&"3",S$2:S$201,AO$2:AO$201)) | AA46: =IF(T46="","",V46+X46+Z46) | AB46: =IF(AA46="","",RANK(AA46,AA$2:AA$201,1)) | AC46: =IF(OR(D46="MSEN",D46="MV40",D46="MV50",D46="MV60",D46="MV70",D46="MV80",D46="MU23",D46="MU20",D46="MU18",D46="MU16",D46="MU14",D46="MU12",D46="MU10"),COUNTIF(D$2:D46,"M*"),"") | AD46: =IF(OR(D46="MU23",D46="MU20",D46="MU18",D46="MU16",D46="MU14",D46="MU12",D46="MU10"),COUNTIF(D$2:D46,"MU*"),"") | AE46: {=IF(OR(D46="MU20",D46="MU18",D46="MU16",D46="MU14",D46="MU12",D46="MU10"),SUM(COUNTIF(D$2:D46,{"MU20","MU18","MU16","MU14","MU12","MU10"})),"")} | AF46: {=IF(OR(D46="MU18",D46="MU16",D46="MU14",D46="MU12",D46="MU10"),SUM(COUNTIF(D$2:D46,{"MU18","MU16","MU14","MU12","MU10"})),"")} | AG46: =IF(OR(D46="MU16"),COUNTIF(D$2:D46,"MU16"),"") | AH46: =IF(OR(D46="MU14"),COUNTIF(D$2:D46,"MU14"),"") | AI46: =IF(OR(D46="MU12"),COUNTIF(D$2:D46,"MU12"),"") | AJ46: =IF(OR(D46="MU10"),COUNTIF(D$2:D46,"MU10"),"") | AK46: =IF(OR(D46="MV40",D46="MV50",D46="MV60",D46="MV70",D46="MV80"),COUNTIF(D$2:D46,"MV*"),"") | AL46: =IF(OR(D46="MV50",D46="MV60",D46="MV70",D46="MV80"),COUNTIF(D$2:D46,"MV50")+COUNTIF(D$2:D46,"MV60")+COUNTIF(D$2:D46,"MV70")+COUNTIF(D$2:D46,"MV80"),"") | AM46: =IF(OR(D46="MV60",D46="MV70",D46="MV80"),COUNTIF(D$2:D46,"MV60")+COUNTIF(D$2:D46,"MV70")+COUNTIF(D$2:D46,"MV80"),"") | AN46: =IF(OR(D46="MV70",D46="MV80"),COUNTIF(D$2:D46,"MV70")+COUNTIF(D$2:D46,"MV80"),"") | AO46: =IF(OR(D46="FSEN",D46="FV40",D46="FV50",D46="FV60",D46="FV70",D46="FV80",D46="FU23",D46="FU20",D46="FU18",D46="FU16",D46="FU14",D46="FU12",D46="FU10"),COUNTIF(D$2:D46,"F*"),"") | AP46: =IF(OR(D46="FU23",D46="FU20",D46="FU18",D46="FU16",D46="FU14",D46="FU12",D46="FU10"),COUNTIF(D$2:D46,"FU*"),"") | AQ46: {=IF(OR(D46="FU20",D46="FU18",D46="FU16",D46="FU14",D46="FU12",D46="FU10"),SUM(COUNTIF(D$2:D46,{"FU20","FU18","FU16","FU14","FU12","FU10"})),"")} | AR46: {=IF(OR(D46="FU18",D46="FU16",D46="FU14",D46="FU12",D46="FU10"),SUM(COUNTIF(D$2:D46,{"FU18","FU16","FU14","FU12","FU10"})),"")} | AS46: =IF(OR(D46="FU16"),COUNTIF(D$2:D46,"FU16"),"") | AT46: =IF(OR(D46="FU14"),COUNTIF(D$2:D46,"FU14"),"") | AU46: =IF(OR(D46="FU12"),COUNTIF(D$2:D46,"FU12"),"") | AV46: =IF(OR(D46="FU10"),COUNTIF(D$2:D46,"FU10"),"") | AW46: =IF(OR(D46="FV40",D46="FV50",D46="FV60",D46="FV70",D46="FV80"),COUNTIF(D$2:D46,"FV*"),"") | AX46: =IF(OR(D46="FV50",D46="FV60",D46="FV70",D46="FV80"),COUNTIF(D$2:D46,"FV50")+COUNTIF(D$2:D46,"FV60")+COUNTIF(D$2:D46,"FV70")+COUNTIF(D$2:D46,"FV80"),"") | AY46: =IF(OR(D46="FV60",D46="FV70",D46="FV80"),COUNTIF(D$2:D46,"FV60")+COUNTIF(D$2:D46,"FV70")+COUNTIF(D$2:D46,"FV80"),"") | AZ46: =IF(OR(D46="FV70",D46="FV80"),COUNTIF(D$2:D46,"FV70")+COUNTIF(D$2:D46,"FV80"),"")
F47: =LEFT(D47,1) | G47: =IF(OR(C47="",C47=" ",C47="FRA",C47="unattached",C47="(no club)",F47="F"),"",COUNTIFS(C$2:C47,C47,D$2:D47,"M*")) | H47: =IF(G47="","",C47&G47) | I47: =IF(G47=3,C47,"") | J47: =IF($I47="","",_xlfn.XLOOKUP($I47&"1",H$2:H$201,B$2:B$201)) | K47: =IF($I47="","",_xlfn.XLOOKUP($I47&"1",H$2:H$201,AC$2:AC$201)) | L47: =IF(I47="","",_xlfn.XLOOKUP(I47&"2",H$2:H$201,B$2:B$201)) | M47: =IF($I47="","",_xlfn.XLOOKUP($I47&"2",H$2:H$201,AC$2:AC$201)) | N47: =IF(I47="","",_xlfn.XLOOKUP(I47&"3",H$2:H$201,B$2:B$201)) | O47: =IF($I47="","",_xlfn.XLOOKUP($I47&"3",H$2:H$201,AC$2:AC$201)) | P47: =IF(I47="","",K47+M47+O47) | Q47: =IF(P47="","",RANK(P47,P$2:P$201,1)) | R47: =IF(OR(C47="",C47=" ",C47="FRA",C47="unattached",C47="(no club)",F47="M"),"",COUNTIFS(C$2:C47,C47,D$2:D47,"F*")) | S47: =IF(R47="","",C47&R47) | T47: =IF(R47=3,C47,"") | U47: =IF(T47="","",_xlfn.XLOOKUP(T47&"1",S$2:S$201,B$2:B$201)) | V47: =IF($T47="","",_xlfn.XLOOKUP($T47&"1",S$2:S$201,AO$2:AO$201)) | W47: =IF(T47="","",_xlfn.XLOOKUP(T47&"2",S$2:S$201,B$2:B$201)) | X47: =IF($T47="","",_xlfn.XLOOKUP($T47&"2",S$2:S$201,AO$2:AO$201)) | Y47: =IF(T47="","",_xlfn.XLOOKUP(T47&"3",S$2:S$201,B$2:B$201)) | Z47: =IF($T47="","",_xlfn.XLOOKUP($T47&"3",S$2:S$201,AO$2:AO$201)) | AA47: =IF(T47="","",V47+X47+Z47) | AB47: =IF(AA47="","",RANK(AA47,AA$2:AA$201,1)) | AC47: =IF(OR(D47="MSEN",D47="MV40",D47="MV50",D47="MV60",D47="MV70",D47="MV80",D47="MU23",D47="MU20",D47="MU18",D47="MU16",D47="MU14",D47="MU12",D47="MU10"),COUNTIF(D$2:D47,"M*"),"") | AD47: =IF(OR(D47="MU23",D47="MU20",D47="MU18",D47="MU16",D47="MU14",D47="MU12",D47="MU10"),COUNTIF(D$2:D47,"MU*"),"") | AE47: {=IF(OR(D47="MU20",D47="MU18",D47="MU16",D47="MU14",D47="MU12",D47="MU10"),SUM(COUNTIF(D$2:D47,{"MU20","MU18","MU16","MU14","MU12","MU10"})),"")} | AF47: {=IF(OR(D47="MU18",D47="MU16",D47="MU14",D47="MU12",D47="MU10"),SUM(COUNTIF(D$2:D47,{"MU18","MU16","MU14","MU12","MU10"})),"")} | AG47: =IF(OR(D47="MU16"),COUNTIF(D$2:D47,"MU16"),"") | AH47: =IF(OR(D47="MU14"),COUNTIF(D$2:D47,"MU14"),"") | AI47: =IF(OR(D47="MU12"),COUNTIF(D$2:D47,"MU12"),"") | AJ47: =IF(OR(D47="MU10"),COUNTIF(D$2:D47,"MU10"),"") | AK47: =IF(OR(D47="MV40",D47="MV50",D47="MV60",D47="MV70",D47="MV80"),COUNTIF(D$2:D47,"MV*"),"") | AL47: =IF(OR(D47="MV50",D47="MV60",D47="MV70",D47="MV80"),COUNTIF(D$2:D47,"MV50")+COUNTIF(D$2:D47,"MV60")+COUNTIF(D$2:D47,"MV70")+COUNTIF(D$2:D47,"MV80"),"") | AM47: =IF(OR(D47="MV60",D47="MV70",D47="MV80"),COUNTIF(D$2:D47,"MV60")+COUNTIF(D$2:D47,"MV70")+COUNTIF(D$2:D47,"MV80"),"") | AN47: =IF(OR(D47="MV70",D47="MV80"),COUNTIF(D$2:D47,"MV70")+COUNTIF(D$2:D47,"MV80"),"") | AO47: =IF(OR(D47="FSEN",D47="FV40",D47="FV50",D47="FV60",D47="FV70",D47="FV80",D47="FU23",D47="FU20",D47="FU18",D47="FU16",D47="FU14",D47="FU12",D47="FU10"),COUNTIF(D$2:D47,"F*"),"") | AP47: =IF(OR(D47="FU23",D47="FU20",D47="FU18",D47="FU16",D47="FU14",D47="FU12",D47="FU10"),COUNTIF(D$2:D47,"FU*"),"") | AQ47: {=IF(OR(D47="FU20",D47="FU18",D47="FU16",D47="FU14",D47="FU12",D47="FU10"),SUM(COUNTIF(D$2:D47,{"FU20","FU18","FU16","FU14","FU12","FU10"})),"")} | AR47: {=IF(OR(D47="FU18",D47="FU16",D47="FU14",D47="FU12",D47="FU10"),SUM(COUNTIF(D$2:D47,{"FU18","FU16","FU14","FU12","FU10"})),"")} | AS47: =IF(OR(D47="FU16"),COUNTIF(D$2:D47,"FU16"),"") | AT47: =IF(OR(D47="FU14"),COUNTIF(D$2:D47,"FU14"),"") | AU47: =IF(OR(D47="FU12"),COUNTIF(D$2:D47,"FU12"),"") | AV47: =IF(OR(D47="FU10"),COUNTIF(D$2:D47,"FU10"),"") | AW47: =IF(OR(D47="FV40",D47="FV50",D47="FV60",D47="FV70",D47="FV80"),COUNTIF(D$2:D47,"FV*"),"") | AX47: =IF(OR(D47="FV50",D47="FV60",D47="FV70",D47="FV80"),COUNTIF(D$2:D47,"FV50")+COUNTIF(D$2:D47,"FV60")+COUNTIF(D$2:D47,"FV70")+COUNTIF(D$2:D47,"FV80"),"") | AY47: =IF(OR(D47="FV60",D47="FV70",D47="FV80"),COUNTIF(D$2:D47,"FV60")+COUNTIF(D$2:D47,"FV70")+COUNTIF(D$2:D47,"FV80"),"") | AZ47: =IF(OR(D47="FV70",D47="FV80"),COUNTIF(D$2:D47,"FV70")+COUNTIF(D$2:D47,"FV80"),"")
F48: =LEFT(D48,1) | G48: =IF(OR(C48="",C48=" ",C48="FRA",C48="unattached",C48="(no club)",F48="F"),"",COUNTIFS(C$2:C48,C48,D$2:D48,"M*")) | H48: =IF(G48="","",C48&G48) | I48: =IF(G48=3,C48,"") | J48: =IF($I48="","",_xlfn.XLOOKUP($I48&"1",H$2:H$201,B$2:B$201)) | K48: =IF($I48="","",_xlfn.XLOOKUP($I48&"1",H$2:H$201,AC$2:AC$201)) | L48: =IF(I48="","",_xlfn.XLOOKUP(I48&"2",H$2:H$201,B$2:B$201)) | M48: =IF($I48="","",_xlfn.XLOOKUP($I48&"2",H$2:H$201,AC$2:AC$201)) | N48: =IF(I48="","",_xlfn.XLOOKUP(I48&"3",H$2:H$201,B$2:B$201)) | O48: =IF($I48="","",_xlfn.XLOOKUP($I48&"3",H$2:H$201,AC$2:AC$201)) | P48: =IF(I48="","",K48+M48+O48) | Q48: =IF(P48="","",RANK(P48,P$2:P$201,1)) | R48: =IF(OR(C48="",C48=" ",C48="FRA",C48="unattached",C48="(no club)",F48="M"),"",COUNTIFS(C$2:C48,C48,D$2:D48,"F*")) | S48: =IF(R48="","",C48&R48) | T48: =IF(R48=3,C48,"") | U48: =IF(T48="","",_xlfn.XLOOKUP(T48&"1",S$2:S$201,B$2:B$201)) | V48: =IF($T48="","",_xlfn.XLOOKUP($T48&"1",S$2:S$201,AO$2:AO$201)) | W48: =IF(T48="","",_xlfn.XLOOKUP(T48&"2",S$2:S$201,B$2:B$201)) | X48: =IF($T48="","",_xlfn.XLOOKUP($T48&"2",S$2:S$201,AO$2:AO$201)) | Y48: =IF(T48="","",_xlfn.XLOOKUP(T48&"3",S$2:S$201,B$2:B$201)) | Z48: =IF($T48="","",_xlfn.XLOOKUP($T48&"3",S$2:S$201,AO$2:AO$201)) | AA48: =IF(T48="","",V48+X48+Z48) | AB48: =IF(AA48="","",RANK(AA48,AA$2:AA$201,1)) | AC48: =IF(OR(D48="MSEN",D48="MV40",D48="MV50",D48="MV60",D48="MV70",D48="MV80",D48="MU23",D48="MU20",D48="MU18",D48="MU16",D48="MU14",D48="MU12",D48="MU10"),COUNTIF(D$2:D48,"M*"),"") | AD48: =IF(OR(D48="MU23",D48="MU20",D48="MU18",D48="MU16",D48="MU14",D48="MU12",D48="MU10"),COUNTIF(D$2:D48,"MU*"),"") | AE48: {=IF(OR(D48="MU20",D48="MU18",D48="MU16",D48="MU14",D48="MU12",D48="MU10"),SUM(COUNTIF(D$2:D48,{"MU20","MU18","MU16","MU14","MU12","MU10"})),"")} | AF48: {=IF(OR(D48="MU18",D48="MU16",D48="MU14",D48="MU12",D48="MU10"),SUM(COUNTIF(D$2:D48,{"MU18","MU16","MU14","MU12","MU10"})),"")} | AG48: =IF(OR(D48="MU16"),COUNTIF(D$2:D48,"MU16"),"") | AH48: =IF(OR(D48="MU14"),COUNTIF(D$2:D48,"MU14"),"") | AI48: =IF(OR(D48="MU12"),COUNTIF(D$2:D48,"MU12"),"") | AJ48: =IF(OR(D48="MU10"),COUNTIF(D$2:D48,"MU10"),"") | AK48: =IF(OR(D48="MV40",D48="MV50",D48="MV60",D48="MV70",D48="MV80"),COUNTIF(D$2:D48,"MV*"),"") | AL48: =IF(OR(D48="MV50",D48="MV60",D48="MV70",D48="MV80"),COUNTIF(D$2:D48,"MV50")+COUNTIF(D$2:D48,"MV60")+COUNTIF(D$2:D48,"MV70")+COUNTIF(D$2:D48,"MV80"),"") | AM48: =IF(OR(D48="MV60",D48="MV70",D48="MV80"),COUNTIF(D$2:D48,"MV60")+COUNTIF(D$2:D48,"MV70")+COUNTIF(D$2:D48,"MV80"),"") | AN48: =IF(OR(D48="MV70",D48="MV80"),COUNTIF(D$2:D48,"MV70")+COUNTIF(D$2:D48,"MV80"),"") | AO48: =IF(OR(D48="FSEN",D48="FV40",D48="FV50",D48="FV60",D48="FV70",D48="FV80",D48="FU23",D48="FU20",D48="FU18",D48="FU16",D48="FU14",D48="FU12",D48="FU10"),COUNTIF(D$2:D48,"F*"),"") | AP48: =IF(OR(D48="FU23",D48="FU20",D48="FU18",D48="FU16",D48="FU14",D48="FU12",D48="FU10"),COUNTIF(D$2:D48,"FU*"),"") | AQ48: {=IF(OR(D48="FU20",D48="FU18",D48="FU16",D48="FU14",D48="FU12",D48="FU10"),SUM(COUNTIF(D$2:D48,{"FU20","FU18","FU16","FU14","FU12","FU10"})),"")} | AR48: {=IF(OR(D48="FU18",D48="FU16",D48="FU14",D48="FU12",D48="FU10"),SUM(COUNTIF(D$2:D48,{"FU18","FU16","FU14","FU12","FU10"})),"")} | AS48: =IF(OR(D48="FU16"),COUNTIF(D$2:D48,"FU16"),"") | AT48: =IF(OR(D48="FU14"),COUNTIF(D$2:D48,"FU14"),"") | AU48: =IF(OR(D48="FU12"),COUNTIF(D$2:D48,"FU12"),"") | AV48: =IF(OR(D48="FU10"),COUNTIF(D$2:D48,"FU10"),"") | AW48: =IF(OR(D48="FV40",D48="FV50",D48="FV60",D48="FV70",D48="FV80"),COUNTIF(D$2:D48,"FV*"),"") | AX48: =IF(OR(D48="FV50",D48="FV60",D48="FV70",D48="FV80"),COUNTIF(D$2:D48,"FV50")+COUNTIF(D$2:D48,"FV60")+COUNTIF(D$2:D48,"FV70")+COUNTIF(D$2:D48,"FV80"),"") | AY48: =IF(OR(D48="FV60",D48="FV70",D48="FV80"),COUNTIF(D$2:D48,"FV60")+COUNTIF(D$2:D48,"FV70")+COUNTIF(D$2:D48,"FV80"),"") | AZ48: =IF(OR(D48="FV70",D48="FV80"),COUNTIF(D$2:D48,"FV70")+COUNTIF(D$2:D48,"FV80"),"")
F49: =LEFT(D49,1) | G49: =IF(OR(C49="",C49=" ",C49="FRA",C49="unattached",C49="(no club)",F49="F"),"",COUNTIFS(C$2:C49,C49,D$2:D49,"M*")) | H49: =IF(G49="","",C49&G49) | I49: =IF(G49=3,C49,"") | J49: =IF($I49="","",_xlfn.XLOOKUP($I49&"1",H$2:H$201,B$2:B$201)) | K49: =IF($I49="","",_xlfn.XLOOKUP($I49&"1",H$2:H$201,AC$2:AC$201)) | L49: =IF(I49="","",_xlfn.XLOOKUP(I49&"2",H$2:H$201,B$2:B$201)) | M49: =IF($I49="","",_xlfn.XLOOKUP($I49&"2",H$2:H$201,AC$2:AC$201)) | N49: =IF(I49="","",_xlfn.XLOOKUP(I49&"3",H$2:H$201,B$2:B$201)) | O49: =IF($I49="","",_xlfn.XLOOKUP($I49&"3",H$2:H$201,AC$2:AC$201)) | P49: =IF(I49="","",K49+M49+O49) | Q49: =IF(P49="","",RANK(P49,P$2:P$201,1)) | R49: =IF(OR(C49="",C49=" ",C49="FRA",C49="unattached",C49="(no club)",F49="M"),"",COUNTIFS(C$2:C49,C49,D$2:D49,"F*")) | S49: =IF(R49="","",C49&R49) | T49: =IF(R49=3,C49,"") | U49: =IF(T49="","",_xlfn.XLOOKUP(T49&"1",S$2:S$201,B$2:B$201)) | V49: =IF($T49="","",_xlfn.XLOOKUP($T49&"1",S$2:S$201,AO$2:AO$201)) | W49: =IF(T49="","",_xlfn.XLOOKUP(T49&"2",S$2:S$201,B$2:B$201)) | X49: =IF($T49="","",_xlfn.XLOOKUP($T49&"2",S$2:S$201,AO$2:AO$201)) | Y49: =IF(T49="","",_xlfn.XLOOKUP(T49&"3",S$2:S$201,B$2:B$201)) | Z49: =IF($T49="","",_xlfn.XLOOKUP($T49&"3",S$2:S$201,AO$2:AO$201)) | AA49: =IF(T49="","",V49+X49+Z49) | AB49: =IF(AA49="","",RANK(AA49,AA$2:AA$201,1)) | AC49: =IF(OR(D49="MSEN",D49="MV40",D49="MV50",D49="MV60",D49="MV70",D49="MV80",D49="MU23",D49="MU20",D49="MU18",D49="MU16",D49="MU14",D49="MU12",D49="MU10"),COUNTIF(D$2:D49,"M*"),"") | AD49: =IF(OR(D49="MU23",D49="MU20",D49="MU18",D49="MU16",D49="MU14",D49="MU12",D49="MU10"),COUNTIF(D$2:D49,"MU*"),"") | AE49: {=IF(OR(D49="MU20",D49="MU18",D49="MU16",D49="MU14",D49="MU12",D49="MU10"),SUM(COUNTIF(D$2:D49,{"MU20","MU18","MU16","MU14","MU12","MU10"})),"")} | AF49: {=IF(OR(D49="MU18",D49="MU16",D49="MU14",D49="MU12",D49="MU10"),SUM(COUNTIF(D$2:D49,{"MU18","MU16","MU14","MU12","MU10"})),"")} | AG49: =IF(OR(D49="MU16"),COUNTIF(D$2:D49,"MU16"),"") | AH49: =IF(OR(D49="MU14"),COUNTIF(D$2:D49,"MU14"),"") | AI49: =IF(OR(D49="MU12"),COUNTIF(D$2:D49,"MU12"),"") | AJ49: =IF(OR(D49="MU10"),COUNTIF(D$2:D49,"MU10"),"") | AK49: =IF(OR(D49="MV40",D49="MV50",D49="MV60",D49="MV70",D49="MV80"),COUNTIF(D$2:D49,"MV*"),"") | AL49: =IF(OR(D49="MV50",D49="MV60",D49="MV70",D49="MV80"),COUNTIF(D$2:D49,"MV50")+COUNTIF(D$2:D49,"MV60")+COUNTIF(D$2:D49,"MV70")+COUNTIF(D$2:D49,"MV80"),"") | AM49: =IF(OR(D49="MV60",D49="MV70",D49="MV80"),COUNTIF(D$2:D49,"MV60")+COUNTIF(D$2:D49,"MV70")+COUNTIF(D$2:D49,"MV80"),"") | AN49: =IF(OR(D49="MV70",D49="MV80"),COUNTIF(D$2:D49,"MV70")+COUNTIF(D$2:D49,"MV80"),"") | AO49: =IF(OR(D49="FSEN",D49="FV40",D49="FV50",D49="FV60",D49="FV70",D49="FV80",D49="FU23",D49="FU20",D49="FU18",D49="FU16",D49="FU14",D49="FU12",D49="FU10"),COUNTIF(D$2:D49,"F*"),"") | AP49: =IF(OR(D49="FU23",D49="FU20",D49="FU18",D49="FU16",D49="FU14",D49="FU12",D49="FU10"),COUNTIF(D$2:D49,"FU*"),"") | AQ49: {=IF(OR(D49="FU20",D49="FU18",D49="FU16",D49="FU14",D49="FU12",D49="FU10"),SUM(COUNTIF(D$2:D49,{"FU20","FU18","FU16","FU14","FU12","FU10"})),"")} | AR49: {=IF(OR(D49="FU18",D49="FU16",D49="FU14",D49="FU12",D49="FU10"),SUM(COUNTIF(D$2:D49,{"FU18","FU16","FU14","FU12","FU10"})),"")} | AS49: =IF(OR(D49="FU16"),COUNTIF(D$2:D49,"FU16"),"") | AT49: =IF(OR(D49="FU14"),COUNTIF(D$2:D49,"FU14"),"") | AU49: =IF(OR(D49="FU12"),COUNTIF(D$2:D49,"FU12"),"") | AV49: =IF(OR(D49="FU10"),COUNTIF(D$2:D49,"FU10"),"") | AW49: =IF(OR(D49="FV40",D49="FV50",D49="FV60",D49="FV70",D49="FV80"),COUNTIF(D$2:D49,"FV*"),"") | AX49: =IF(OR(D49="FV50",D49="FV60",D49="FV70",D49="FV80"),COUNTIF(D$2:D49,"FV50")+COUNTIF(D$2:D49,"FV60")+COUNTIF(D$2:D49,"FV70")+COUNTIF(D$2:D49,"FV80"),"") | AY49: =IF(OR(D49="FV60",D49="FV70",D49="FV80"),COUNTIF(D$2:D49,"FV60")+COUNTIF(D$2:D49,"FV70")+COUNTIF(D$2:D49,"FV80"),"") | AZ49: =IF(OR(D49="FV70",D49="FV80"),COUNTIF(D$2:D49,"FV70")+COUNTIF(D$2:D49,"FV80"),"")
F50: =LEFT(D50,1) | G50: =IF(OR(C50="",C50=" ",C50="FRA",C50="unattached",C50="(no club)",F50="F"),"",COUNTIFS(C$2:C50,C50,D$2:D50,"M*")) | H50: =IF(G50="","",C50&G50) | I50: =IF(G50=3,C50,"") | J50: =IF($I50="","",_xlfn.XLOOKUP($I50&"1",H$2:H$201,B$2:B$201)) | K50: =IF($I50="","",_xlfn.XLOOKUP($I50&"1",H$2:H$201,AC$2:AC$201)) | L50: =IF(I50="","",_xlfn.XLOOKUP(I50&"2",H$2:H$201,B$2:B$201)) | M50: =IF($I50="","",_xlfn.XLOOKUP($I50&"2",H$2:H$201,AC$2:AC$201)) | N50: =IF(I50="","",_xlfn.XLOOKUP(I50&"3",H$2:H$201,B$2:B$201)) | O50: =IF($I50="","",_xlfn.XLOOKUP($I50&"3",H$2:H$201,AC$2:AC$201)) | P50: =IF(I50="","",K50+M50+O50) | Q50: =IF(P50="","",RANK(P50,P$2:P$201,1)) | R50: =IF(OR(C50="",C50=" ",C50="FRA",C50="unattached",C50="(no club)",F50="M"),"",COUNTIFS(C$2:C50,C50,D$2:D50,"F*")) | S50: =IF(R50="","",C50&R50) | T50: =IF(R50=3,C50,"") | U50: =IF(T50="","",_xlfn.XLOOKUP(T50&"1",S$2:S$201,B$2:B$201)) | V50: =IF($T50="","",_xlfn.XLOOKUP($T50&"1",S$2:S$201,AO$2:AO$201)) | W50: =IF(T50="","",_xlfn.XLOOKUP(T50&"2",S$2:S$201,B$2:B$201)) | X50: =IF($T50="","",_xlfn.XLOOKUP($T50&"2",S$2:S$201,AO$2:AO$201)) | Y50: =IF(T50="","",_xlfn.XLOOKUP(T50&"3",S$2:S$201,B$2:B$201)) | Z50: =IF($T50="","",_xlfn.XLOOKUP($T50&"3",S$2:S$201,AO$2:AO$201)) | AA50: =IF(T50="","",V50+X50+Z50) | AB50: =IF(AA50="","",RANK(AA50,AA$2:AA$201,1)) | AC50: =IF(OR(D50="MSEN",D50="MV40",D50="MV50",D50="MV60",D50="MV70",D50="MV80",D50="MU23",D50="MU20",D50="MU18",D50="MU16",D50="MU14",D50="MU12",D50="MU10"),COUNTIF(D$2:D50,"M*"),"") | AD50: =IF(OR(D50="MU23",D50="MU20",D50="MU18",D50="MU16",D50="MU14",D50="MU12",D50="MU10"),COUNTIF(D$2:D50,"MU*"),"") | AE50: {=IF(OR(D50="MU20",D50="MU18",D50="MU16",D50="MU14",D50="MU12",D50="MU10"),SUM(COUNTIF(D$2:D50,{"MU20","MU18","MU16","MU14","MU12","MU10"})),"")} | AF50: {=IF(OR(D50="MU18",D50="MU16",D50="MU14",D50="MU12",D50="MU10"),SUM(COUNTIF(D$2:D50,{"MU18","MU16","MU14","MU12","MU10"})),"")} | AG50: =IF(OR(D50="MU16"),COUNTIF(D$2:D50,"MU16"),"") | AH50: =IF(OR(D50="MU14"),COUNTIF(D$2:D50,"MU14"),"") | AI50: =IF(OR(D50="MU12"),COUNTIF(D$2:D50,"MU12"),"") | AJ50: =IF(OR(D50="MU10"),COUNTIF(D$2:D50,"MU10"),"") | AK50: =IF(OR(D50="MV40",D50="MV50",D50="MV60",D50="MV70",D50="MV80"),COUNTIF(D$2:D50,"MV*"),"") | AL50: =IF(OR(D50="MV50",D50="MV60",D50="MV70",D50="MV80"),COUNTIF(D$2:D50,"MV50")+COUNTIF(D$2:D50,"MV60")+COUNTIF(D$2:D50,"MV70")+COUNTIF(D$2:D50,"MV80"),"") | AM50: =IF(OR(D50="MV60",D50="MV70",D50="MV80"),COUNTIF(D$2:D50,"MV60")+COUNTIF(D$2:D50,"MV70")+COUNTIF(D$2:D50,"MV80"),"") | AN50: =IF(OR(D50="MV70",D50="MV80"),COUNTIF(D$2:D50,"MV70")+COUNTIF(D$2:D50,"MV80"),"") | AO50: =IF(OR(D50="FSEN",D50="FV40",D50="FV50",D50="FV60",D50="FV70",D50="FV80",D50="FU23",D50="FU20",D50="FU18",D50="FU16",D50="FU14",D50="FU12",D50="FU10"),COUNTIF(D$2:D50,"F*"),"") | AP50: =IF(OR(D50="FU23",D50="FU20",D50="FU18",D50="FU16",D50="FU14",D50="FU12",D50="FU10"),COUNTIF(D$2:D50,"FU*"),"") | AQ50: {=IF(OR(D50="FU20",D50="FU18",D50="FU16",D50="FU14",D50="FU12",D50="FU10"),SUM(COUNTIF(D$2:D50,{"FU20","FU18","FU16","FU14","FU12","FU10"})),"")} | AR50: {=IF(OR(D50="FU18",D50="FU16",D50="FU14",D50="FU12",D50="FU10"),SUM(COUNTIF(D$2:D50,{"FU18","FU16","FU14","FU12","FU10"})),"")} | AS50: =IF(OR(D50="FU16"),COUNTIF(D$2:D50,"FU16"),"") | AT50: =IF(OR(D50="FU14"),COUNTIF(D$2:D50,"FU14"),"") | AU50: =IF(OR(D50="FU12"),COUNTIF(D$2:D50,"FU12"),"") | AV50: =IF(OR(D50="FU10"),COUNTIF(D$2:D50,"FU10"),"") | AW50: =IF(OR(D50="FV40",D50="FV50",D50="FV60",D50="FV70",D50="FV80"),COUNTIF(D$2:D50,"FV*"),"") | AX50: =IF(OR(D50="FV50",D50="FV60",D50="FV70",D50="FV80"),COUNTIF(D$2:D50,"FV50")+COUNTIF(D$2:D50,"FV60")+COUNTIF(D$2:D50,"FV70")+COUNTIF(D$2:D50,"FV80"),"") | AY50: =IF(OR(D50="FV60",D50="FV70",D50="FV80"),COUNTIF(D$2:D50,"FV60")+COUNTIF(D$2:D50,"FV70")+COUNTIF(D$2:D50,"FV80"),"") | AZ50: =IF(OR(D50="FV70",D50="FV80"),COUNTIF(D$2:D50,"FV70")+COUNTIF(D$2:D50,"FV80"),"")
F51: =LEFT(D51,1) | G51: =IF(OR(C51="",C51=" ",C51="FRA",C51="unattached",C51="(no club)",F51="F"),"",COUNTIFS(C$2:C51,C51,D$2:D51,"M*")) | H51: =IF(G51="","",C51&G51) | I51: =IF(G51=3,C51,"") | J51: =IF($I51="","",_xlfn.XLOOKUP($I51&"1",H$2:H$201,B$2:B$201)) | K51: =IF($I51="","",_xlfn.XLOOKUP($I51&"1",H$2:H$201,AC$2:AC$201)) | L51: =IF(I51="","",_xlfn.XLOOKUP(I51&"2",H$2:H$201,B$2:B$201)) | M51: =IF($I51="","",_xlfn.XLOOKUP($I51&"2",H$2:H$201,AC$2:AC$201)) | N51: =IF(I51="","",_xlfn.XLOOKUP(I51&"3",H$2:H$201,B$2:B$201)) | O51: =IF($I51="","",_xlfn.XLOOKUP($I51&"3",H$2:H$201,AC$2:AC$201)) | P51: =IF(I51="","",K51+M51+O51) | Q51: =IF(P51="","",RANK(P51,P$2:P$201,1)) | R51: =IF(OR(C51="",C51=" ",C51="FRA",C51="unattached",C51="(no club)",F51="M"),"",COUNTIFS(C$2:C51,C51,D$2:D51,"F*")) | S51: =IF(R51="","",C51&R51) | T51: =IF(R51=3,C51,"") | U51: =IF(T51="","",_xlfn.XLOOKUP(T51&"1",S$2:S$201,B$2:B$201)) | V51: =IF($T51="","",_xlfn.XLOOKUP($T51&"1",S$2:S$201,AO$2:AO$201)) | W51: =IF(T51="","",_xlfn.XLOOKUP(T51&"2",S$2:S$201,B$2:B$201)) | X51: =IF($T51="","",_xlfn.XLOOKUP($T51&"2",S$2:S$201,AO$2:AO$201)) | Y51: =IF(T51="","",_xlfn.XLOOKUP(T51&"3",S$2:S$201,B$2:B$201)) | Z51: =IF($T51="","",_xlfn.XLOOKUP($T51&"3",S$2:S$201,AO$2:AO$201)) | AA51: =IF(T51="","",V51+X51+Z51) | AB51: =IF(AA51="","",RANK(AA51,AA$2:AA$201,1)) | AC51: =IF(OR(D51="MSEN",D51="MV40",D51="MV50",D51="MV60",D51="MV70",D51="MV80",D51="MU23",D51="MU20",D51="MU18",D51="MU16",D51="MU14",D51="MU12",D51="MU10"),COUNTIF(D$2:D51,"M*"),"") | AD51: =IF(OR(D51="MU23",D51="MU20",D51="MU18",D51="MU16",D51="MU14",D51="MU12",D51="MU10"),COUNTIF(D$2:D51,"MU*"),"") | AE51: {=IF(OR(D51="MU20",D51="MU18",D51="MU16",D51="MU14",D51="MU12",D51="MU10"),SUM(COUNTIF(D$2:D51,{"MU20","MU18","MU16","MU14","MU12","MU10"})),"")} | AF51: {=IF(OR(D51="MU18",D51="MU16",D51="MU14",D51="MU12",D51="MU10"),SUM(COUNTIF(D$2:D51,{"MU18","MU16","MU14","MU12","MU10"})),"")} | AG51: =IF(OR(D51="MU16"),COUNTIF(D$2:D51,"MU16"),"") | AH51: =IF(OR(D51="MU14"),COUNTIF(D$2:D51,"MU14"),"") | AI51: =IF(OR(D51="MU12"),COUNTIF(D$2:D51,"MU12"),"") | AJ51: =IF(OR(D51="MU10"),COUNTIF(D$2:D51,"MU10"),"") | AK51: =IF(OR(D51="MV40",D51="MV50",D51="MV60",D51="MV70",D51="MV80"),COUNTIF(D$2:D51,"MV*"),"") | AL51: =IF(OR(D51="MV50",D51="MV60",D51="MV70",D51="MV80"),COUNTIF(D$2:D51,"MV50")+COUNTIF(D$2:D51,"MV60")+COUNTIF(D$2:D51,"MV70")+COUNTIF(D$2:D51,"MV80"),"") | AM51: =IF(OR(D51="MV60",D51="MV70",D51="MV80"),COUNTIF(D$2:D51,"MV60")+COUNTIF(D$2:D51,"MV70")+COUNTIF(D$2:D51,"MV80"),"") | AN51: =IF(OR(D51="MV70",D51="MV80"),COUNTIF(D$2:D51,"MV70")+COUNTIF(D$2:D51,"MV80"),"") | AO51: =IF(OR(D51="FSEN",D51="FV40",D51="FV50",D51="FV60",D51="FV70",D51="FV80",D51="FU23",D51="FU20",D51="FU18",D51="FU16",D51="FU14",D51="FU12",D51="FU10"),COUNTIF(D$2:D51,"F*"),"") | AP51: =IF(OR(D51="FU23",D51="FU20",D51="FU18",D51="FU16",D51="FU14",D51="FU12",D51="FU10"),COUNTIF(D$2:D51,"FU*"),"") | AQ51: {=IF(OR(D51="FU20",D51="FU18",D51="FU16",D51="FU14",D51="FU12",D51="FU10"),SUM(COUNTIF(D$2:D51,{"FU20","FU18","FU16","FU14","FU12","FU10"})),"")} | AR51: {=IF(OR(D51="FU18",D51="FU16",D51="FU14",D51="FU12",D51="FU10"),SUM(COUNTIF(D$2:D51,{"FU18","FU16","FU14","FU12","FU10"})),"")} | AS51: =IF(OR(D51="FU16"),COUNTIF(D$2:D51,"FU16"),"") | AT51: =IF(OR(D51="FU14"),COUNTIF(D$2:D51,"FU14"),"") | AU51: =IF(OR(D51="FU12"),COUNTIF(D$2:D51,"FU12"),"") | AV51: =IF(OR(D51="FU10"),COUNTIF(D$2:D51,"FU10"),"") | AW51: =IF(OR(D51="FV40",D51="FV50",D51="FV60",D51="FV70",D51="FV80"),COUNTIF(D$2:D51,"FV*"),"") | AX51: =IF(OR(D51="FV50",D51="FV60",D51="FV70",D51="FV80"),COUNTIF(D$2:D51,"FV50")+COUNTIF(D$2:D51,"FV60")+COUNTIF(D$2:D51,"FV70")+COUNTIF(D$2:D51,"FV80"),"") | AY51: =IF(OR(D51="FV60",D51="FV70",D51="FV80"),COUNTIF(D$2:D51,"FV60")+COUNTIF(D$2:D51,"FV70")+COUNTIF(D$2:D51,"FV80"),"") | AZ51: =IF(OR(D51="FV70",D51="FV80"),COUNTIF(D$2:D51,"FV70")+COUNTIF(D$2:D51,"FV80"),"")
F52: =LEFT(D52,1) | G52: =IF(OR(C52="",C52=" ",C52="FRA",C52="unattached",C52="(no club)",F52="F"),"",COUNTIFS(C$2:C52,C52,D$2:D52,"M*")) | H52: =IF(G52="","",C52&G52) | I52: =IF(G52=3,C52,"") | J52: =IF($I52="","",_xlfn.XLOOKUP($I52&"1",H$2:H$201,B$2:B$201)) | K52: =IF($I52="","",_xlfn.XLOOKUP($I52&"1",H$2:H$201,AC$2:AC$201)) | L52: =IF(I52="","",_xlfn.XLOOKUP(I52&"2",H$2:H$201,B$2:B$201)) | M52: =IF($I52="","",_xlfn.XLOOKUP($I52&"2",H$2:H$201,AC$2:AC$201)) | N52: =IF(I52="","",_xlfn.XLOOKUP(I52&"3",H$2:H$201,B$2:B$201)) | O52: =IF($I52="","",_xlfn.XLOOKUP($I52&"3",H$2:H$201,AC$2:AC$201)) | P52: =IF(I52="","",K52+M52+O52) | Q52: =IF(P52="","",RANK(P52,P$2:P$201,1)) | R52: =IF(OR(C52="",C52=" ",C52="FRA",C52="unattached",C52="(no club)",F52="M"),"",COUNTIFS(C$2:C52,C52,D$2:D52,"F*")) | S52: =IF(R52="","",C52&R52) | T52: =IF(R52=3,C52,"") | U52: =IF(T52="","",_xlfn.XLOOKUP(T52&"1",S$2:S$201,B$2:B$201)) | V52: =IF($T52="","",_xlfn.XLOOKUP($T52&"1",S$2:S$201,AO$2:AO$201)) | W52: =IF(T52="","",_xlfn.XLOOKUP(T52&"2",S$2:S$201,B$2:B$201)) | X52: =IF($T52="","",_xlfn.XLOOKUP($T52&"2",S$2:S$201,AO$2:AO$201)) | Y52: =IF(T52="","",_xlfn.XLOOKUP(T52&"3",S$2:S$201,B$2:B$201)) | Z52: =IF($T52="","",_xlfn.XLOOKUP($T52&"3",S$2:S$201,AO$2:AO$201)) | AA52: =IF(T52="","",V52+X52+Z52) | AB52: =IF(AA52="","",RANK(AA52,AA$2:AA$201,1)) | AC52: =IF(OR(D52="MSEN",D52="MV40",D52="MV50",D52="MV60",D52="MV70",D52="MV80",D52="MU23",D52="MU20",D52="MU18",D52="MU16",D52="MU14",D52="MU12",D52="MU10"),COUNTIF(D$2:D52,"M*"),"") | AD52: =IF(OR(D52="MU23",D52="MU20",D52="MU18",D52="MU16",D52="MU14",D52="MU12",D52="MU10"),COUNTIF(D$2:D52,"MU*"),"") | AE52: {=IF(OR(D52="MU20",D52="MU18",D52="MU16",D52="MU14",D52="MU12",D52="MU10"),SUM(COUNTIF(D$2:D52,{"MU20","MU18","MU16","MU14","MU12","MU10"})),"")} | AF52: {=IF(OR(D52="MU18",D52="MU16",D52="MU14",D52="MU12",D52="MU10"),SUM(COUNTIF(D$2:D52,{"MU18","MU16","MU14","MU12","MU10"})),"")} | AG52: =IF(OR(D52="MU16"),COUNTIF(D$2:D52,"MU16"),"") | AH52: =IF(OR(D52="MU14"),COUNTIF(D$2:D52,"MU14"),"") | AI52: =IF(OR(D52="MU12"),COUNTIF(D$2:D52,"MU12"),"") | AJ52: =IF(OR(D52="MU10"),COUNTIF(D$2:D52,"MU10"),"") | AK52: =IF(OR(D52="MV40",D52="MV50",D52="MV60",D52="MV70",D52="MV80"),COUNTIF(D$2:D52,"MV*"),"") | AL52: =IF(OR(D52="MV50",D52="MV60",D52="MV70",D52="MV80"),COUNTIF(D$2:D52,"MV50")+COUNTIF(D$2:D52,"MV60")+COUNTIF(D$2:D52,"MV70")+COUNTIF(D$2:D52,"MV80"),"") | AM52: =IF(OR(D52="MV60",D52="MV70",D52="MV80"),COUNTIF(D$2:D52,"MV60")+COUNTIF(D$2:D52,"MV70")+COUNTIF(D$2:D52,"MV80"),"") | AN52: =IF(OR(D52="MV70",D52="MV80"),COUNTIF(D$2:D52,"MV70")+COUNTIF(D$2:D52,"MV80"),"") | AO52: =IF(OR(D52="FSEN",D52="FV40",D52="FV50",D52="FV60",D52="FV70",D52="FV80",D52="FU23",D52="FU20",D52="FU18",D52="FU16",D52="FU14",D52="FU12",D52="FU10"),COUNTIF(D$2:D52,"F*"),"") | AP52: =IF(OR(D52="FU23",D52="FU20",D52="FU18",D52="FU16",D52="FU14",D52="FU12",D52="FU10"),COUNTIF(D$2:D52,"FU*"),"") | AQ52: {=IF(OR(D52="FU20",D52="FU18",D52="FU16",D52="FU14",D52="FU12",D52="FU10"),SUM(COUNTIF(D$2:D52,{"FU20","FU18","FU16","FU14","FU12","FU10"})),"")} | AR52: {=IF(OR(D52="FU18",D52="FU16",D52="FU14",D52="FU12",D52="FU10"),SUM(COUNTIF(D$2:D52,{"FU18","FU16","FU14","FU12","FU10"})),"")} | AS52: =IF(OR(D52="FU16"),COUNTIF(D$2:D52,"FU16"),"") | AT52: =IF(OR(D52="FU14"),COUNTIF(D$2:D52,"FU14"),"") | AU52: =IF(OR(D52="FU12"),COUNTIF(D$2:D52,"FU12"),"") | AV52: =IF(OR(D52="FU10"),COUNTIF(D$2:D52,"FU10"),"") | AW52: =IF(OR(D52="FV40",D52="FV50",D52="FV60",D52="FV70",D52="FV80"),COUNTIF(D$2:D52,"FV*"),"") | AX52: =IF(OR(D52="FV50",D52="FV60",D52="FV70",D52="FV80"),COUNTIF(D$2:D52,"FV50")+COUNTIF(D$2:D52,"FV60")+COUNTIF(D$2:D52,"FV70")+COUNTIF(D$2:D52,"FV80"),"") | AY52: =IF(OR(D52="FV60",D52="FV70",D52="FV80"),COUNTIF(D$2:D52,"FV60")+COUNTIF(D$2:D52,"FV70")+COUNTIF(D$2:D52,"FV80"),"") | AZ52: =IF(OR(D52="FV70",D52="FV80"),COUNTIF(D$2:D52,"FV70")+COUNTIF(D$2:D52,"FV80"),"")
... F201: =LEFT(D201,1) | G201: =IF(OR(C201="",C201=" ",C201="FRA",C201="unattached",C201="(no club)",F201="F"),"",COUNTIFS(C$2:C201,C201,D$2:D201,"M*")) | H201: =IF(G201="","",C201&G201) | I201: =IF(G201=3,C201,"") | J201: =IF($I201="","",_xlfn.XLOOKUP($I201&"1",H$2:H$201,B$2:B$201)) | K201: =IF($I201="","",_xlfn.XLOOKUP($I201&"1",H$2:H$201,AC$2:AC$201)) | L201: =IF(I201="","",_xlfn.XLOOKUP(I201&"2",H$2:H$201,B$2:B$201)) | M201: =IF($I201="","",_xlfn.XLOOKUP($I201&"2",H$2:H$201,AC$2:AC$201)) | N201: =IF(I201="","",_xlfn.XLOOKUP(I201&"3",H$2:H$201,B$2:B$201)) | O201: =IF($I201="","",_xlfn.XLOOKUP($I201&"3",H$2:H$201,AC$2:AC$201)) | P201: =IF(I201="","",K201+M201+O201) | Q201: =IF(P201="","",RANK(P201,P$2:P$201,1)) | R201: =IF(OR(C201="",C201=" ",C201="FRA",C201="unattached",C201="(no club)",F201="M"),"",COUNTIFS(C$2:C201,C201,D$2:D201,"F*")) | S201: =IF(R201="","",C201&R201) | T201: =IF(R201=3,C201,"") | U201: =IF(T201="","",_xlfn.XLOOKUP(T201&"1",S$2:S$201,B$2:B$201)) | V201: =IF($T201="","",_xlfn.XLOOKUP($T201&"1",S$2:S$201,AO$2:AO$201)) | W201: =IF(T201="","",_xlfn.XLOOKUP(T201&"2",S$2:S$201,B$2:B$201)) | X201: =IF($T201="","",_xlfn.XLOOKUP($T201&"2",S$2:S$201,AO$2:AO$201)) | Y201: =IF(T201="","",_xlfn.XLOOKUP(T201&"3",S$2:S$201,B$2:B$201)) | Z201: =IF($T201="","",_xlfn.XLOOKUP($T201&"3",S$2:S$201,AO$2:AO$201)) | AA201: =IF(T201="","",V201+X201+Z201) | AB201: =IF(AA201="","",RANK(AA201,AA$2:AA$201,1)) | AC201: =IF(OR(D201="MSEN",D201="MV40",D201="MV50",D201="MV60",D201="MV70",D201="MV80",D201="MU23",D201="MU20",D201="MU18",D201="MU16",D201="MU14",D201="MU12",D201="MU10"),COUNTIF(D$2:D201,"M*"),"") | AD201: =IF(OR(D201="MU23",D201="MU20",D201="MU18",D201="MU16",D201="MU14",D201="MU12",D201="MU10"),COUNTIF(D$2:D201,"MU*"),"") | AE201: {=IF(OR(D201="MU20",D201="MU18",D201="MU16",D201="MU14",D201="MU12",D201="MU10"),SUM(COUNTIF(D$2:D201,{"MU20","MU18","MU16","MU14","MU12","MU10"})),"")} | AF201: {=IF(OR(D201="MU18",D201="MU16",D201="MU14",D201="MU12",D201="MU10"),SUM(COUNTIF(D$2:D201,{"MU18","MU16","MU14","MU12","MU10"})),"")} | AG201: =IF(OR(D201="MU16"),COUNTIF(D$2:D201,"MU16"),"") | AH201: =IF(OR(D201="MU14"),COUNTIF(D$2:D201,"MU14"),"") | AI201: =IF(OR(D201="MU12"),COUNTIF(D$2:D201,"MU12"),"") | AJ201: =IF(OR(D201="MU10"),COUNTIF(D$2:D201,"MU10"),"") | AK201: =IF(OR(D201="MV40",D201="MV50",D201="MV60",D201="MV70",D201="MV80"),COUNTIF(D$2:D201,"MV*"),"") | AL201: =IF(OR(D201="MV50",D201="MV60",D201="MV70",D201="MV80"),COUNTIF(D$2:D201,"MV50")+COUNTIF(D$2:D201,"MV60")+COUNTIF(D$2:D201,"MV70")+COUNTIF(D$2:D201,"MV80"),"") | AM201: =IF(OR(D201="MV60",D201="MV70",D201="MV80"),COUNTIF(D$2:D201,"MV60")+COUNTIF(D$2:D201,"MV70")+COUNTIF(D$2:D201,"MV80"),"") | AN201: =IF(OR(D201="MV70",D201="MV80"),COUNTIF(D$2:D201,"MV70")+COUNTIF(D$2:D201,"MV80"),"") | AO201: =IF(OR(D201="FSEN",D201="FV40",D201="FV50",D201="FV60",D201="FV70",D201="FV80",D201="FU23",D201="FU20",D201="FU18",D201="FU16",D201="FU14",D201="FU12",D201="FU10"),COUNTIF(D$2:D201,"F*"),"") | AP201: =IF(OR(D201="FU23",D201="FU20",D201="FU18",D201="FU16",D201="FU14",D201="FU12",D201="FU10"),COUNTIF(D$2:D201,"FU*"),"") | AQ201: {=IF(OR(D201="FU20",D201="FU18",D201="FU16",D201="FU14",D201="FU12",D201="FU10"),SUM(COUNTIF(D$2:D201,{"FU20","FU18","FU16","FU14","FU12","FU10"})),"")} | AR201: {=IF(OR(D201="FU18",D201="FU16",D201="FU14",D201="FU12",D201="FU10"),SUM(COUNTIF(D$2:D201,{"FU18","FU16","FU14","FU12","FU10"})),"")} | AS201: =IF(OR(D201="FU16"),COUNTIF(D$2:D201,"FU16"),"") | AT201: =IF(OR(D201="FU14"),COUNTIF(D$2:D201,"FU14"),"") | AU201: =IF(OR(D201="FU12"),COUNTIF(D$2:D201,"FU12"),"") | AV201: =IF(OR(D201="FU10"),COUNTIF(D$2:D201,"FU10"),"") | AW201: =IF(OR(D201="FV40",D201="FV50",D201="FV60",D201="FV70",D201="FV80"),COUNTIF(D$2:D201,"FV*"),"") | AX201: =IF(OR(D201="FV50",D201="FV60",D201="FV70",D201="FV80"),COUNTIF(D$2:D201,"FV50")+COUNTIF(D$2:D201,"FV60")+COUNTIF(D$2:D201,"FV70")+COUNTIF(D$2:D201,"FV80"),"") | AY201: =IF(OR(D201="FV60",D201="FV70",D201="FV80"),COUNTIF(D$2:D201,"FV60")+COUNTIF(D$2:D201,"FV70")+COUNTIF(D$2:D201,"FV80"),"") | AZ201: =IF(OR(D201="FV70",D201="FV80"),COUNTIF(D$2:D201,"FV70")+COUNTIF(D$2:D201,"FV80"),"")

Sheet RESULT
B2: Results | H2: Category Results
B3: Pos | C3: Name | D3: Club | E3: Cat | F3: Time | H3: Male | J3: Female
B4: =IF(ISNUMBER(INPUT!B3),INPUT!A3,"") -> 1 | C4: =IF(B4="","",_xlfn.XLOOKUP(INPUT!B3,STARTLIST!A$2:A$201,STARTLIST!B$2:B$201)) -> Steve Hebblethwaite | D4: =IF(B4="","",_xlfn.XLOOKUP(INPUT!B3,STARTLIST!A$2:A$201,STARTLIST!C$2:C$201)) -> Keswick AC | E4: =IF(B4="","",_xlfn.XLOOKUP(INPUT!B3,STARTLIST!A$2:A$201,STARTLIST!D$2:D$201)) -> MV40 | F4: =IF(INPUT!C3="","",INPUT!C3) -> 0.057951389 | H4: 1 | I4: =_xlfn.XLOOKUP(H4,Calculation!AC:AC,Calculation!B:B,"-") -> Steve Hebblethwaite | J4: 1 | K4: =_xlfn.XLOOKUP(J4,Calculation!AO:AO,Calculation!B:B,"-") -> Emma Wilkins
B5: =IF(ISNUMBER(INPUT!B4),INPUT!A4,"") -> 2 | C5: =IF(B5="","",_xlfn.XLOOKUP(INPUT!B4,STARTLIST!A$2:A$201,STARTLIST!B$2:B$201)) -> Ethan Furness | D5: =IF(B5="","",_xlfn.XLOOKUP(INPUT!B4,STARTLIST!A$2:A$201,STARTLIST!C$2:C$201)) -> Black Combe Runners | E5: =IF(B5="","",_xlfn.XLOOKUP(INPUT!B4,STARTLIST!A$2:A$201,STARTLIST!D$2:D$201)) -> MSEN | F5: =IF(INPUT!C4="","",INPUT!C4) -> 0.059907407 | H5: 2 | I5: =_xlfn.XLOOKUP(H5,Calculation!AC:AC,Calculation!B:B,"-") -> Ethan Furness | J5: 2 | K5: =_xlfn.XLOOKUP(J5,Calculation!AO:AO,Calculation!B:B,"-") -> Helen Ilsley
B6: =IF(ISNUMBER(INPUT!B5),INPUT!A5,"") -> 3 | C6: =IF(B6="","",_xlfn.XLOOKUP(INPUT!B5,STARTLIST!A$2:A$201,STARTLIST!B$2:B$201)) -> Tim Campbell | D6: =IF(B6="","",_xlfn.XLOOKUP(INPUT!B5,STARTLIST!A$2:A$201,STARTLIST!C$2:C$201)) -> Eden runners | E6: =IF(B6="","",_xlfn.XLOOKUP(INPUT!B5,STARTLIST!A$2:A$201,STARTLIST!D$2:D$201)) -> MV50 | F6: =IF(INPUT!C5="","",INPUT!C5) -> 0.060104167 | H6: 3 | I6: =_xlfn.XLOOKUP(H6,Calculation!AC:AC,Calculation!B:B,"-") -> Tim Campbell | J6: 3 | K6: =_xlfn.XLOOKUP(J6,Calculation!AO:AO,Calculation!B:B,"-") -> Kirsty Struthers
B7: =IF(ISNUMBER(INPUT!B6),INPUT!A6,"") -> 4 | C7: =IF(B7="","",_xlfn.XLOOKUP(INPUT!B6,STARTLIST!A$2:A$201,STARTLIST!B$2:B$201)) -> James Turnbull | D7: =IF(B7="","",_xlfn.XLOOKUP(INPUT!B6,STARTLIST!A$2:A$201,STARTLIST!C$2:C$201)) -> Keswick AC | E7: =IF(B7="","",_xlfn.XLOOKUP(INPUT!B6,STARTLIST!A$2:A$201,STARTLIST!D$2:D$201)) -> MSEN | F7: =IF(INPUT!C6="","",INPUT!C6) -> 0.063784722 | H7: 4 | I7: =_xlfn.XLOOKUP(H7,Calculation!AC:AC,Calculation!B:B,"-") -> James Turnbull | J7: 4 | K7: =_xlfn.XLOOKUP(J7,Calculation!AO:AO,Calculation!B:B,"-") -> Jessica Ivin
B8: =IF(ISNUMBER(INPUT!B7),INPUT!A7,"") -> 5 | C8: =IF(B8="","",_xlfn.XLOOKUP(INPUT!B7,STARTLIST!A$2:A$201,STARTLIST!B$2:B$201)) -> Jonny Howe | D8: =IF(B8="","",_xlfn.XLOOKUP(INPUT!B7,STARTLIST!A$2:A$201,STARTLIST!C$2:C$201)) -> Eden Runners | E8: =IF(B8="","",_xlfn.XLOOKUP(INPUT!B7,STARTLIST!A$2:A$201,STARTLIST!D$2:D$201)) -> MSEN | F8: =IF(INPUT!C7="","",INPUT!C7) -> 0.063796296 | H8: 5 | I8: =_xlfn.XLOOKUP(H8,Calculation!AC:AC,Calculation!B:B,"-") -> Jonny Howe | J8: 5 | K8: =_xlfn.XLOOKUP(J8,Calculation!AO:AO,Calculation!B:B,"-") -> Jane Reedy
B9: =IF(ISNUMBER(INPUT!B8),INPUT!A8,"") -> 6 | C9: =IF(B9="","",_xlfn.XLOOKUP(INPUT!B8,STARTLIST!A$2:A$201,STARTLIST!B$2:B$201)) -> Mike Rudd | D9: =IF(B9="","",_xlfn.XLOOKUP(INPUT!B8,STARTLIST!A$2:A$201,STARTLIST!C$2:C$201)) -> Northern Fells Running Club | E9: =IF(B9="","",_xlfn.XLOOKUP(INPUT!B8,STARTLIST!A$2:A$201,STARTLIST!D$2:D$201)) -> MV50 | F9: =IF(INPUT!C8="","",INPUT!C8) -> 0.065462963
B10: =IF(ISNUMBER(INPUT!B9),INPUT!A9,"") -> 7 | C10: =IF(B10="","",_xlfn.XLOOKUP(INPUT!B9,STARTLIST!A$2:A$201,STARTLIST!B$2:B$201)) -> Kester Webb | D10: =IF(B10="","",_xlfn.XLOOKUP(INPUT!B9,STARTLIST!A$2:A$201,STARTLIST!C$2:C$201)) -> Keswick AC | E10: =IF(B10="","",_xlfn.XLOOKUP(INPUT!B9,STARTLIST!A$2:A$201,STARTLIST!D$2:D$201)) -> MSEN | F10: =IF(INPUT!C9="","",INPUT!C9) -> 0.0665625 | H10: MU18 | J10: FU18
B11: =IF(ISNUMBER(INPUT!B10),INPUT!A10,"") -> 8 | C11: =IF(B11="","",_xlfn.XLOOKUP(INPUT!B10,STARTLIST!A$2:A$201,STARTLIST!B$2:B$201)) -> Andrew Bromley | D11: =IF(B11="","",_xlfn.XLOOKUP(INPUT!B10,STARTLIST!A$2:A$201,STARTLIST!C$2:C$201)) -> Netherhall AC | E11: =IF(B11="","",_xlfn.XLOOKUP(INPUT!B10,STARTLIST!A$2:A$201,STARTLIST!D$2:D$201)) -> MV40 | F11: =IF(INPUT!C10="","",INPUT!C10) -> 0.067326389 | H11: 1 | I11: =_xlfn.XLOOKUP(H11,Calculation!AF:AF,Calculation!B:B,"-") -> - | J11: 1 | K11: =_xlfn.XLOOKUP(J11,Calculation!AR:AR,Calculation!B:B,"-") -> -
B12: =IF(ISNUMBER(INPUT!B11),INPUT!A11,"") -> 9 | C12: =IF(B12="","",_xlfn.XLOOKUP(INPUT!B11,STARTLIST!A$2:A$201,STARTLIST!B$2:B$201)) -> Joseph Fell | D12: =IF(B12="","",_xlfn.XLOOKUP(INPUT!B11,STARTLIST!A$2:A$201,STARTLIST!C$2:C$201)) -> Eden Runners | E12: =IF(B12="","",_xlfn.XLOOKUP(INPUT!B11,STARTLIST!A$2:A$201,STARTLIST!D$2:D$201)) -> MSEN | F12: =IF(INPUT!C11="","",INPUT!C11) -> 0.068125 | H12: 2 | I12: =_xlfn.XLOOKUP(H12,Calculation!AF:AF,Calculation!B:B,"-") -> - | J12: 2 | K12: =_xlfn.XLOOKUP(J12,Calculation!AR:AR,Calculation!B:B,"-") -> -
B13: =IF(ISNUMBER(INPUT!B12),INPUT!A12,"") -> 10 | C13: =IF(B13="","",_xlfn.XLOOKUP(INPUT!B12,STARTLIST!A$2:A$201,STARTLIST!B$2:B$201)) -> Ed Gamble | D13: =IF(B13="","",_xlfn.XLOOKUP(INPUT!B12,STARTLIST!A$2:A$201,STARTLIST!C$2:C$201)) -> Keswick AC | E13: =IF(B13="","",_xlfn.XLOOKUP(INPUT!B12,STARTLIST!A$2:A$201,STARTLIST!D$2:D$201)) -> MV60 | F13: =IF(INPUT!C12="","",INPUT!C12) -> 0.068923611 | H13: 3 | I13: =_xlfn.XLOOKUP(H13,Calculation!AF:AF,Calculation!B:B,"-") -> - | J13: 3 | K13: =_xlfn.XLOOKUP(J13,Calculation!AR:AR,Calculation!B:B,"-") -> -
B14: =IF(ISNUMBER(INPUT!B13),INPUT!A13,"") -> 11 | C14: =IF(B14="","",_xlfn.XLOOKUP(INPUT!B13,STARTLIST!A$2:A$201,STARTLIST!B$2:B$201)) -> Glen Johnson | D14: =IF(B14="","",_xlfn.XLOOKUP(INPUT!B13,STARTLIST!A$2:A$201,STARTLIST!C$2:C$201)) -> Tadcaster Harriers | E14: =IF(B14="","",_xlfn.XLOOKUP(INPUT!B13,STARTLIST!A$2:A$201,STARTLIST!D$2:D$201)) -> MV60 | F14: =IF(INPUT!C13="","",INPUT!C13) -> 0.0696875
B15: =IF(ISNUMBER(INPUT!B14),INPUT!A14,"") -> 12 | C15: =IF(B15="","",_xlfn.XLOOKUP(INPUT!B14,STARTLIST!A$2:A$201,STARTLIST!B$2:B$201)) -> John Duff | D15: =IF(B15="","",_xlfn.XLOOKUP(INPUT!B14,STARTLIST!A$2:A$201,STARTLIST!C$2:C$201)) -> Keswick AC | E15: =IF(B15="","",_xlfn.XLOOKUP(INPUT!B14,STARTLIST!A$2:A$201,STARTLIST!D$2:D$201)) -> MV50 | F15: =IF(INPUT!C14="","",INPUT!C14) -> 0.07025463 | H15: MU20- | J15: FU20-
B16: =IF(ISNUMBER(INPUT!B15),INPUT!A15,"") -> 13 | C16: =IF(B16="","",_xlfn.XLOOKUP(INPUT!B15,STARTLIST!A$2:A$201,STARTLIST!B$2:B$201)) -> Tom Finch | D16: =IF(B16="","",_xlfn.XLOOKUP(INPUT!B15,STARTLIST!A$2:A$201,STARTLIST!C$2:C$201)) -> Westerlands CCC | E16: =IF(B16="","",_xlfn.XLOOKUP(INPUT!B15,STARTLIST!A$2:A$201,STARTLIST!D$2:D$201)) -> MSEN | F16: =IF(INPUT!C15="","",INPUT!C15) -> 0.071087963 | H16: 1 | I16: =_xlfn.XLOOKUP(H16,Calculation!AE:AE,Calculation!B:B,"-") -> - | J16: 1 | K16: =_xlfn.XLOOKUP(J16,Calculation!AQ:AQ,Calculation!B:B,"-") -> -
B17: =IF(ISNUMBER(INPUT!B16),INPUT!A16,"") -> 14 | C17: =IF(B17="","",_xlfn.XLOOKUP(INPUT!B16,STARTLIST!A$2:A$201,STARTLIST!B$2:B$201)) -> Emma Wilkins | D17: =IF(B17="","",_xlfn.XLOOKUP(INPUT!B16,STARTLIST!A$2:A$201,STARTLIST!C$2:C$201)) -> Cumberland Fell Runners | E17: =IF(B17="","",_xlfn.XLOOKUP(INPUT!B16,STARTLIST!A$2:A$201,STARTLIST!D$2:D$201)) -> FSEN | F17: =IF(INPUT!C16="","",INPUT!C16) -> 0.073472222 | H17: 2 | I17: =_xlfn.XLOOKUP(H17,Calculation!AE:AE,Calculation!B:B,"-") -> - | J17: 2 | K17: =_xlfn.XLOOKUP(J17,Calculation!AQ:AQ,Calculation!B:B,"-") -> -
B18: =IF(ISNUMBER(INPUT!B17),INPUT!A17,"") -> 15 | C18: =IF(B18="","",_xlfn.XLOOKUP(INPUT!B17,STARTLIST!A$2:A$201,STARTLIST!B$2:B$201)) -> Jack Ilsley | D18: =IF(B18="","",_xlfn.XLOOKUP(INPUT!B17,STARTLIST!A$2:A$201,STARTLIST!C$2:C$201)) -> Holmfirth Harriers | E18: =IF(B18="","",_xlfn.XLOOKUP(INPUT!B17,STARTLIST!A$2:A$201,STARTLIST!D$2:D$201)) -> MU23 | F18: =IF(INPUT!C17="","",INPUT!C17) -> 0.075277778 | H18: 3 | I18: =_xlfn.XLOOKUP(H18,Calculation!AE:AE,Calculation!B:B,"-") -> - | J18: 3 | K18: =_xlfn.XLOOKUP(J18,Calculation!AQ:AQ,Calculation!B:B,"-") -> -
B19: =IF(ISNUMBER(INPUT!B18),INPUT!A18,"") -> 16 | C19: =IF(B19="","",_xlfn.XLOOKUP(INPUT!B18,STARTLIST!A$2:A$201,STARTLIST!B$2:B$201)) -> Neil Weightman | D19: =IF(B19="","",_xlfn.XLOOKUP(INPUT!B18,STARTLIST!A$2:A$201,STARTLIST!C$2:C$201)) -> Eden Runners | E19: =IF(B19="","",_xlfn.XLOOKUP(INPUT!B18,STARTLIST!A$2:A$201,STARTLIST!D$2:D$201)) -> MV60 | F19: =IF(INPUT!C18="","",INPUT!C18) -> 0.075625
B20: =IF(ISNUMBER(INPUT!B19),INPUT!A19,"") -> 17 | C20: =IF(B20="","",_xlfn.XLOOKUP(INPUT!B19,STARTLIST!A$2:A$201,STARTLIST!B$2:B$201)) -> David McCabe | D20: =IF(B20="","",_xlfn.XLOOKUP(INPUT!B19,STARTLIST!A$2:A$201,STARTLIST!C$2:C$201)) -> Trawden Athletic | E20: =IF(B20="","",_xlfn.XLOOKUP(INPUT!B19,STARTLIST!A$2:A$201,STARTLIST!D$2:D$201)) -> MV50 | F20: =IF(INPUT!C19="","",INPUT!C19) -> 0.077361111 | H20: MU23- | J20: FU23-
B21: =IF(ISNUMBER(INPUT!B20),INPUT!A20,"") -> 18 | C21: =IF(B21="","",_xlfn.XLOOKUP(INPUT!B20,STARTLIST!A$2:A$201,STARTLIST!B$2:B$201)) -> James Hall | D21: =IF(B21="","",_xlfn.XLOOKUP(INPUT!B20,STARTLIST!A$2:A$201,STARTLIST!C$2:C$201)) -> Wharfedale Harriers | E21: =IF(B21="","",_xlfn.XLOOKUP(INPUT!B20,STARTLIST!A$2:A$201,STARTLIST!D$2:D$201)) -> MSEN | F21: =IF(INPUT!C20="","",INPUT!C20) -> 0.077928241 | H21: 1 | I21: =_xlfn.XLOOKUP(H21,Calculation!AD:AD,Calculation!B:B,"-") -> Jack Ilsley | J21: 1 | K21: =_xlfn.XLOOKUP(H21,Calculation!AP:AP,Calculation!B:B,"-") -> -
B22: =IF(ISNUMBER(INPUT!B21),INPUT!A21,"") -> 19 | C22: =IF(B22="","",_xlfn.XLOOKUP(INPUT!B21,STARTLIST!A$2:A$201,STARTLIST!B$2:B$201)) -> Daniel Marshall | D22: =IF(B22="","",_xlfn.XLOOKUP(INPUT!B21,STARTLIST!A$2:A$201,STARTLIST!C$2:C$201)) -> Unattached | E22: =IF(B22="","",_xlfn.XLOOKUP(INPUT!B21,STARTLIST!A$2:A$201,STARTLIST!D$2:D$201)) -> MSEN | F22: =IF(INPUT!C21="","",INPUT!C21) -> 0.077939815 | H22: 2 | I22: =_xlfn.XLOOKUP(H22,Calculation!AD:AD,Calculation!B:B,"-") -> - | J22: 2 | K22: =_xlfn.XLOOKUP(H22,Calculation!AP:AP,Calculation!B:B,"-") -> -
B23: =IF(ISNUMBER(INPUT!B22),INPUT!A22,"") -> 20 | C23: =IF(B23="","",_xlfn.XLOOKUP(INPUT!B22,STARTLIST!A$2:A$201,STARTLIST!B$2:B$201)) -> Helen Ilsley | D23: =IF(B23="","",_xlfn.XLOOKUP(INPUT!B22,STARTLIST!A$2:A$201,STARTLIST!C$2:C$201)) -> Holmfirth Harriers | E23: =IF(B23="","",_xlfn.XLOOKUP(INPUT!B22,STARTLIST!A$2:A$201,STARTLIST!D$2:D$201)) -> FV40 | F23: =IF(INPUT!C22="","",INPUT!C22) -> 0.078634259 | H23: 3 | I23: =_xlfn.XLOOKUP(H23,Calculation!AD:AD,Calculation!B:B,"-") -> - | J23: 3 | K23: =_xlfn.XLOOKUP(H23,Calculation!AP:AP,Calculation!B:B,"-") -> -
B24: =IF(ISNUMBER(INPUT!B23),INPUT!A23,"") -> 21 | C24: =IF(B24="","",_xlfn.XLOOKUP(INPUT!B23,STARTLIST!A$2:A$201,STARTLIST!B$2:B$201)) -> Jonathan Tombs | D24: =IF(B24="","",_xlfn.XLOOKUP(INPUT!B23,STARTLIST!A$2:A$201,STARTLIST!C$2:C$201)) -> Eden Runners | E24: =IF(B24="","",_xlfn.XLOOKUP(INPUT!B23,STARTLIST!A$2:A$201,STARTLIST!D$2:D$201)) -> MV50 | F24: =IF(INPUT!C23="","",INPUT!C23) -> 0.07900463
B25: =IF(ISNUMBER(INPUT!B24),INPUT!A24,"") -> 22 | C25: =IF(B25="","",_xlfn.XLOOKUP(INPUT!B24,STARTLIST!A$2:A$201,STARTLIST!B$2:B$201)) -> Kirsty Struthers | D25: =IF(B25="","",_xlfn.XLOOKUP(INPUT!B24,STARTLIST!A$2:A$201,STARTLIST!C$2:C$201)) -> North York Moors AC | E25: =IF(B25="","",_xlfn.XLOOKUP(INPUT!B24,STARTLIST!A$2:A$201,STARTLIST!D$2:D$201)) -> FV40 | F25: =IF(INPUT!C24="","",INPUT!C24) -> 0.080902778 | H25: MV40+ | J25: FV40+
B26: =IF(ISNUMBER(INPUT!B25),INPUT!A25,"") -> 23 | C26: =IF(B26="","",_xlfn.XLOOKUP(INPUT!B25,STARTLIST!A$2:A$201,STARTLIST!B$2:B$201)) -> Joseph Law | D26: =IF(B26="","",_xlfn.XLOOKUP(INPUT!B25,STARTLIST!A$2:A$201,STARTLIST!C$2:C$201)) -> Tyne Bridge Harriers | E26: =IF(B26="","",_xlfn.XLOOKUP(INPUT!B25,STARTLIST!A$2:A$201,STARTLIST!D$2:D$201)) -> MSEN | F26: =IF(INPUT!C25="","",INPUT!C25) -> 0.082048611 | H26: 1 | I26: =_xlfn.XLOOKUP(H26,Calculation!AK:AK,Calculation!B:B,"-") -> Steve Hebblethwaite | J26: 1 | K26: =_xlfn.XLOOKUP(J26,Calculation!AW:AW,Calculation!B:B,"-") -> Helen Ilsley
B27: =IF(ISNUMBER(INPUT!B26),INPUT!A26,"") -> 24 | C27: =IF(B27="","",_xlfn.XLOOKUP(INPUT!B26,STARTLIST!A$2:A$201,STARTLIST!B$2:B$201)) -> Jessica Ivin | D27: =IF(B27="","",_xlfn.XLOOKUP(INPUT!B26,STARTLIST!A$2:A$201,STARTLIST!C$2:C$201)) -> Lochaber AC | E27: =IF(B27="","",_xlfn.XLOOKUP(INPUT!B26,STARTLIST!A$2:A$201,STARTLIST!D$2:D$201)) -> FSEN | F27: =IF(INPUT!C26="","",INPUT!C26) -> 0.082106481 | H27: 2 | I27: =_xlfn.XLOOKUP(H27,Calculation!AK:AK,Calculation!B:B,"-") -> Tim Campbell | J27: 2 | K27: =_xlfn.XLOOKUP(J27,Calculation!AW:AW,Calculation!B:B,"-") -> Kirsty Struthers
B28: =IF(ISNUMBER(INPUT!B27),INPUT!A27,"") -> 25 | C28: =IF(B28="","",_xlfn.XLOOKUP(INPUT!B27,STARTLIST!A$2:A$201,STARTLIST!B$2:B$201)) -> Jane Reedy | D28: =IF(B28="","",_xlfn.XLOOKUP(INPUT!B27,STARTLIST!A$2:A$201,STARTLIST!C$2:C$201)) -> Ambleside AC | E28: =IF(B28="","",_xlfn.XLOOKUP(INPUT!B27,STARTLIST!A$2:A$201,STARTLIST!D$2:D$201)) -> FV50 | F28: =IF(INPUT!C27="","",INPUT!C27) -> 0.08369213 | H28: 3 | I28: =_xlfn.XLOOKUP(H28,Calculation!AK:AK,Calculation!B:B,"-") -> Mike Rudd | J28: 3 | K28: =_xlfn.XLOOKUP(J28,Calculation!AW:AW,Calculation!B:B,"-") -> Jane Reedy
B29: =IF(ISNUMBER(INPUT!B28),INPUT!A28,"") -> 26 | C29: =IF(B29="","",_xlfn.XLOOKUP(INPUT!B28,STARTLIST!A$2:A$201,STARTLIST!B$2:B$201)) -> Bryony Boutell | D29: =IF(B29="","",_xlfn.XLOOKUP(INPUT!B28,STARTLIST!A$2:A$201,STARTLIST!C$2:C$201)) -> Garstang Running Club | E29: =IF(B29="","",_xlfn.XLOOKUP(INPUT!B28,STARTLIST!A$2:A$201,STARTLIST!D$2:D$201)) -> FV40 | F29: =IF(INPUT!C28="","",INPUT!C28) -> 0.087731481
B30: =IF(ISNUMBER(INPUT!B29),INPUT!A29,"") -> 27 | C30: =IF(B30="","",_xlfn.XLOOKUP(INPUT!B29,STARTLIST!A$2:A$201,STARTLIST!B$2:B$201)) -> Cath Musetti | D30: =IF(B30="","",_xlfn.XLOOKUP(INPUT!B29,STARTLIST!A$2:A$201,STARTLIST!C$2:C$201)) -> Ambleside AC | E30: =IF(B30="","",_xlfn.XLOOKUP(INPUT!B29,STARTLIST!A$2:A$201,STARTLIST!D$2:D$201)) -> FV60 | F30: =IF(INPUT!C29="","",INPUT!C29) -> 0.087893519 | H30: MV50+ | J30: FV50+
B31: =IF(ISNUMBER(INPUT!B30),INPUT!A30,"") -> 28 | C31: =IF(B31="","",_xlfn.XLOOKUP(INPUT!B30,STARTLIST!A$2:A$201,STARTLIST!B$2:B$201)) -> Dominique Ashford | D31: =IF(B31="","",_xlfn.XLOOKUP(INPUT!B30,STARTLIST!A$2:A$201,STARTLIST!C$2:C$201)) -> Settle Harriers | E31: =IF(B31="","",_xlfn.XLOOKUP(INPUT!B30,STARTLIST!A$2:A$201,STARTLIST!D$2:D$201)) -> FV50 | F31: =IF(INPUT!C30="","",INPUT!C30) -> 0.08931713 | H31: 1 | I31: =_xlfn.XLOOKUP(H31,Calculation!AL:AL,Calculation!B:B,"-") -> Tim Campbell | J31: 1 | K31: =_xlfn.XLOOKUP(J31,Calculation!AX:AX,Calculation!B:B,"-") -> Jane Reedy
B32: =IF(ISNUMBER(INPUT!B31),INPUT!A31,"") -> 29 | C32: =IF(B32="","",_xlfn.XLOOKUP(INPUT!B31,STARTLIST!A$2:A$201,STARTLIST!B$2:B$201)) -> Colin Valentine | D32: =IF(B32="","",_xlfn.XLOOKUP(INPUT!B31,STARTLIST!A$2:A$201,STARTLIST!C$2:C$201)) -> Keswick AC | E32: =IF(B32="","",_xlfn.XLOOKUP(INPUT!B31,STARTLIST!A$2:A$201,STARTLIST!D$2:D$201)) -> MV60 | F32: =IF(INPUT!C31="","",INPUT!C31) -> 0.089479167 | H32: 2 | I32: =_xlfn.XLOOKUP(H32,Calculation!AL:AL,Calculation!B:B,"-") -> Mike Rudd | J32: 2 | K32: =_xlfn.XLOOKUP(J32,Calculation!AX:AX,Calculation!B:B,"-") -> Cath Musetti
B33: =IF(ISNUMBER(INPUT!B32),INPUT!A32,"") -> 30 | C33: =IF(B33="","",_xlfn.XLOOKUP(INPUT!B32,STARTLIST!A$2:A$201,STARTLIST!B$2:B$201)) -> Stephen Libby | D33: =IF(B33="","",_xlfn.XLOOKUP(INPUT!B32,STARTLIST!A$2:A$201,STARTLIST!C$2:C$201)) -> Eden Runners | E33: =IF(B33="","",_xlfn.XLOOKUP(INPUT!B32,STARTLIST!A$2:A$201,STARTLIST!D$2:D$201)) -> MV60 | F33: =IF(INPUT!C32="","",INPUT!C32) -> 0.090844907 | H33: 3 | I33: =_xlfn.XLOOKUP(H33,Calculation!AL:AL,Calculation!B:B,"-") -> Ed Gamble | J33: 3 | K33: =_xlfn.XLOOKUP(J33,Calculation!AX:AX,Calculation!B:B,"-") -> Dominique Ashford
B34: =IF(ISNUMBER(INPUT!B33),INPUT!A33,"") -> 31 | C34: =IF(B34="","",_xlfn.XLOOKUP(INPUT!B33,STARTLIST!A$2:A$201,STARTLIST!B$2:B$201)) -> Tim Hooper | D34: =IF(B34="","",_xlfn.XLOOKUP(INPUT!B33,STARTLIST!A$2:A$201,STARTLIST!C$2:C$201)) -> Unattached | E34: =IF(B34="","",_xlfn.XLOOKUP(INPUT!B33,STARTLIST!A$2:A$201,STARTLIST!D$2:D$201)) -> MV60 | F34: =IF(INPUT!C33="","",INPUT!C33) -> 0.0915625
B35: =IF(ISNUMBER(INPUT!B34),INPUT!A34,"") -> 32 | C35: =IF(B35="","",_xlfn.XLOOKUP(INPUT!B34,STARTLIST!A$2:A$201,STARTLIST!B$2:B$201)) -> Ralph Liddell | D35: =IF(B35="","",_xlfn.XLOOKUP(INPUT!B34,STARTLIST!A$2:A$201,STARTLIST!C$2:C$201)) -> Eden Runners | E35: =IF(B35="","",_xlfn.XLOOKUP(INPUT!B34,STARTLIST!A$2:A$201,STARTLIST!D$2:D$201)) -> MV70 | F35: =IF(INPUT!C34="","",INPUT!C34) -> 0.092997685 | H35: MV60+ | J35: FV60+
B36: =IF(ISNUMBER(INPUT!B35),INPUT!A35,"") -> 33 | C36: =IF(B36="","",_xlfn.XLOOKUP(INPUT!B35,STARTLIST!A$2:A$201,STARTLIST!B$2:B$201)) -> Andy Shinn | D36: =IF(B36="","",_xlfn.XLOOKUP(INPUT!B35,STARTLIST!A$2:A$201,STARTLIST!C$2:C$201)) -> Ilkley Harriers AC | E36: =IF(B36="","",_xlfn.XLOOKUP(INPUT!B35,STARTLIST!A$2:A$201,STARTLIST!D$2:D$201)) -> MV50 | F36: =IF(INPUT!C35="","",INPUT!C35) -> 0.095150463 | H36: 1 | I36: =_xlfn.XLOOKUP(H36,Calculation!AM:AM,Calculation!B:B,"-") -> Ed Gamble | J36: 1 | K36: =_xlfn.XLOOKUP(J36,Calculation!AY:AY,Calculation!B:B,"-") -> Cath Musetti
B37: =IF(ISNUMBER(INPUT!B36),INPUT!A36,"") -> 34 | C37: =IF(B37="","",_xlfn.XLOOKUP(INPUT!B36,STARTLIST!A$2:A$201,STARTLIST!B$2:B$201)) -> Catherine Bonn | D37: =IF(B37="","",_xlfn.XLOOKUP(INPUT!B36,STARTLIST!A$2:A$201,STARTLIST!C$2:C$201)) -> Northumberland fell Runners | E37: =IF(B37="","",_xlfn.XLOOKUP(INPUT!B36,STARTLIST!A$2:A$201,STARTLIST!D$2:D$201)) -> FSEN | F37: =IF(INPUT!C36="","",INPUT!C36) -> 0.096585648 | H37: 2 | I37: =_xlfn.XLOOKUP(H37,Calculation!AM:AM,Calculation!B:B,"-") -> Glen Johnson | J37: 2 | K37: =_xlfn.XLOOKUP(J37,Calculation!AY:AY,Calculation!B:B,"-") -> Jill Libby
B38: =IF(ISNUMBER(INPUT!B37),INPUT!A37,"") -> 35 | C38: =IF(B38="","",_xlfn.XLOOKUP(INPUT!B37,STARTLIST!A$2:A$201,STARTLIST!B$2:B$201)) -> Owen Williams | D38: =IF(B38="","",_xlfn.XLOOKUP(INPUT!B37,STARTLIST!A$2:A$201,STARTLIST!C$2:C$201)) -> Northumberland Fell Runners | E38: =IF(B38="","",_xlfn.XLOOKUP(INPUT!B37,STARTLIST!A$2:A$201,STARTLIST!D$2:D$201)) -> MSEN | F38: =IF(INPUT!C37="","",INPUT!C37) -> 0.096597222 | H38: 3 | I38: =_xlfn.XLOOKUP(H38,Calculation!AM:AM,Calculation!B:B,"-") -> Neil Weightman | J38: 3 | K38: =_xlfn.XLOOKUP(J38,Calculation!AY:AY,Calculation!B:B,"-") -> Carol Cervenak
B39: =IF(ISNUMBER(INPUT!B38),INPUT!A38,"") -> 36 | C39: =IF(B39="","",_xlfn.XLOOKUP(INPUT!B38,STARTLIST!A$2:A$201,STARTLIST!B$2:B$201)) -> Jill Libby | D39: =IF(B39="","",_xlfn.XLOOKUP(INPUT!B38,STARTLIST!A$2:A$201,STARTLIST!C$2:C$201)) -> Eden Runners | E39: =IF(B39="","",_xlfn.XLOOKUP(INPUT!B38,STARTLIST!A$2:A$201,STARTLIST!D$2:D$201)) -> FV60 | F39: =IF(INPUT!C38="","",INPUT!C38) -> 0.09994213
B40: =IF(ISNUMBER(INPUT!B39),INPUT!A39,"") -> 37 | C40: =IF(B40="","",_xlfn.XLOOKUP(INPUT!B39,STARTLIST!A$2:A$201,STARTLIST!B$2:B$201)) -> Carol Cervenak | D40: =IF(B40="","",_xlfn.XLOOKUP(INPUT!B39,STARTLIST!A$2:A$201,STARTLIST!C$2:C$201)) -> Unattached | E40: =IF(B40="","",_xlfn.XLOOKUP(INPUT!B39,STARTLIST!A$2:A$201,STARTLIST!D$2:D$201)) -> FV60 | F40: =IF(INPUT!C39="","",INPUT!C39) -> 0.10002315 | H40: MV70 | J40: FV70
B41: =IF(ISNUMBER(INPUT!B40),INPUT!A40,"") -> 38 | C41: =IF(B41="","",_xlfn.XLOOKUP(INPUT!B40,STARTLIST!A$2:A$201,STARTLIST!B$2:B$201)) -> Sarah Jones-Morris | D41: =IF(B41="","",_xlfn.XLOOKUP(INPUT!B40,STARTLIST!A$2:A$201,STARTLIST!C$2:C$201)) -> Helm Hill | E41: =IF(B41="","",_xlfn.XLOOKUP(INPUT!B40,STARTLIST!A$2:A$201,STARTLIST!D$2:D$201)) -> FV50 | F41: =IF(INPUT!C40="","",INPUT!C40) -> 0.10145833 | H41: 1 | I41: =_xlfn.XLOOKUP(H41,Calculation!AN:AN,Calculation!B:B,"-") -> Ralph Liddell | J41: 1 | K41: =_xlfn.XLOOKUP(J41,Calculation!AZ:AZ,Calculation!B:B,"-") -> -
B42: =IF(ISNUMBER(INPUT!B41),INPUT!A41,"") -> 39 | C42: =IF(B42="","",_xlfn.XLOOKUP(INPUT!B41,STARTLIST!A$2:A$201,STARTLIST!B$2:B$201)) -> Anastasiia Koidan | D42: =IF(B42="","",_xlfn.XLOOKUP(INPUT!B41,STARTLIST!A$2:A$201,STARTLIST!C$2:C$201)) -> Unattched | E42: =IF(B42="","",_xlfn.XLOOKUP(INPUT!B41,STARTLIST!A$2:A$201,STARTLIST!D$2:D$201)) -> FSEN | F42: =IF(INPUT!C41="","",INPUT!C41) -> 0.10489583 | H42: 2 | I42: =_xlfn.XLOOKUP(H42,Calculation!AN:AN,Calculation!B:B,"-") -> - | J42: 2 | K42: =_xlfn.XLOOKUP(J42,Calculation!AZ:AZ,Calculation!B:B,"-") -> -
B43: =IF(ISNUMBER(INPUT!B42),INPUT!A42,"") | C43: =IF(B43="","",_xlfn.XLOOKUP(INPUT!B42,STARTLIST!A$2:A$201,STARTLIST!B$2:B$201)) | D43: =IF(B43="","",_xlfn.XLOOKUP(INPUT!B42,STARTLIST!A$2:A$201,STARTLIST!C$2:C$201)) | E43: =IF(B43="","",_xlfn.XLOOKUP(INPUT!B42,STARTLIST!A$2:A$201,STARTLIST!D$2:D$201)) | F43: =IF(INPUT!C42="","",INPUT!C42) | H43: 3 | I43: =_xlfn.XLOOKUP(H43,Calculation!AN:AN,Calculation!B:B,"-") -> - | J43: 3 | K43: =_xlfn.XLOOKUP(J43,Calculation!AZ:AZ,Calculation!B:B,"-") -> -
B44: =IF(ISNUMBER(INPUT!B43),INPUT!A43,"") | C44: =IF(B44="","",_xlfn.XLOOKUP(INPUT!B43,STARTLIST!A$2:A$201,STARTLIST!B$2:B$201)) | D44: =IF(B44="","",_xlfn.XLOOKUP(INPUT!B43,STARTLIST!A$2:A$201,STARTLIST!C$2:C$201)) | E44: =IF(B44="","",_xlfn.XLOOKUP(INPUT!B43,STARTLIST!A$2:A$201,STARTLIST!D$2:D$201)) | F44: =IF(INPUT!C43="","",INPUT!C43)
B45: =IF(ISNUMBER(INPUT!B44),INPUT!A44,"") | C45: =IF(B45="","",_xlfn.XLOOKUP(INPUT!B44,STARTLIST!A$2:A$201,STARTLIST!B$2:B$201)) | D45: =IF(B45="","",_xlfn.XLOOKUP(INPUT!B44,STARTLIST!A$2:A$201,STARTLIST!C$2:C$201)) | E45: =IF(B45="","",_xlfn.XLOOKUP(INPUT!B44,STARTLIST!A$2:A$201,STARTLIST!D$2:D$201)) | F45: =IF(INPUT!C44="","",INPUT!C44) | H45: Mens Teams | J45: Womens Teams
B46: =IF(ISNUMBER(INPUT!B45),INPUT!A45,"") | C46: =IF(B46="","",_xlfn.XLOOKUP(INPUT!B45,STARTLIST!A$2:A$201,STARTLIST!B$2:B$201)) | D46: =IF(B46="","",_xlfn.XLOOKUP(INPUT!B45,STARTLIST!A$2:A$201,STARTLIST!C$2:C$201)) | E46: =IF(B46="","",_xlfn.XLOOKUP(INPUT!B45,STARTLIST!A$2:A$201,STARTLIST!D$2:D$201)) | F46: =IF(INPUT!C45="","",INPUT!C45) | H46: 1 | I46: =_xlfn.XLOOKUP(H46,Calculation!Q:Q,Calculation!I:I,"-")&" ("&_xlfn.XLOOKUP(H46,Calculation!Q:Q,Calculation!P:P,"-")&")" -> Keswick AC (12) | J46: 1 | K46: =_xlfn.XLOOKUP(J46,Calculation!AB:AB,Calculation!T:T,"-")&" ("&_xlfn.XLOOKUP(J46,Calculation!AB:AB,Calculation!AA:AA,"-")&")" -> - (-)
B47: =IF(ISNUMBER(INPUT!B46),INPUT!A46,"") | C47: =IF(B47="","",_xlfn.XLOOKUP(INPUT!B46,STARTLIST!A$2:A$201,STARTLIST!B$2:B$201)) | D47: =IF(B47="","",_xlfn.XLOOKUP(INPUT!B46,STARTLIST!A$2:A$201,STARTLIST!C$2:C$201)) | E47: =IF(B47="","",_xlfn.XLOOKUP(INPUT!B46,STARTLIST!A$2:A$201,STARTLIST!D$2:D$201)) | F47: =IF(INPUT!C46="","",INPUT!C46) | H47: =_xlfn.XLOOKUP(H46,Calculation!Q:Q,Calculation!K:K,"") -> 1 | I47: =_xlfn.XLOOKUP(1,Calculation!Q:Q,Calculation!J:J,"") -> Steve Hebblethwaite | J47: =_xlfn.XLOOKUP(J46,Calculation!AB:AB,Calculation!V:V,"") | K47: =_xlfn.XLOOKUP(1,Calculation!AB:AB,Calculation!U:U,"")
B48: =IF(ISNUMBER(INPUT!B47),INPUT!A47,"") | C48: =IF(B48="","",_xlfn.XLOOKUP(INPUT!B47,STARTLIST!A$2:A$201,STARTLIST!B$2:B$201)) | D48: =IF(B48="","",_xlfn.XLOOKUP(INPUT!B47,STARTLIST!A$2:A$201,STARTLIST!C$2:C$201)) | E48: =IF(B48="","",_xlfn.XLOOKUP(INPUT!B47,STARTLIST!A$2:A$201,STARTLIST!D$2:D$201)) | F48: =IF(INPUT!C47="","",INPUT!C47) | H48: =_xlfn.XLOOKUP(H46,Calculation!Q:Q,Calculation!M:M,"") -> 4 | I48: =_xlfn.XLOOKUP(1,Calculation!Q:Q,Calculation!L:L,"") -> James Turnbull | J48: =_xlfn.XLOOKUP(J46,Calculation!AB:AB,Calculation!X:X,"") | K48: =_xlfn.XLOOKUP(1,Calculation!AB:AB,Calculation!W:W,"")
B49: =IF(ISNUMBER(INPUT!B48),INPUT!A48,"") | C49: =IF(B49="","",_xlfn.XLOOKUP(INPUT!B48,STARTLIST!A$2:A$201,STARTLIST!B$2:B$201)) | D49: =IF(B49="","",_xlfn.XLOOKUP(INPUT!B48,STARTLIST!A$2:A$201,STARTLIST!C$2:C$201)) | E49: =IF(B49="","",_xlfn.XLOOKUP(INPUT!B48,STARTLIST!A$2:A$201,STARTLIST!D$2:D$201)) | F49: =IF(INPUT!C48="","",INPUT!C48) | H49: =_xlfn.XLOOKUP(H46,Calculation!Q:Q,Calculation!O:O,"") -> 7 | I49: =_xlfn.XLOOKUP(1,Calculation!Q:Q,Calculation!N:N,"") -> Kester Webb | J49: =_xlfn.XLOOKUP(J46,Calculation!AB:AB,Calculation!Z:Z,"") | K49: =_xlfn.XLOOKUP(1,Calculation!AB:AB,Calculation!Y:Y,"")
B50: =IF(ISNUMBER(INPUT!B49),INPUT!A49,"") | C50: =IF(B50="","",_xlfn.XLOOKUP(INPUT!B49,STARTLIST!A$2:A$201,STARTLIST!B$2:B$201)) | D50: =IF(B50="","",_xlfn.XLOOKUP(INPUT!B49,STARTLIST!A$2:A$201,STARTLIST!C$2:C$201)) | E50: =IF(B50="","",_xlfn.XLOOKUP(INPUT!B49,STARTLIST!A$2:A$201,STARTLIST!D$2:D$201)) | F50: =IF(INPUT!C49="","",INPUT!C49)
B51: =IF(ISNUMBER(INPUT!B50),INPUT!A50,"") | C51: =IF(B51="","",_xlfn.XLOOKUP(INPUT!B50,STARTLIST!A$2:A$201,STARTLIST!B$2:B$201)) | D51: =IF(B51="","",_xlfn.XLOOKUP(INPUT!B50,STARTLIST!A$2:A$201,STARTLIST!C$2:C$201)) | E51: =IF(B51="","",_xlfn.XLOOKUP(INPUT!B50,STARTLIST!A$2:A$201,STARTLIST!D$2:D$201)) | F51: =IF(INPUT!C50="","",INPUT!C50) | H51: 2 | I51: =_xlfn.XLOOKUP(2,Calculation!Q:Q,Calculation!I:I,"-")&" ("&_xlfn.XLOOKUP(H51,Calculation!Q:Q,Calculation!P:P,"-")&")" -> Eden Runners (17) | J51: 2 | K51: =_xlfn.XLOOKUP(J51,Calculation!AB:AB,Calculation!T:T,"-")&" ("&_xlfn.XLOOKUP(J51,Calculation!AB:AB,Calculation!AA:AA,"-")&")" -> - (-)
B52: =IF(ISNUMBER(INPUT!B51),INPUT!A51,"") | C52: =IF(B52="","",_xlfn.XLOOKUP(INPUT!B51,STARTLIST!A$2:A$201,STARTLIST!B$2:B$201)) | D52: =IF(B52="","",_xlfn.XLOOKUP(INPUT!B51,STARTLIST!A$2:A$201,STARTLIST!C$2:C$201)) | E52: =IF(B52="","",_xlfn.XLOOKUP(INPUT!B51,STARTLIST!A$2:A$201,STARTLIST!D$2:D$201)) | F52: =IF(INPUT!C51="","",INPUT!C51) | H52: =_xlfn.XLOOKUP(H51,Calculation!Q:Q,Calculation!K:K,"") -> 3 | I52: =_xlfn.XLOOKUP(2,Calculation!Q:Q,Calculation!J:J,"") -> Tim Campbell | J52: =_xlfn.XLOOKUP(J51,Calculation!AB:AB,Calculation!V:V,"") | K52: =_xlfn.XLOOKUP(2,Calculation!AB:AB,Calculation!U:U,"")
B53: =IF(ISNUMBER(INPUT!B52),INPUT!A52,"") | C53: =IF(B53="","",_xlfn.XLOOKUP(INPUT!B52,STARTLIST!A$2:A$201,STARTLIST!B$2:B$201)) | D53: =IF(B53="","",_xlfn.XLOOKUP(INPUT!B52,STARTLIST!A$2:A$201,STARTLIST!C$2:C$201)) | E53: =IF(B53="","",_xlfn.XLOOKUP(INPUT!B52,STARTLIST!A$2:A$201,STARTLIST!D$2:D$201)) | F53: =IF(INPUT!C52="","",INPUT!C52) | H53: =_xlfn.XLOOKUP(H51,Calculation!Q:Q,Calculation!M:M,"") -> 5 | I53: =_xlfn.XLOOKUP(2,Calculation!Q:Q,Calculation!L:L,"") -> Jonny Howe | J53: =_xlfn.XLOOKUP(J51,Calculation!AB:AB,Calculation!X:X,"") | K53: =_xlfn.XLOOKUP(2,Calculation!AB:AB,Calculation!W:W,"")
B54: =IF(ISNUMBER(INPUT!B53),INPUT!A53,"") | C54: =IF(B54="","",_xlfn.XLOOKUP(INPUT!B53,STARTLIST!A$2:A$201,STARTLIST!B$2:B$201)) | D54: =IF(B54="","",_xlfn.XLOOKUP(INPUT!B53,STARTLIST!A$2:A$201,STARTLIST!C$2:C$201)) | E54: =IF(B54="","",_xlfn.XLOOKUP(INPUT!B53,STARTLIST!A$2:A$201,STARTLIST!D$2:D$201)) | F54: =IF(INPUT!C53="","",INPUT!C53) | H54: =_xlfn.XLOOKUP(H51,Calculation!Q:Q,Calculation!O:O,"") -> 9 | I54: =_xlfn.XLOOKUP(2,Calculation!Q:Q,Calculation!N:N,"") -> Joseph Fell | J54: =_xlfn.XLOOKUP(J51,Calculation!AB:AB,Calculation!Z:Z,"") | K54: =_xlfn.XLOOKUP(2,Calculation!AB:AB,Calculation!Y:Y,"")
B55: =IF(ISNUMBER(INPUT!B54),INPUT!A54,"") | C55: =IF(B55="","",_xlfn.XLOOKUP(INPUT!B54,STARTLIST!A$2:A$201,STARTLIST!B$2:B$201)) | D55: =IF(B55="","",_xlfn.XLOOKUP(INPUT!B54,STARTLIST!A$2:A$201,STARTLIST!C$2:C$201)) | E55: =IF(B55="","",_xlfn.XLOOKUP(INPUT!B54,STARTLIST!A$2:A$201,STARTLIST!D$2:D$201)) | F55: =IF(INPUT!C54="","",INPUT!C54)
B56: =IF(ISNUMBER(INPUT!B55),INPUT!A55,"") | C56: =IF(B56="","",_xlfn.XLOOKUP(INPUT!B55,STARTLIST!A$2:A$201,STARTLIST!B$2:B$201)) | D56: =IF(B56="","",_xlfn.XLOOKUP(INPUT!B55,STARTLIST!A$2:A$201,STARTLIST!C$2:C$201)) | E56: =IF(B56="","",_xlfn.XLOOKUP(INPUT!B55,STARTLIST!A$2:A$201,STARTLIST!D$2:D$201)) | F56: =IF(INPUT!C55="","",INPUT!C55) | H56: 3 | I56: =_xlfn.XLOOKUP(3,Calculation!Q:Q,Calculation!I:I,"-")&" ("&_xlfn.XLOOKUP(H56,Calculation!Q:Q,Calculation!P:P,"-")&")" -> - (-) | J56: 3 | K56: =_xlfn.XLOOKUP(J56,Calculation!AB:AB,Calculation!T:T,"-")&" ("&_xlfn.XLOOKUP(J56,Calculation!AB:AB,Calculation!AA:AA,"-")&")" -> - (-)
B57: =IF(ISNUMBER(INPUT!B56),INPUT!A56,"") | C57: =IF(B57="","",_xlfn.XLOOKUP(INPUT!B56,STARTLIST!A$2:A$201,STARTLIST!B$2:B$201)) | D57: =IF(B57="","",_xlfn.XLOOKUP(INPUT!B56,STARTLIST!A$2:A$201,STARTLIST!C$2:C$201)) | E57: =IF(B57="","",_xlfn.XLOOKUP(INPUT!B56,STARTLIST!A$2:A$201,STARTLIST!D$2:D$201)) | F57: =IF(INPUT!C56="","",INPUT!C56) | H57: =_xlfn.XLOOKUP(H56,Calculation!Q:Q,Calculation!K:K,"") | I57: =_xlfn.XLOOKUP(3,Calculation!Q:Q,Calculation!J:J,"") | J57: =_xlfn.XLOOKUP(J56,Calculation!AB:AB,Calculation!V:V,"") | K57: =_xlfn.XLOOKUP(3,Calculation!AB:AB,Calculation!U:U,"")
B58: =IF(ISNUMBER(INPUT!B57),INPUT!A57,"") | C58: =IF(B58="","",_xlfn.XLOOKUP(INPUT!B57,STARTLIST!A$2:A$201,STARTLIST!B$2:B$201)) | D58: =IF(B58="","",_xlfn.XLOOKUP(INPUT!B57,STARTLIST!A$2:A$201,STARTLIST!C$2:C$201)) | E58: =IF(B58="","",_xlfn.XLOOKUP(INPUT!B57,STARTLIST!A$2:A$201,STARTLIST!D$2:D$201)) | F58: =IF(INPUT!C57="","",INPUT!C57) | H58: =_xlfn.XLOOKUP(H56,Calculation!Q:Q,Calculation!M:M,"") | I58: =_xlfn.XLOOKUP(3,Calculation!Q:Q,Calculation!L:L,"") | J58: =_xlfn.XLOOKUP(J56,Calculation!AB:AB,Calculation!X:X,"") | K58: =_xlfn.XLOOKUP(3,Calculation!AB:AB,Calculation!W:W,"")
B59: =IF(ISNUMBER(INPUT!B58),INPUT!A58,"") | C59: =IF(B59="","",_xlfn.XLOOKUP(INPUT!B58,STARTLIST!A$2:A$201,STARTLIST!B$2:B$201)) | D59: =IF(B59="","",_xlfn.XLOOKUP(INPUT!B58,STARTLIST!A$2:A$201,STARTLIST!C$2:C$201)) | E59: =IF(B59="","",_xlfn.XLOOKUP(INPUT!B58,STARTLIST!A$2:A$201,STARTLIST!D$2:D$201)) | F59: =IF(INPUT!C58="","",INPUT!C58) | H59: =_xlfn.XLOOKUP(H56,Calculation!Q:Q,Calculation!O:O,"") | I59: =_xlfn.XLOOKUP(3,Calculation!Q:Q,Calculation!N:N,"") | J59: =_xlfn.XLOOKUP(J56,Calculation!AB:AB,Calculation!Z:Z,"") | K59: =_xlfn.XLOOKUP(3,Calculation!AB:AB,Calculation!Y:Y,"")
B60: =IF(ISNUMBER(INPUT!B59),INPUT!A59,"") | C60: =IF(B60="","",_xlfn.XLOOKUP(INPUT!B59,STARTLIST!A$2:A$201,STARTLIST!B$2:B$201)) | D60: =IF(B60="","",_xlfn.XLOOKUP(INPUT!B59,STARTLIST!A$2:A$201,STARTLIST!C$2:C$201)) | E60: =IF(B60="","",_xlfn.XLOOKUP(INPUT!B59,STARTLIST!A$2:A$201,STARTLIST!D$2:D$201)) | F60: =IF(INPUT!C59="","",INPUT!C59)
B61: =IF(ISNUMBER(INPUT!B60),INPUT!A60,"") | C61: =IF(B61="","",_xlfn.XLOOKUP(INPUT!B60,STARTLIST!A$2:A$201,STARTLIST!B$2:B$201)) | D61: =IF(B61="","",_xlfn.XLOOKUP(INPUT!B60,STARTLIST!A$2:A$201,STARTLIST!C$2:C$201)) | E61: =IF(B61="","",_xlfn.XLOOKUP(INPUT!B60,STARTLIST!A$2:A$201,STARTLIST!D$2:D$201)) | F61: =IF(INPUT!C60="","",INPUT!C60)
B62: =IF(ISNUMBER(INPUT!B61),INPUT!A61,"") | C62: =IF(B62="","",_xlfn.XLOOKUP(INPUT!B61,STARTLIST!A$2:A$201,STARTLIST!B$2:B$201)) | D62: =IF(B62="","",_xlfn.XLOOKUP(INPUT!B61,STARTLIST!A$2:A$201,STARTLIST!C$2:C$201)) | E62: =IF(B62="","",_xlfn.XLOOKUP(INPUT!B61,STARTLIST!A$2:A$201,STARTLIST!D$2:D$201)) | F62: =IF(INPUT!C61="","",INPUT!C61)
B63: =IF(ISNUMBER(INPUT!B62),INPUT!A62,"") | C63: =IF(B63="","",_xlfn.XLOOKUP(INPUT!B62,STARTLIST!A$2:A$201,STARTLIST!B$2:B$201)) | D63: =IF(B63="","",_xlfn.XLOOKUP(INPUT!B62,STARTLIST!A$2:A$201,STARTLIST!C$2:C$201)) | E63: =IF(B63="","",_xlfn.XLOOKUP(INPUT!B62,STARTLIST!A$2:A$201,STARTLIST!D$2:D$201)) | F63: =IF(INPUT!C62="","",INPUT!C62)
B64: =IF(ISNUMBER(INPUT!B63),INPUT!A63,"") | C64: =IF(B64="","",_xlfn.XLOOKUP(INPUT!B63,STARTLIST!A$2:A$201,STARTLIST!B$2:B$201)) | D64: =IF(B64="","",_xlfn.XLOOKUP(INPUT!B63,STARTLIST!A$2:A$201,STARTLIST!C$2:C$201)) | E64: =IF(B64="","",_xlfn.XLOOKUP(INPUT!B63,STARTLIST!A$2:A$201,STARTLIST!D$2:D$201)) | F64: =IF(INPUT!C63="","",INPUT!C63)
B65: =IF(ISNUMBER(INPUT!B64),INPUT!A64,"") | C65: =IF(B65="","",_xlfn.XLOOKUP(INPUT!B64,STARTLIST!A$2:A$201,STARTLIST!B$2:B$201)) | D65: =IF(B65="","",_xlfn.XLOOKUP(INPUT!B64,STARTLIST!A$2:A$201,STARTLIST!C$2:C$201)) | E65: =IF(B65="","",_xlfn.XLOOKUP(INPUT!B64,STARTLIST!A$2:A$201,STARTLIST!D$2:D$201)) | F65: =IF(INPUT!C64="","",INPUT!C64)
B66: =IF(ISNUMBER(INPUT!B65),INPUT!A65,"") | C66: =IF(B66="","",_xlfn.XLOOKUP(INPUT!B65,STARTLIST!A$2:A$201,STARTLIST!B$2:B$201)) | D66: =IF(B66="","",_xlfn.XLOOKUP(INPUT!B65,STARTLIST!A$2:A$201,STARTLIST!C$2:C$201)) | E66: =IF(B66="","",_xlfn.XLOOKUP(INPUT!B65,STARTLIST!A$2:A$201,STARTLIST!D$2:D$201)) | F66: =IF(INPUT!C65="","",INPUT!C65)
B67: =IF(ISNUMBER(INPUT!B66),INPUT!A66,"") | C67: =IF(B67="","",_xlfn.XLOOKUP(INPUT!B66,STARTLIST!A$2:A$201,STARTLIST!B$2:B$201)) | D67: =IF(B67="","",_xlfn.XLOOKUP(INPUT!B66,STARTLIST!A$2:A$201,STARTLIST!C$2:C$201)) | E67: =IF(B67="","",_xlfn.XLOOKUP(INPUT!B66,STARTLIST!A$2:A$201,STARTLIST!D$2:D$201)) | F67: =IF(INPUT!C66="","",INPUT!C66)
B68: =IF(ISNUMBER(INPUT!B67),INPUT!A67,"") | C68: =IF(B68="","",_xlfn.XLOOKUP(INPUT!B67,STARTLIST!A$2:A$201,STARTLIST!B$2:B$201)) | D68: =IF(B68="","",_xlfn.XLOOKUP(INPUT!B67,STARTLIST!A$2:A$201,STARTLIST!C$2:C$201)) | E68: =IF(B68="","",_xlfn.XLOOKUP(INPUT!B67,STARTLIST!A$2:A$201,STARTLIST!D$2:D$201)) | F68: =IF(INPUT!C67="","",INPUT!C67)
B69: =IF(ISNUMBER(INPUT!B68),INPUT!A68,"") | C69: =IF(B69="","",_xlfn.XLOOKUP(INPUT!B68,STARTLIST!A$2:A$201,STARTLIST!B$2:B$201)) | D69: =IF(B69="","",_xlfn.XLOOKUP(INPUT!B68,STARTLIST!A$2:A$201,STARTLIST!C$2:C$201)) | E69: =IF(B69="","",_xlfn.XLOOKUP(INPUT!B68,STARTLIST!A$2:A$201,STARTLIST!D$2:D$201)) | F69: =IF(INPUT!C68="","",INPUT!C68)
B70: =IF(ISNUMBER(INPUT!B69),INPUT!A69,"") | C70: =IF(B70="","",_xlfn.XLOOKUP(INPUT!B69,STARTLIST!A$2:A$201,STARTLIST!B$2:B$201)) | D70: =IF(B70="","",_xlfn.XLOOKUP(INPUT!B69,STARTLIST!A$2:A$201,STARTLIST!C$2:C$201)) | E70: =IF(B70="","",_xlfn.XLOOKUP(INPUT!B69,STARTLIST!A$2:A$201,STARTLIST!D$2:D$201)) | F70: =IF(INPUT!C69="","",INPUT!C69)
B71: =IF(ISNUMBER(INPUT!B70),INPUT!A70,"") | C71: =IF(B71="","",_xlfn.XLOOKUP(INPUT!B70,STARTLIST!A$2:A$201,STARTLIST!B$2:B$201)) | D71: =IF(B71="","",_xlfn.XLOOKUP(INPUT!B70,STARTLIST!A$2:A$201,STARTLIST!C$2:C$201)) | E71: =IF(B71="","",_xlfn.XLOOKUP(INPUT!B70,STARTLIST!A$2:A$201,STARTLIST!D$2:D$201)) | F71: =IF(INPUT!C70="","",INPUT!C70)
... B203: =IF(ISNUMBER(INPUT!B202),INPUT!A202,"") | C203: =IF(B203="","",_xlfn.XLOOKUP(INPUT!B202,STARTLIST!A$2:A$201,STARTLIST!B$2:B$201)) | D203: =IF(B203="","",_xlfn.XLOOKUP(INPUT!B202,STARTLIST!A$2:A$201,STARTLIST!C$2:C$201)) | E203: =IF(B203="","",_xlfn.XLOOKUP(INPUT!B202,STARTLIST!A$2:A$201,STARTLIST!D$2:D$201)) | F203: =IF(INPUT!C202="","",INPUT!C202)

Sheet FRA format (output as csv)
A1: Competitor Name | B1: Category | C1: Club | D1: Time
A2: =RESULT!C4 -> Steve Hebblethwaite | B2: {=_xlfn.IFS(RESULT!E4="MSEN","M",RESULT!E4="FSEN","F",ISNUMBER(SEARCH("V",RESULT!E4)),SUBSTITUTE(RESULT!E4,"V",""),ISNUMBER(SEARCH("U",RESULT!E4)),RESULT!E4,RESULT!E4="","")} -> M40 | C2: =IF(RESULT!D4="Unattached","",RESULT!D4) -> Keswick AC | D2: =RESULT!F4 -> 0.057951389
A3: =RESULT!C5 -> Ethan Furness | B3: {=_xlfn.IFS(RESULT!E5="MSEN","M",RESULT!E5="FSEN","F",ISNUMBER(SEARCH("V",RESULT!E5)),SUBSTITUTE(RESULT!E5,"V",""),ISNUMBER(SEARCH("U",RESULT!E5)),RESULT!E5,RESULT!E5="","")} -> M | C3: =IF(RESULT!D5="Unattached","",RESULT!D5) -> Black Combe Runners | D3: =RESULT!F5 -> 0.059907407
A4: =RESULT!C6 -> Tim Campbell | B4: {=_xlfn.IFS(RESULT!E6="MSEN","M",RESULT!E6="FSEN","F",ISNUMBER(SEARCH("V",RESULT!E6)),SUBSTITUTE(RESULT!E6,"V",""),ISNUMBER(SEARCH("U",RESULT!E6)),RESULT!E6,RESULT!E6="","")} -> M50 | C4: =IF(RESULT!D6="Unattached","",RESULT!D6) -> Eden runners | D4: =RESULT!F6 -> 0.060104167
A5: =RESULT!C7 -> James Turnbull | B5: {=_xlfn.IFS(RESULT!E7="MSEN","M",RESULT!E7="FSEN","F",ISNUMBER(SEARCH("V",RESULT!E7)),SUBSTITUTE(RESULT!E7,"V",""),ISNUMBER(SEARCH("U",RESULT!E7)),RESULT!E7,RESULT!E7="","")} -> M | C5: =IF(RESULT!D7="Unattached","",RESULT!D7) -> Keswick AC | D5: =RESULT!F7 -> 0.063784722
A6: =RESULT!C8 -> Jonny Howe | B6: {=_xlfn.IFS(RESULT!E8="MSEN","M",RESULT!E8="FSEN","F",ISNUMBER(SEARCH("V",RESULT!E8)),SUBSTITUTE(RESULT!E8,"V",""),ISNUMBER(SEARCH("U",RESULT!E8)),RESULT!E8,RESULT!E8="","")} -> M | C6: =IF(RESULT!D8="Unattached","",RESULT!D8) -> Eden Runners | D6: =RESULT!F8 -> 0.063796296
A7: =RESULT!C9 -> Mike Rudd | B7: {=_xlfn.IFS(RESULT!E9="MSEN","M",RESULT!E9="FSEN","F",ISNUMBER(SEARCH("V",RESULT!E9)),SUBSTITUTE(RESULT!E9,"V",""),ISNUMBER(SEARCH("U",RESULT!E9)),RESULT!E9,RESULT!E9="","")} -> M50 | C7: =IF(RESULT!D9="Unattached","",RESULT!D9) -> Northern Fells Running Club | D7: =RESULT!F9 -> 0.065462963
A8: =RESULT!C10 -> Kester Webb | B8: {=_xlfn.IFS(RESULT!E10="MSEN","M",RESULT!E10="FSEN","F",ISNUMBER(SEARCH("V",RESULT!E10)),SUBSTITUTE(RESULT!E10,"V",""),ISNUMBER(SEARCH("U",RESULT!E10)),RESULT!E10,RESULT!E10="","")} -> M | C8: =IF(RESULT!D10="Unattached","",RESULT!D10) -> Keswick AC | D8: =RESULT!F10 -> 0.0665625
A9: =RESULT!C11 -> Andrew Bromley | B9: {=_xlfn.IFS(RESULT!E11="MSEN","M",RESULT!E11="FSEN","F",ISNUMBER(SEARCH("V",RESULT!E11)),SUBSTITUTE(RESULT!E11,"V",""),ISNUMBER(SEARCH("U",RESULT!E11)),RESULT!E11,RESULT!E11="","")} -> M40 | C9: =IF(RESULT!D11="Unattached","",RESULT!D11) -> Netherhall AC | D9: =RESULT!F11 -> 0.067326389
A10: =RESULT!C12 -> Joseph Fell | B10: {=_xlfn.IFS(RESULT!E12="MSEN","M",RESULT!E12="FSEN","F",ISNUMBER(SEARCH("V",RESULT!E12)),SUBSTITUTE(RESULT!E12,"V",""),ISNUMBER(SEARCH("U",RESULT!E12)),RESULT!E12,RESULT!E12="","")} -> M | C10: =IF(RESULT!D12="Unattached","",RESULT!D12) -> Eden Runners | D10: =RESULT!F12 -> 0.068125
A11: =RESULT!C13 -> Ed Gamble | B11: {=_xlfn.IFS(RESULT!E13="MSEN","M",RESULT!E13="FSEN","F",ISNUMBER(SEARCH("V",RESULT!E13)),SUBSTITUTE(RESULT!E13,"V",""),ISNUMBER(SEARCH("U",RESULT!E13)),RESULT!E13,RESULT!E13="","")} -> M60 | C11: =IF(RESULT!D13="Unattached","",RESULT!D13) -> Keswick AC | D11: =RESULT!F13 -> 0.068923611
A12: =RESULT!C14 -> Glen Johnson | B12: {=_xlfn.IFS(RESULT!E14="MSEN","M",RESULT!E14="FSEN","F",ISNUMBER(SEARCH("V",RESULT!E14)),SUBSTITUTE(RESULT!E14,"V",""),ISNUMBER(SEARCH("U",RESULT!E14)),RESULT!E14,RESULT!E14="","")} -> M60 | C12: =IF(RESULT!D14="Unattached","",RESULT!D14) -> Tadcaster Harriers | D12: =RESULT!F14 -> 0.0696875
A13: =RESULT!C15 -> John Duff | B13: {=_xlfn.IFS(RESULT!E15="MSEN","M",RESULT!E15="FSEN","F",ISNUMBER(SEARCH("V",RESULT!E15)),SUBSTITUTE(RESULT!E15,"V",""),ISNUMBER(SEARCH("U",RESULT!E15)),RESULT!E15,RESULT!E15="","")} -> M50 | C13: =IF(RESULT!D15="Unattached","",RESULT!D15) -> Keswick AC | D13: =RESULT!F15 -> 0.07025463
... A201: =RESULT!C203 | B201: {=_xlfn.IFS(RESULT!E203="MSEN","M",RESULT!E203="FSEN","F",ISNUMBER(SEARCH("V",RESULT!E203)),SUBSTITUTE(RESULT!E203,"V",""),ISNUMBER(SEARCH("U",RESULT!E203)),RESULT!E203,RESULT!E203="","")} | C201: =IF(RESULT!D203="Unattached","",RESULT!D203) | D201: =RESULT!F203

Sheet resultsfra@aol.com
A1: INDIVIDUALS – OVERALL (Please include all category counters in this list)
A2: POS. | B2: NAME | C2: CATEGORY | D2: CLUB | E2: TIME
A3: 1 | B3: =_xlfn.XLOOKUP(A3,Calculation!A:A,Calculation!B:B,"") -> Steve Hebblethwaite | C3: =_xlfn.XLOOKUP(B3,'FRA format (output as csv)'!A:A,'FRA format (output as csv)'!B:B,"") -> M40 | D3: =_xlfn.XLOOKUP(A3,Calculation!A:A,Calculation!C:C,"") -> Keswick AC | E3: =_xlfn.XLOOKUP(A3,Calculation!A:A,Calculation!E:E,"") -> 0.057951389
A4: 2 | B4: =_xlfn.XLOOKUP(A4,Calculation!A:A,Calculation!B:B,"") -> Ethan Furness | C4: =_xlfn.XLOOKUP(B4,'FRA format (output as csv)'!A:A,'FRA format (output as csv)'!B:B,"") -> M | D4: =_xlfn.XLOOKUP(A4,Calculation!A:A,Calculation!C:C,"") -> Black Combe Runners | E4: =_xlfn.XLOOKUP(A4,Calculation!A:A,Calculation!E:E,"") -> 0.059907407 | I4: M | J4: F | K4: Total
A5: 3 | B5: =_xlfn.XLOOKUP(A5,Calculation!A:A,Calculation!B:B,"") -> Tim Campbell | C5: =_xlfn.XLOOKUP(B5,'FRA format (output as csv)'!A:A,'FRA format (output as csv)'!B:B,"") -> M50 | D5: =_xlfn.XLOOKUP(A5,Calculation!A:A,Calculation!C:C,"") -> Eden runners | E5: =_xlfn.XLOOKUP(A5,Calculation!A:A,Calculation!E:E,"") -> 0.060104167 | H5: Count: | I5: =COUNTIF('FRA format (output as csv)'!B:B,"M*") -> 26 | J5: =COUNTIF('FRA format (output as csv)'!B:B,"F*") -> 13 | K5: =I5+J5 -> 39
A6: 4 | B6: =_xlfn.XLOOKUP(A6,Calculation!A:A,Calculation!B:B,"") -> James Turnbull | C6: =_xlfn.XLOOKUP(B6,'FRA format (output as csv)'!A:A,'FRA format (output as csv)'!B:B,"") -> M | D6: =_xlfn.XLOOKUP(A6,Calculation!A:A,Calculation!C:C,"") -> Keswick AC | E6: =_xlfn.XLOOKUP(A6,Calculation!A:A,Calculation!E:E,"") -> 0.063784722
A7: 5 | B7: =_xlfn.XLOOKUP(A7,Calculation!A:A,Calculation!B:B,"") -> Jonny Howe | C7: =_xlfn.XLOOKUP(B7,'FRA format (output as csv)'!A:A,'FRA format (output as csv)'!B:B,"") -> M | D7: =_xlfn.XLOOKUP(A7,Calculation!A:A,Calculation!C:C,"") -> Eden Runners | E7: =_xlfn.XLOOKUP(A7,Calculation!A:A,Calculation!E:E,"") -> 0.063796296
A8: 6 | B8: =_xlfn.XLOOKUP(A8,Calculation!A:A,Calculation!B:B,"") -> Mike Rudd | C8: =_xlfn.XLOOKUP(B8,'FRA format (output as csv)'!A:A,'FRA format (output as csv)'!B:B,"") -> M50 | D8: =_xlfn.XLOOKUP(A8,Calculation!A:A,Calculation!C:C,"") -> Northern Fells Running Club | E8: =_xlfn.XLOOKUP(A8,Calculation!A:A,Calculation!E:E,"") -> 0.065462963
A9: 7 | B9: =_xlfn.XLOOKUP(A9,Calculation!A:A,Calculation!B:B,"") -> Kester Webb | C9: =_xlfn.XLOOKUP(B9,'FRA format (output as csv)'!A:A,'FRA format (output as csv)'!B:B,"") -> M | D9: =_xlfn.XLOOKUP(A9,Calculation!A:A,Calculation!C:C,"") -> Keswick AC | E9: =_xlfn.XLOOKUP(A9,Calculation!A:A,Calculation!E:E,"") -> 0.0665625
A10: 8 | B10: =_xlfn.XLOOKUP(A10,Calculation!A:A,Calculation!B:B,"") -> Andrew Bromley | C10: =_xlfn.XLOOKUP(B10,'FRA format (output as csv)'!A:A,'FRA format (output as csv)'!B:B,"") -> M40 | D10: =_xlfn.XLOOKUP(A10,Calculation!A:A,Calculation!C:C,"") -> Netherhall AC | E10: =_xlfn.XLOOKUP(A10,Calculation!A:A,Calculation!E:E,"") -> 0.067326389
A11: 9 | B11: =_xlfn.XLOOKUP(A11,Calculation!A:A,Calculation!B:B,"") -> Joseph Fell | C11: =_xlfn.XLOOKUP(B11,'FRA format (output as csv)'!A:A,'FRA format (output as csv)'!B:B,"") -> M | D11: =_xlfn.XLOOKUP(A11,Calculation!A:A,Calculation!C:C,"") -> Eden Runners | E11: =_xlfn.XLOOKUP(A11,Calculation!A:A,Calculation!E:E,"") -> 0.068125
A12: 10 | B12: =_xlfn.XLOOKUP(A12,Calculation!A:A,Calculation!B:B,"") -> Ed Gamble | C12: =_xlfn.XLOOKUP(B12,'FRA format (output as csv)'!A:A,'FRA format (output as csv)'!B:B,"") -> M60 | D12: =_xlfn.XLOOKUP(A12,Calculation!A:A,Calculation!C:C,"") -> Keswick AC | E12: =_xlfn.XLOOKUP(A12,Calculation!A:A,Calculation!E:E,"") -> 0.068923611
